Workbook
Name _Toc239512525: 'TABLA 7 ESTRUCTURA PROGRAMÁTICA'!$A$1

Sheet TABLA 7 ESTRUCTURA PROGRAMÁTICA
A1: Tabla 7. Estructura Básica de las Acciones Operativas del Plan de Acción
B3: CORPORACIÓN AUTONOMA REGIONAL DEL CESAR "CORPOCESAR"
A5: COMPONENTES DEL PGAR | B5: (3) META FISICA ANUAL (Según unidad de medida)
A6: LINEA ESTRATÉGICA | B6: PROGRAMA | C6: PROYECTOS | D6: ACTIVIDADES/ METAS | E6: METAS FÍSICAS | I6: TOTAL METAS FISICAS | J6: UNIDAD DE MEDIDA DE LA ACTIVIDAD
E7: 2020 | F7: 2021 | G7: 2022 | H7: 2023
B8: 1. RESTAURACIÓN ECOLÓGICA VERIFICABLE Y SUSTENTABLE | C8: 1.1. Gestión e implentación de acciones integrales para la restauración ecológica en el departamento del Cesar | D8: 1.1.1 Identificación y priorización de las zonas prioritarias para restaurar y recuperar en las 5 ERE del departamento | E8: 1 | F8: 2 | G8: 2 | H8: 0 | I8: =SUM(E8:H8) -> 5 | J8: No. | K8: ERE con zonas identificadas y priorizadas para restaurar y recuperar.
D9: 1.1.2 Formulación e implementación de proyectos de Restauración Ecológica Integral | E9: 0 | F9: 1 | G9: 0 | H9: 1 | I9: =SUM(E9:H9) -> 2 | J9: No. | K9: Proyectos de restauración Ecologica Integral - REI- gestionados y en implementaciòn.
D10: 1.1.3 Monitoreo, seguimiento y evaluaciòn de las acciones de REI en implementaciòn | E10: 0 | F10: 1 | G10: 0 | H10: 1 | I10: =SUM(E10:H10) -> 2 | J10: No. | K10: Sistema de monitoreo y reporte implementado por proyecto.
D11: 1.1.4 Reporte, comunicación y divulgación de la evolución del proceso de REI. | E11: 0 | F11: 1 | G11: 0 | H11: 1 | I11: =SUM(E11:H11) -> 2
A12: 1. GESTIÓN PARA EL DESARROLLO AMBIENTAL SOSTENIBLE A TRAVES DE LA RECUPERACIÓN Y CONSERVACIÓN DE LAS ECORREGIONES ESTRATÉGICAS. | C12: 1.2 Coordinación y Desarrollo de portafolios de sistemas sostenibles de conservación - SSC- (conservación, restauración, manejo sostenible, agroforestales, reconversión productiva) en el departamento del Cesar | D12: 1.2.1 Coordinación, concienciación de actores entorno al proceso de visión de sistemas sostenibles de conservación -SSC- | E12: 1 | F12: 1 | G12: 1 | H12: 0 | I12: =SUM(E12:H12) -> 3 | J12: No. | K12: Grupos de actores conformados para el desarrollo del SSC
D13: 1.2.2 Diseño conjunto de un modelo y estrategias para la implementación de SSC | E13: 30 | F13: 70 | G13: 0 | H13: 0 | I13: =SUM(E13:H13) -> 100 | J13: % | K13: Porcentaje de avance del modelo de SSC
D14: 1.2.3 Gestión sinérgica para la promoción y creación de capacidad técnica para la implementación del manejo SSC. | E14: 0 | F14: 1 | G14: 1 | H14: 1 | I14: =SUM(E14:H14) -> 3 | J14: No. | K14: Grupos asistidos técnicamente
D15: 1.2.4 Apoyo a la implementación, seguimiento y evaluación de proyectos pilotos y/o estratégicos de SSC. | E15: 0 | F15: 2 | G15: 2 | H15: 1 | I15: =SUM(E15:H15) -> 5 | J15: No. | K15: Proyectos formulados y apoyados con seguimiento y evaluación.
B17: 2. GESTIÓN INTEGRAL DEL RIESGO AMBIENTAL, CLIMÁTICO, Y DEL RECURSO HÍDRICO. | C17: 2.1 Implementación y evaluación de acciones del Plan Integral de Gestión de Cambio Climático -PIGCC- Territorial del Cesar | D17: 2.1.1 Gestión e implementación de Estrategias y/o Proyectos de mitigación y adaptación al cambio climático, en el marco de los planteamientos del -PIGCC- Territorial del Cesar | E17: 2 | F17: 3 | G17: 5 | H17: 5 | I17: =SUM(E17:H17) -> 15 | J17: No. | K17: No. de estrategias y/o proyectos del PIGCC, implementados o promovidos
D18: 2.1.2 Implementación del SIA de cambio climático dptal y apoyo efectivo al sistema de Registro Nacional de Reducción de Emisiones de Gases de Efecto Invernadero - RENARE | E18: 0 | F18: 20 | G18: 70 | H18: 100 | I18: 100 | J18: % | K18: Avance del SIA -CC y apoyo a RENARE
D19: 2.1.3 Fortalecimiento de la participación y gestión de Corpocesar, en el nodo Regional de Cambio Climático -NRCC- del Caribe | E19: 100 | F19: 100 | G19: 100 | H19: 100 | I19: 100 | J19: % | K19: Agenda intersectorial del NRCC Caribe articulada y apoyada.
C21: 2.2 Implementación de acciones para la operación de la EDANA en el área de jurisdicción de Corpocesar. | D21: 2.2.1 Gestión para la implementación de la Metodología que permita al sector ambiente realizar una evaluación de daños y necesidades ambientales -EDANA en zonas continentales impactadas por desastres naturales, socionaturales y/o antrópicos | E21: 20 | F21: 80 | G21: 100 | H21: 0 | I21: 100 | J21: % | K21: Adopción de la Metodología EDANA
D22: 2.2.2 Implementación PILOTO de EDANA en zona priorizada | E22: 0 | F22: 20 | G22: 80 | H22: 0 | I22: 100 | J22: % | K22: Avance del piloto EDANA
D23: 2.2.3 Diseño, Gestión e institucionalización operativa de EDANA Corpocesar. | E23: 0 | F23: 0 | G23: 0.5 | H23: 0.5 | I23: 1 | J23: No. | K23: EDANA en operación
C25: 2.3 Gestión de conocimiento e implementación de medidas para la reducción del riesgo ambiental en áreas prioritarias del dpto. del Cesar. | D25: 2.3.1 Gestión y ejecución de Acciones de conocimiento para la reducción del riesgo asociado al cambio climático, enmarcadas en la GRD. (Estudios de detalle) | E25: 1 | F25: 1 | G25: 1 | H25: 0 | I25: 3 | J25: No. | K25: Acciones de conocimiento del riesgo ejecutadas
D26: 2.3.2 Gestión e implementación de Medidas estructurales y/o proyectos para la REDUCCION del riesgo | E26: 10 | F26: 90 | G26: 100 | H26: 0 | I26: 100 | J26: Porcentaje | K26: Medidas estructurales ejecutadas
D27: 2.3.3 Gestión, implementación y evaluación de Medidas no estructurales y/o proyectos para la REDUCCION del riesgo | E27: 0 | F27: 1 | G27: 2 | H27: 2 | I27: 5 | J27: No. | K27: Medidas no estructurales ejecutadas
E28: 0 | F28: 1 | G28: 2 | H28: 2 | I28: 5 | J28: No. | K28: Medidas no estructurales evaluadas
C30: 2.4 Gestión integral del recurso hídrico y materialización de la ZOAT en el area de jurisdiccion de Corpocesar. | D30: 2.4.1 Desarrollo de instrumentos de planificación y administración del recurso hídrico, y contribución a la ejecución de Plan Hídrico Nacional -PHN- fase III, en el marco de la PNGIRH. | E30: 0 | F30: 1 | G30: 2 | H30: 1 | I30: =SUM(E30:H30) -> 4 | J30: No. | K30: Fases de nuevos POMCAS adelantadas (4 fases)
E31: 4 | F31: 8 | G31: 8 | H31: 8 | I31: 28 | J31: No. | K31: Acciones de POMCA implementadas (componentes de la fase 4)
E32: 8 | F32: 8 | G32: 8 | H32: 8 | I32: 8 | J32: no | K32: POMCA con seguimiento, coordinación y evaluación/año
E33: 0 | F33: 1 | G33: 1 | H33: 1 | I33: 3 | J33: No. | K33: Nuevas Fases de los PMA de Microcuenca formulados.
E34: 0 | F34: 1 | G34: 2 | H34: 2 | I34: 5 | J34: No. | K34: Acciones de PMA de Microcuencas Implementadas/año
E35: 1 | F35: 2 | G35: 2 | H35: 2 | I35: 7 | K35: Acciones de PMA de Acuíferos Implementadas/año
E36: 0 | F36: 1 | G36: 1 | H36: 1 | I36: 3 | J36: No. | K36: Otras acciones de planeación y gestión de Acuíferos Implementadas/año
D37: 2.4.2 Gestión, formulación e Implementación de PORH. | E37: 0 | F37: 0 | G37: 0.5 | H37: 1 | I37: 1 | J37: No. | K37: Nuevo PORH formulado (S/. Prioridad)
E38: 1 | F38: 3 | G38: 3 | H38: 3 | I38: 10 | J38: No. | K38: Acciones de PORH implementadas/plan (R. Cesar, Calenturitas y Chiriaimo).
D39: 2.4.3 Control, seguimiento y apoyo a implementación de los PSMV y PUEAA aprobados por la Corporación e implementación de acciones para el uso eficiente y descontaminación del recurso hídrico en el dpto. del Cesar. (armonización con proyecto 4.1) | E39: 25 | F39: 25 | G39: 25 | H39: 25 | I39: 25 | J39: No. | K39: PSMV´s con seguimiento/año
E40: 1 | F40: 1 | G40: 1 | H40: 1 | I40: 4 | J40: No. | K40: STAR apoyados (medida estructural y no estructural para disminuir la contaminación hídrica)/año
E41: 100 | F41: 100 | G41: 100 | H41: 100 | I41: 100 | J41: % | K41: Cobertura de PUEAA con seguimiento (PUEAA seguimiento/Aprobados)
D42: 2.4.4 Acotamiento de rondas hídricas e incorporación a las Determinantes ambientales (Cuerpos de agua priorizados: R. Guatapurí no 1). Armonización con el proyecto 3.1 | E42: 0 | F42: 0.3 | G42: 0.7 | H42: 1 | I42: 2 | J42: No. | K42: Ronda hídrica acotada/año
D43: 2.4.5 Estructuración e implementación de una estrategia integral para la recuperación de ecosistemas en la cuenca del río Cesar (tipo APP). En armonía con el programa 5 y la actividad 2.4.2 | E43: 10 | F43: 30 | G43: 60 | H43: 40 | I43: 100 | J43: % | K43: Avance de la Estrategia integral estructurada e implementada
D44: 2.4.6 Instalación de las denominadas "plataformas colaborativas" con el MADS, para la articulación de inversiones y acciones para la recuperación de ecosistemas degradados en torno a cuencas hidrográficas. | E44: 1 | F44: 1 | G44: 1 | H44: 1 | I44: 1 | J44: No. | K44: Plataforma colaborativa CAR-MADS, en operación
B46: 3. OCUPACIÓN TERRITORIAL INTEGRAL | C46: 3.1 Fortalecimiento del proceso de Ordenamiento Territorial como estrategia para promover el desarrollo terrirorial sostenible, en el dpto del Cesar. | D46: 3.1.1 Actualización de las determinantes ambientales para el Ordenamiento territorial (énfasis en cambio climático, GRD, suelo suburbano, EEP) | E46: 50 | F46: 100 | G46: 0 | H46: 0 | I46: 100 | J46: % | K46: Avance de Determinantes Ambientales revisadas, actualizadas y socializadas
D47: 3.1.2 Socialización y divulgación de las DA para el OT (cartografía temática compartida) | E47: 0 | F47: 100 | G47: 0 | H47: 0 | I47: 100
D48: 3.1.3 Fortalecimiento operativo del proceso de evaluación (verificación de componentes claves del diagnóstico territorial descrito en el DTS del proyecto de revisión y/o ajuste del POT). | E48: 100 | F48: 100 | G48: 100 | H48: 100 | I48: 100 | J48: % | K48: Diagnósticos relevantes del DTS de proyectos de ajustes verificados
D49: 3.1.4 Control, Seguimiento y evaluación de los asuntos ambientales concertados en el proceso de revisión y/o ajustes de los POT, PBOT y EOT del Cesar | E49: 100 | F49: 100 | G49: 100 | H49: 100 | I49: 100 | J49: % | K49: Actos administrativos del proceso, con seguimiento, control y evaluación
C51: 3.2 Asistencia técnica a todos los municipios de la jurisdicción en los procesos de revisión y ajuste de los POT, siguiendo guias del SINA | D51: 3.2.1Capacitación o asistencia técnica a los ETM, en todos los temas asociados al proceso de revisión de los POT (incluye perfil climático municipal y gestión del CC, GRD, desarrollo urbano sostenible, Expediente municipal del POT, UPR, planes parciales). | E51: 25 | F51: 25 | G51: 25 | H51: 25 | I51: 25 | J51: No. | K51: ETM asitidos
D52: 3.2.2 Apoyo y orientación a demás actores del proceso de revisión y ajuste de los POT (CTP, concejales, gremios, IGAC). | E52: 100 | F52: 0 | G52: 100 | H52: 0 | I52: 100 | J52: % | K52: Actores asistidos
D53: 3.2.3 Apoyo a los municipios PDET en la Incorporación de la zonificación ambiental en la planeación del desarrollo territorial (POT y PDM) | E53: 8 | F53: 0 | G53: 8 | H53: 0 | I53: 8 | J53: No. | K53: Municipios PDET asistidos
D54: 3.2.4 Apoyo al SIG municipal a través del suministro de cartografía temática producida en Corpocesar por ETM. | E54: 100 | F54: 100 | G54: 100 | H54: 100 | I54: 100 | J54: % | K54: SIG Municipal con temática de OAT apoyados
A55: 1. GESTIÓN PARA EL DESARROLLO AMBIENTAL SOSTENIBLE A TRAVES DE LA RECUPERACIÓN Y CONSERVACIÓN DE LAS ECORREGIONES ESTRATÉGICAS.
C56: 3.3 Implementación de un sistema de relacionamiento interinstitucional en el proceso de planeación del desarrollo y evaluación de los modelos de ocupación adoptados | D56: 3.3.1 Gestión para la creación de una estrategia de relacionamiento interinstitucional de OT subregional e interregional (Área Metropolitana, Gobernación, RAP, IGAC, CAR vecinas, CEI-COT, MVCT, MADR, cabildos). | E56: 0 | F56: 1 | G56: 0 | H56: 1 | I56: 1 | J56: No. | K56: Estrategia interinstitucional de OT implementada.
D57: 3.3.2 Evaluación de modelos de ocupación y valoración de SE arrojados por los procesos de OAT y satisfacción de demandas sociales (Vivienda, SSPD, movilidad, Catastro, etc.) | E57: 0 | F57: 0 | G57: 1 | H57: 0 | I57: 1 | J57: No. | K57: Sistema de indicadores sociales asociados al OT, estructurado
B59: 4. PRODUCTIVIDAD SOSTENIBLE y BIODIVERCIUDAD : integrando lo SECTORIAL y lo URBAno | C59: 4.1 Gestión, coordinación, e implementación de políticas locales de resiliencia y sostenibilidad ambiental urbana en el área de jurisdicción de Corpocesar. | D59: 4.1.1 Optimización del proceso de construcción y reporte de ICAU/PGAU ((aire, movilidad, SSPD, CC, PGIR, PSMV, PUEAA, Etc) | E59: 100 | F59: 100 | G59: 100 | H59: 100 | I59: 100 | J59: % | K59: Reporte de Norma transmitido
D60: 4.1.2 Participación en el proceso de ajuste de la Política de Gestión ambiental urbana y desarrollo de indicadores en conjunto con el MADS- DAASU-. | E60: 100 | F60: 100 | G60: 100 | H60: 100 | I60: 100 | J60: % | K60: Participación institucional a convocatorias del MADS-DAASU-
D61: 4.1.3 Gestión para la Incorporación de la biodiversidad y servicios ecosistémicos en la planificación urbana a través del ordenamiento ambiental del territorio (GAU). | E61: 0 | F61: 1 | G61: 0 | H61: 0 | I61: 1 | J61: No. | K61: Política pública de GAU socializada e incorporada a las DA
C63: 4.2 Gestión y apoyo regional a la implementación de la estrategia nacional de Economía circular y economía ambiental para la producción sostenible. | D63: 4.2.1 Promoción del aprovechamiento y valorización de residuos sólidos en el marco de los PGIRS. (incluye Socialización de esquemas de posconsumo y campañas conjuntas con los sistemas en el marco de educación para la gestión responsable de los residuos) | E63: 2 | F63: 2 | G63: 2 | H63: 2 | I63: 8 | J63: No. | K63: Campañas educativas realizadas
D64: 4.2.2 Apoyo a la implementación de acciones para el desarrollo de la economía circular en el manejo de los residuos sólidos (proyectos pilotos) | E64: 0 | F64: 2 | G64: 2 | H64: 1 | I64: 5 | J64: No. | K64: Proyectos pilotos apoyados
D65: 4.2.3 Participación en Mesas Regionales de Economía Circular en el marco de las Comisiones Regionales de Competitividad. | E65: 100 | F65: 100 | G65: 100 | H65: 100 | I65: 100 | J65: % | K65: Participación en CRC
D66: 4.2.4 Acompañamiento al proceso de actualización de los PGIRS, para garantizar inclusión de proyectos de aprovechamiento de residuos y seguimiento a la implementación | E66: 25 | F66: 25 | G66: 25 | H66: 25 | I66: 25 | J66: No. | K66: PGIRS apoyados y con seguimiento
E67: 0 | F67: 100 | G67: 100 | H67: 100 | I67: 100 | J67: % | K67: PGIRS evaluados
A68: 1. GESTIÓN PARA EL DESARROLLO AMBIENTAL SOSTENIBLE A TRAVES DE LA RECUPERACIÓN Y CONSERVACIÓN DE LAS ECORREGIONES ESTRATÉGICAS. | D68: 4.2.5 Apoyo al desarrollo de Proyectos pilotos de eliminación de plásticos de un solo uso. (hoteles, restaurantes y similares) | E68: 0 | F68: 1 | G68: 1 | H68: 1 | I68: 3 | J68: No. | K68: Proyectos pilotos apoyados
D69: 4.2.6 Gestión para la implementación de proyectos pilotos de biocomercio y turismo rural en ecorregiones estratégicas. | E69: 1 | F69: 1 | G69: 1 | H69: 1 | I69: 4 | J69: No. | K69: Proyectos pilotos apoyados
C71: 4.3 Apropiación de la Ciencia ambiental y de la tecnología para promover la producción sostenible en el dpto. del Cesar. | D71: 4.3.1 Conocimiento de potencialidad, promoción y apoyo a la implementación de proyectos de Energías renovables | E71: 0 | F71: 1 | G71: 1 | H71: 1 | I71: 3 | J71: No. | K71: Proyectos de energías renovables promovidos y/o en desarrollo
D72: 4.3.2 Promoción de procesos de mitigación y adaptación al cambio climático en Sectores productivos (Minería, agropecuario y comercio) | E72: 0 | F72: 1 | G72: 1 | H72: 1 | I72: 3 | J72: No. | K72: Lineamientos establecidos/ sector
D73: 4.3.3 Valoración económica ambiental y cuantificación del capital natural en el PIB dptal. | E73: 0 | F73: 0 | G73: 100 | H73: 0 | I73: 100 | J73: % | K73: Avance de estudio
A74: 1. GESTIÓN PARA EL DESARROLLO AMBIENTAL SOSTENIBLE A TRAVES DE LA RECUPERACIÓN Y CONSERVACIÓN DE LAS ECORREGIONES ESTRATÉGICAS. | D74: 4.3.4 Participación en procesos intersectoriales de Salud Ambiental de los COTSA, a través de las mesas técnicas conformadas. | E74: 100 | F74: 100 | G74: 100 | H74: 100 | I74: 100 | J74: % | K74: Participación en Mesas técnicas
D75: 4.3.5 Apoyo a la Implementación la Política Integral de Salud Ambiental a nivel territorial, desde las competencias de las CAR. | E75: 20 | F75: 80 | G75: 0 | H75: 0 | I75: 100 | J75: % | K75: Avance de la política territorial de Salud ambiental
C77: 4.4 Gestión integral del suelo para la recuperación de este recurso natural en el departamento del Cesar. | D77: 4.4.1 Implementación de las acciones planteadas en el PAR para mitigar los efectos de la desertificación y la sequía en armonía con el proyecto 1.1 (estrategia de reforestación, restauración, agricultura y ganadería sostenible, estufas ecológicas, monitoreo). | E77: 1 | F77: 2 | G77: 2 | H77: 1 | I77: 6 | J77: No. | K77: Acciones del PAR ejecutadas
D78: 4.4.2 Generación de espacios académicos para el conocimiento del recurso suelo (posibles alianzas con la academia) | E78: 1 | F78: 1 | G78: 1 | H78: 0 | I78: 3 | J78: No. | K78: Espacios académicos realizados
D79: 4.4.3 Actualizar e implementar el plan de gestión Integral de residuos peligrosos en el marco de la política RESPEL junto al cumplimiento de la Directiva ministerial 2019 | E79: 0 | F79: 1 | G79: 0 | H79: 0 | I79: 1 | J79: No. | K79: Plan RESPEL revisado y actualizado
D80: 4.4.4 Mejoramento del proceso de validación de información del Registro de Generadores de RESPEL y del Inventario Nacional de PCB | E80: 100 | F80: 100 | G80: 100 | H80: 100 | I80: 100 | J80: % | K80: Nivel de Registro RESPEL
D81: 4.4.5 Capacitación y desarrollo de campañas a los diferentes actores sobre el manejo ambientalmente racional de RESPEL y fortalececimiento de las actividades de IVC a generadores e instalaciones licenciadas | E81: 1 | F81: 1 | G81: 1 | H81: 1 | I81: 4 | J81: No. | K81: Capacitación y/o campañas/año
C83: 4.5 Gestión integral del recurso aire, articulada a la prioridad regional del MADS, en áreas estratégicas del dpto del Cesar. | D83: 4.5.1 Territorialización de la Estrategia Nacional de Calidad del Aire (fortalecimiento del proceso regional del SEVCA - Corpocesar) | E83: 1 | F83: 0 | G83: 0 | H83: 0 | I83: 1 | J83: No. | K83: Estrategia Nal implementada a nivel regional
D84: 4.5.2 Optimización y Fortalecimento del Sistema de Moniterio de Calidad de Aire del Cesar. (acreditación, dotación, técnicas y operación de la red, cobertura y sostenibiidad) | E84: 25 | F84: 75 | G84: 100 | H84: 100 | I84: 100 | J84: % | K84: Avance de optimización de la Red
D85: 4.5.3 Diseño e implementación de plan de prevención, control y reduccion de la contaminación del aire, en municipios con población igual o superior a 150.000 habitantes y zonas industriales o mineras de alto impacto. (armonizado a la PGAU). | E85: 1 | F85: 1 | G85: 1 | H85: 1 | I85: 1 | J85: No. | K85: Plan de reducción y prevención en ejecución
D86: 4.5.4 Control y monitoreo de fuentes móviles y áreas fuentes en áreas estratégicas de la jurisdicción. (implementación de fuentes móviles de control) | E86: 0 | F86: 10 | G86: 50 | H86: 100 | I86: 100 | J86: % | K86: Cobertura de áreas fuentes monitoreadas
E87: 0 | F87: 1 | G87: 1 | H87: 1 | I87: 1 | J87: No. | K87: FM en operación (equipo, RH y vehículo).
D88: 4.5.5 Identificación, control y seguimiento a fuentes fijas de emisión | E88: 0 | F88: 1 | G88: 0 | H88: 0 | I88: 1 | J88: No. | K88: Estudio realizado
E89: 10 | F89: 30 | G89: 50 | H89: 70 | I89: 70 | J89: % | K89: Control y seguimiento
D90: 4.5.6 Gestión, comunicación y evaluación interinstitucional de la información de la CA. | E90: 100 | F90: 100 | G90: 100 | H90: 100 | I90: 100 | J90: % | K90: SIA de Aire operando con efectividad
D91: 4.5.7 Evaluación de las estaciones de monitoreo de CA de la jurisdicción para verificar cumplimiento a la meta del PND 2018-2022 y/o rediseñar estrategias de prevención y control. | E91: 1 | F91: 1 | G91: 1 | H91: 1 | I91: 4 | J91: No. | K91: Evaluación/año
A93: 1. GESTIÓN PARA EL DESARROLLO AMBIENTAL SOSTENIBLE A TRAVES DE LA RECUPERACIÓN Y CONSERVACIÓN DE LAS ECORREGIONES ESTRATÉGICAS. | B93: 5. PROTECCION DE LA BIODIVERSIDAD PARA sostenibilidad de servicios ecosistèmicos y SUSTENTABILIDAD DEL DESARROLLO | C93: 5.1 Gestión e implementación de estrategias para la recuperación y conservación de la flora y fauna en el Departamento del Cesar, en armonía con el proyecto 1.2 | D93: 5.1.1 Acciones para la implementación de Proyectos de PSA en áreas de interés en el marco del Programa Nacional de PSA. (meta nacional: 260.000 Ha PSA) | E93: 1 | F93: 1 | G93: 1 | H93: 1 | I93: 4 | J93: No. | K93: Acciones coordinadas
D94: 5.1.2 Gestión de Áreas bajo esquemas de Pagos por Servicios Ambientales (PSA) e incentivos a la conservación: fortalecimiento de capacidades, instrumentación jurídica, gestión y articulación institucional, evaluación y seguimiento, y sostenibilidad financiera. | E94: 5 | F94: 10 | G94: 25 | H94: 20 | I94: 60 | J94: Ha | K94: Áreas bajo esquemas de PSA e incentivos a la conservación
E95: 1 | F95: 2 | G95: 2 | H95: 2 | I95: 7 | J95: No. | K95: PSA en sistemas productivos
D96: 5.1.3 Implementación de estrategia enfocada a la bioeconomía para la sostenibilidad productiva en el uso de los recursos naturales (conservación de los ecosistemas estratégicos en armonía con el proyecto 1.1) | E96: 0 | F96: 1 | G96: 0 | H96: 0 | I96: 1 | J96: No. | K96: Lineamientos estratégicos sostenibles formulados y con seguimiento y evaluación
D97: 5.1.4 Formulación e implementación del Plan Departamental de Negocios Verdes | E97: 0 | F97: 1 | G97: 1 | H97: 1 | I97: 1 | J97: No. | K97: Plan formulado e implementado
D98: 5.1.5 Implementación y/o fortalecimiento de las ventanillas de negocios verdes y articulación con los incentivos existentes. | E98: 11 | F98: 25 | G98: 11 | H98: 12 | I98: 59 | J98: No. | K98: Negocios verdes identificados y verificados (meta MADS: 1.865 negocios)
E99: 1 | F99: 1 | G99: 1 | H99: 1 | I99: 4 | J99: No. | K99: Negocios verdes apoyados
C101: 5.2 Implementación de la estrategia de control integral en los núcleos de deforestación priorizados en el Cesar, (en coordinación institucional con el MADS). | D101: 5.2.1 Apoyo al IDEAM en monitoreo y seguimiento a los agentes y causas de deforestación | E101: 100 | F101: 100 | G101: 100 | H101: 100 | I101: 100 | J101: % | K101: Participación requerida apoyada
D102: 5.2.2 Formulación conjunta con el MADS, de portafolio de proyectos en núcleos activos de deforestación, y gestión e implementación. | E102: 1 | F102: 0 | G102: 0 | H102: 0 | I102: 1 | J102: No. | K102: Portafolio de proyectos coordinado y formulado
E103: 0 | F103: 1 | G103: 1 | H103: 1 | I103: 3 | J103: No. | K103: Proyectos gestionados
D104: 5.2.3 Desarrollo de acciones de prevención y control a la deforestación | E104: 100 | F104: 100 | G104: 0 | H104: 0 | I104: 100 | J104: % | K104: Participación requerida en la actualización del marco regulatorio asociado al manejo forestal sostenible
E105: 0 | F105: 20 | G105: 80 | H105: 0 | I105: 100 | J105: % | K105: Avance de Instrumentos de control (SUN-L, Libro de Operaciones) implementado/año
D106: 5.2.4 Ajuste e Implementación de acciones prioritarias del POF del Cesar (armonía con actividad 5.2.2 y 5.2.5) | E106: 0 | F106: 1 | G106: 1 | H106: 1 | I106: 3 | J106: No. | K106: Acciones implementadas
D107: 5.2.5 Establecer proyectos para uso y aprovechamiento forestal comunitarios del bosque que permitan su uso sostenible | E107: 0 | F107: 1 | G107: 0 | H107: 1 | I107: 2 | K107: Número de proyectos establecidos
D108: 5.2.6. Promoción y fortalecimiento de espacios de participación como plataforma de articulación para la promoción de la cultura forestal y reducción de la deforestación | E108: 1 | F108: 1 | G108: 1 | H108: 1 | I108: 4 | K108: Número de reuniones de articulación y armonización de las acciones para la gestión de los bosques
C110: 5.3 Fortalecimiento de gobernanza forestal en la jurisdicción de Corpocesar. | D110: 5.3.1 Registrar con libro de operaciones el 100% de las Empresas forestales en la jurisdicción | E110: 10 | F110: 30 | G110: 60 | H110: 100 | I110: 100 | J110: % | K110: Avance del proceso
D111: 5.3.2 Establecer un proyecto piloto sostenible para la trasformación de la materia prima del bosque, que contribuyan con el uso sostenible de productos maderables y no maderables del bosque | E111: 0 | F111: 1 | G111: 0 | H111: 1 | I111: 2 | J111: No. | K111: Número de proyectos establecidos
D112: 5.3.3 Promover y otorgar los Esquemas de Reconocimiento a la Legalidad a los usuarios del bosque y empresas forestales | E112: 0 | F112: 1 | G112: 1 | H112: 1 | I112: 3 | J112: No. | K112: Esquemas otorgados de Reconocimiento a la Legalidad de usuarios del bosque y de empresas forestales.
D113: 5.3.4 Realizar operativos de control al tráfico de flora. | E113: 2 | F113: 6 | G113: 6 | H113: 6 | I113: 20 | J113: No. | K113: Operativos de control al tráfico de flora
A115: 1. GESTIÓN PARA EL DESARROLLO AMBIENTAL SOSTENIBLE A TRAVES DE LA RECUPERACIÓN Y CONSERVACIÓN DE LAS ECORREGIONES ESTRATÉGICAS. | C115: 5.4 Gestión del SIRAP y/o implementación de otras estrategias de conservación de la biodiversidad y formulación e implementación y apoyo de PM de AP en el dpto. del Cesar. | D115: 5.4.1 Formulación e implementación del PM del DRMI del Complejo Cenagoso de Zapatosa (RAMSAR Zapatosa) | E115: 20 | F115: 80 | G115: 0 | H115: 0 | I115: 100 | J115: % | K115: Plan formulado (avance)
E116: 0 | F116: 2 | G116: 2 | H116: 1 | I116: 5 | J116: No. | K116: Acciones implementadas
D117: 5.4.2 Desarrollo de estudios y procesos para la declaratoria de nuevas APR y/o otras estrategias de la conservación de la biodiversidad. | E117: 0 | F117: 1 | G117: 0 | H117: 0 | I117: 1 | J117: No. | K117: Estudios realizados
...

Sheet TABLA 7a EJEMPLO PONDERACIONES
B2: EJEMPLO GENERAL IDENTIFICACIÓN DE PONDERACIONES Y DE CÁLCULO DE AVANCE DEL PLAN AÑO X
B5: DETERMINACIÓN DEL PORCENTAJE DE AVANCE DEL PLAN DE ACCIÓN EN UN AÑO X
B6: PROGRAMA | C6: PONDERACION DEL PROGRAMA (Ppri) | D6: PROYECTOS | E6: PONDERACIÓN DEL PROYECTO AÑO X (Ppi) | F6: ACTIVIDADES | G6: PONDERACIÓN DE LAS ACTIVIDADES AÑO X ( Pai ) | H6: METAS FÍSICA AÑO X ( Mi ) | I6: UNIDAD DEL MEDIDA DE LA ACTIVIDAD | J6: AVANCE DE META FÍSICA AÑO X ( Ri) | K6: % DE AVANCE ACTIVIDAD (Ai) = (Ri ) / (Mi) X 100 | L6: % DE AVANCE PONDERADO POR ACTIVIDAD (Api)= (Ai) x ( Pai ) | M6: % DE AVANCE PONDERADO POR PROYECTO (% APpi)= sumatoria % de avance ponderados de actividades del proyecto (Api) | N6: Fracción de % de avance ponderado por actividad respecto al Plan total (FApi) = (Ai) x (Pai ) x ( Ppi) x (Ppri)
B8: Programa 1 | C8: 0.3 | D8: Proyecto 1.1 | E8: 0.2 | F8: Actividad 1.1.1 | G8: 0.5 | H8: 30 | I8: hectareas | J8: 20 | K8: =J8/H8*100 -> 66.666667 | L8: =K8*G8 -> 33.333333 | N8: =K8*G8*E$8*C$8 -> 2
F9: Actividad 1.1.2 | G9: 0.5 | H9: 1000 | I9: personas | J9: 950 | K9: =J9/H9*100 -> 95 | L9: =K9*G9 -> 47.5 | N9: =K9*G9*E$8*C$8 -> 2.85
G10: =SUM(G8:G9) -> 1 | M10: =L8+L9 -> 80.833333
D11: Proyecto 1.2 | E11: 0.5 | F11: Actividad 1.2.1 | G11: 0.25 | H11: 5000 | I11: metros | J11: 3500 | K11: =J11/H11*100 -> 70 | L11: =K11*G11 -> 17.5 | N11: =K11*G11*E$11*C$8 -> 2.625
F12: Actividad 1.2.2 | G12: 0.35 | H12: 540 | I12: metros cúbicos | J12: 300 | K12: =J12/H12*100 -> 55.555556 | L12: =K12*G12 -> 19.444444 | N12: =K12*G12*E$11*C$8 -> 2.9166667
F13: Actividad 1.2.3 | G13: 0.4 | H13: 65 | I13: toneladas | J13: 25 | K13: =J13/H13*100 -> 38.461538 | L13: =K13*G13 -> 15.384615 | N13: =K13*G13*E$11*C$8 -> 2.3076923
G14: =SUM(G11:G13) -> 1 | M14: =SUM(L11:L13) -> 52.32906
D15: Proyecto 1.3 | E15: 0.3 | F15: Actividad 1.3.1 | G15: 0.5 | H15: 3 | I15: toneladas | J15: 2 | K15: =J15/H15*100 -> 66.666667 | L15: =K15*G15 -> 33.333333 | N15: =K15*G15*E$15*C$8 -> 3
F16: Actividad 1.3.2 | G16: 0.5 | H16: 100 | I16: personas | J16: 50 | K16: =J16/H16*100 -> 50 | L16: =K16*G16 -> 25 | N16: =K16*G16*E$15*C$8 -> 2.25
E17: =SUM(E8:E16) -> 1 | G17: =SUM(G15:G16) -> 1 | M17: =L15+L16 -> 58.333333
B18: Programa 2 | C18: 0.4 | D18: Proyecto 2.1 | E18: 0.25 | F18: Actividad 2.1.1 | G18: 0.45 | H18: 4 | I18: toneladas | J18: 3 | K18: =J18/H18*100 -> 75 | L18: =K18*G18 -> 33.75 | N18: =K18*G18*E$18*C$18 -> 3.375
F19: Actividad 2.1.2 | G19: 0.15 | H19: 50 | I19: porcentaje | J19: 45 | K19: =J19/H19*100 -> 90 | L19: =K19*G19 -> 13.5 | N19: =K19*G19*E$18*C$18 -> 1.35
F20: Actividad 2.1.3 | G20: 0.4 | H20: 689 | I20: personas | J20: 500 | K20: =J20/H20*100 -> 72.56894 | L20: =K20*G20 -> 29.027576 | N20: =K20*G20*E$18*C$18 -> 2.9027576
G21: =SUM(G18:G20) -> 1 | M21: =SUM(L18:L20) -> 76.277576
D22: Proyecto 2.2 | E22: 0.45 | F22: Actividad 2.2.1 | G22: 0.5 | H22: 400 | I22: Unidades | J22: 300 | K22: =J22/H22*100 -> 75 | L22: =K22*G22 -> 37.5 | N22: =K22*G22*E$22*C$18 -> 6.75
F23: Actividad 2.2.2 | G23: 0.5 | H23: 100 | I23: metros | J23: 90 | K23: =J23/H23*100 -> 90 | L23: =K23*G23 -> 45 | N23: =K23*G23*E$22*C$18 -> 8.1
G24: =SUM(G22:G23) -> 1 | M24: =L22+L23 -> 82.5
D25: Proyecto 2.3 | E25: 0.3 | F25: Actividad 2.3.1 | G25: 0.35 | H25: 45 | I25: metros cúbicos | J25: 35 | K25: =J25/H25*100 -> 77.777778 | L25: =K25*G25 -> 27.222222 | N25: =K25*G25*E$25*C$18 -> 3.2666667
F26: Actividad 2.3.2 | G26: 0.45 | H26: 30 | I26: personas | J26: 25 | K26: =J26/H26*100 -> 83.333333 | L26: =K26*G26 -> 37.5 | N26: =K26*G26*E$25*C$18 -> 4.5
F27: Actividad 2.3.3 | G27: 0.2 | H27: 80 | I27: porcentaje | J27: 70 | K27: =J27/H27*100 -> 87.5 | L27: =K27*G27 -> 17.5 | N27: =K27*G27*E$25*C$18 -> 2.1
E28: =SUM(E18:E27) -> 1 | G28: =SUM(G25:G27) -> 1 | M28: =SUM(L25:L27) -> 82.222222
B29: Programa 3 | C29: 0.3 | D29: Proyecto 3.1 | E29: 0.15 | F29: Actividad 3.1.1 | G29: 0.3 | H29: 90 | I29: toneladas | J29: 80 | K29: =J29/H29*100 -> 88.888889 | L29: =K29*G29 -> 26.666667 | N29: =K29*G29*E$29*C$29 -> 1.2
F30: Actividad 3.1.2 | G30: 0.3 | H30: 4000 | I30: Unidades | J30: 3500 | K30: =J30/H30*100 -> 87.5 | L30: =K30*G30 -> 26.25 | N30: =K30*G30*E$29*C$29 -> 1.18125
F31: Actividad 3.1.3 | G31: 0.4 | H31: 120 | I31: metros | J31: 100 | K31: =J31/H31*100 -> 83.333333 | L31: =K31*G31 -> 33.333333 | N31: =K31*G31*E$29*C$29 -> 1.5
G32: =SUM(G29:G31) -> 1 | M32: =SUM(L29:L31) -> 86.25
D33: Proyecto 3.2 | E33: 0.35 | F33: Actividad 3.2.1 | G33: 0.25 | H33: 7 | I33: metros cúbicos | J33: 6 | K33: =J33/H33*100 -> 85.714286 | L33: =K33*G33 -> 21.428571 | N33: =K33*G33*E$33*C$29 -> 2.25
F34: Actividad 3.2.2 | G34: 0.25 | H34: 45 | I34: toneladas | J34: 40 | K34: =J34/H34*100 -> 88.888889 | L34: =K34*G34 -> 22.222222 | N34: =K34*G34*E$33*C$29 -> 2.3333333
F35: Actividad 3.2.3 | G35: 0.5 | H35: 80 | I35: hectareas | J35: 70 | K35: =J35/H35*100 -> 87.5 | L35: =K35*G35 -> 43.75 | N35: =K35*G35*E$33*C$29 -> 4.59375
G36: =SUM(G33:G35) -> 1 | M36: =SUM(L33:L35) -> 87.400794
D37: Proyecto 3.3 | E37: 0.45 | F37: Actividad 3.3.1 | G37: 0.5 | H37: 150 | I37: Unidades | J37: 120 | K37: =J37/H37*100 -> 80 | L37: =K37*G37 -> 40 | N37: =K37*G37*E$37*C$29 -> 5.4
F38: Actividad 3.3.2 | G38: 0.5 | H38: 100 | I38: personas | J38: 80 | K38: =J38/H38*100 -> 80 | L38: =K38*G38 -> 40 | N38: =K38*G38*E$37*C$29 -> 5.4
G39: =SUM(G37:G38) -> 1 | M39: =L37+L38 -> 80
D40: Proyecto 3.4 | E40: 0.05 | F40: Actividad 3.4.1 | G40: 0.5 | H40: 50 | I40: metros cúbicos | J40: 40 | K40: =J40/H40*100 -> 80 | L40: =K40*G40 -> 40 | N40: =K40*G40*E$40*C$29 -> 0.6
F41: Actividad 3.4.2 | G41: 0.5 | H41: 300 | I41: metros | J41: 250 | K41: =J41/H41*100 -> 83.333333 | L41: =K41*G41 -> 41.666667 | N41: =K41*G41*E$40*C$29 -> 0.625
C42: =SUM(C8:C41) -> 1 | E42: =SUM(E29:E41) -> 1 | G42: =SUM(G40:G41) -> 1 | M42: =L40+L41 -> 81.666667
J44: PROMEDIO [ Ri ] = | K44: =AVERAGE(K8:K41) -> 77.547568 | M44: ∑ FApi = | N44: =SUM(N8:N42) -> 75.377117
J46: PROMEDIO ARITMÉTICO DE AVANCE DEL PLAN AÑO X (promedio de % de avance de actividades (Ai) ) | M46: PROMEDIO PONDERADO DE AVANCE DEL PLAN AÑO X (sumatoria de fracciones de % de avance ponderados de actividades (FApi) )

Sheet ANEXO 1. MATRIZ DE SEGUIMIENTO
A2: ANEXO 1. MATRIZ DE SEGUIMIENTO A LA GESTIÓN Y AVANCE EN LAS METAS FÍSICAS Y FINANCIERAS DEL PLAN DE ACCIÓN.
A3: CORPORACIÓN AUTÓNOMA REGIONAL DEL CESAR - CORPOCESAR MATRIZ DE SEGUIMIENTO DEL PLAN DE ACCIÓN 2016 - 2019 AVANCE EN LAS METAS FÍSICAS Y FINANCIERAS DEL PLAN DE ACCIÓN
A4: VIGENCIA EVALUADA (AÑO): 2020 acumulado 2020-2023 PERIODO EVALUADO (I SEMESTRE): _(2020)
A5: (1) PROGRAMAS - PROYECTOS DEL PLAN 2020-2023 (inserte filas cuando sea necesario) | B5: COMPORTAMIENTO META FISICA PLAN DE ACCION TRIENAL | O5: META FINANCIERA PLAN DE ACCION | U5: (17) OBSERVACIONES | V5: (27) PROGRAMA DE INVERSIÓN PUBLICA A LA QUE APORTA | W5: (28) IMG AL QUE APORTA | X5: (29) ODS AL QUE LE APORTA
B6: (2) UNIDAD DE MEDIDA | C6: (3) META FISICA ANUAL (Según unidad de medida) | D6: (4) AVANCE DE LA META FISICA (Según unidad de medida y Periodo Evaluado) | E6: (5) PORCENTAJE DE AVANCE FISICO % (Periodo Evaluado) ((4/3)*100) | F6: (5-A) DESCRIPCIÓN DEL AVANCE (Se puede describir en texto lo que se desea aclarar del avance númerico respectivo) | G6: (6) PORCENTAJE DE AVANCE PROCESO DE GESTION DE LA META FISICA (aplica unicamente para el informe del primer semestre) | H6: (7) META FISICA PERIODO DEL PLAN (Según unidad de medida) | I6: (8) ACUMULADO DE LA META FISICA (Según unidad de medida) | J6: (9) PORCENTAJE DE AVANCE FISICO ACUMULADO % ((8/7)*100) | K6: (10) PONDERACIONES DE PROGRAMAS Y PROYECTOS (OPCIONAL DE ACUERDO AL PLAN) | L6: % DE AVANCE PONDERADO POR ACTIVIDAD - (Api) | M6: FRACCIÓN DE PORCENTAJE AVANCE PONDERADO POR ACTIVIDAD RESPECTO AL PLAN TOTAL (Fapi) | N6: DETERMINACIÓN DEL PORCENTAJE PONDERADO DE AVANCE DEL PLAN ∑Fapi | O6: (11) META FINANCIERA ANUAL ($) | P6: (12) AVANCE DE LA META FINANCIERA (Recursos comprometidos periodo Evaluado) ($) | Q6: (13) PORCENTAJE DEL AVANCE FINANCIERO % (Periodo Evaluado) ((12/11)*100) | R6: (14) META FINANCIERA PERIODO DEL PLAN ($) | S6: (15) ACUMULADO DE LA META FINANCIERA $ | T6: (16) PORCENTAJE DE AVANCE FINANCIERO ACUMULADO % ((15/14)*100)
A7: ='TABLA 7 ESTRUCTURA PROGRAMÁTICA'!B8 -> 1. RESTAURACIÓN ECOLÓGICA VERIFICABLE Y SUSTENTABLE | K7: 0.2
A8: ='TABLA 7 ESTRUCTURA PROGRAMÁTICA'!C8 -> 1.1. Gestión e implentación de acciones integrales para la restauración ecológica en el departamento del Cesar | E8: =E9*$K9 -> 1 | G8: =G9*$K9 -> 1 | J8: =J9*$K9 -> 1 | K8: 0.6
A9: ='TABLA 7 ESTRUCTURA PROGRAMÁTICA'!D8 -> 1.1.1 Identificación y priorización de las zonas prioritarias para restaurar y recuperar en las 5 ERE del departamento | B9: ='TABLA 7 ESTRUCTURA PROGRAMÁTICA'!K8 -> ERE con zonas identificadas y priorizadas para restaurar y recuperar. | C9: ='TABLA 7 ESTRUCTURA PROGRAMÁTICA'!E8 -> 1 | D9: 1 | E9: =IF(C9=0,"N.A",(D9/C9)*1) -> 1 | F9: Se ha avanzado en la identificación de áreas priorizadas en los POMCAS Guatapurí, Chiriaimo-Manaure y Magiriaimo según la zonificación ambiental de dichos instrumentos para la formulación de proyectos orientados a su restauración | G9: =E9 -> 1 | H9: ='TABLA 7 ESTRUCTURA PROGRAMÁTICA'!I8 -> 5 | I9: =G9 -> 1 | J9: =I9 -> 1 | K9: 1 | L9: =IF(C9=0,E9,(G9*K9)) -> 1 | M9: =IF(L9="N.A","N.A",L9*$K$7*$K$8) -> 0.12 | N9: =IF(M9="N.A",0,0) -> 0 | O9: 100000000 | P9: 8919489 | Q9: =P9/O9 -> 0.08919489 | R9: =O9 -> 100000000 | S9: =O9 -> 100000000 | T9: =S9/R9 -> 1 | V9: 3202 – Conservación de la biodiversidad y sus servicios ecosistémicos. | W9: 15. Porcentaje de áreas de ecosistemas en restauración, rehabilitación y reforestación | X9: 15. Promover el uso sostenible de los ecosistemas terrestres, luchar contra la desertificación, detener e invertir la degradación de las tierras y frenar la pérdida de la diversidad biológica
A10: ='TABLA 7 ESTRUCTURA PROGRAMÁTICA'!D9 -> 1.1.2 Formulación e implementación de proyectos de Restauración Ecológica Integral | B10: ='TABLA 7 ESTRUCTURA PROGRAMÁTICA'!K9 -> Proyectos de restauración Ecologica Integral - REI- gestionados y en implementaciòn. | C10: ='TABLA 7 ESTRUCTURA PROGRAMÁTICA'!E9 -> 0 | D10: 0 | E10: =IF(C10=0,"N.A",(D10/C10)*1) -> N.A | F10: No registra meta para el periodo evaluado. | G10: =E10 -> N.A | H10: ='TABLA 7 ESTRUCTURA PROGRAMÁTICA'!I9 -> 2 | I10: =E10 -> N.A | J10: =I10 -> N.A | K10: 0 | L10: =IF(C10=0,E10,(E10*K10)) -> N.A | M10: =IF(L10="N.A","N.A",L10*$K$7*$K$8) -> N.A | N10: =(IF(M10="N.A",0,M10))+N9 -> 0
A11: ='TABLA 7 ESTRUCTURA PROGRAMÁTICA'!D10 -> 1.1.3 Monitoreo, seguimiento y evaluaciòn de las acciones de REI en implementaciòn | B11: ='TABLA 7 ESTRUCTURA PROGRAMÁTICA'!K10 -> Sistema de monitoreo y reporte implementado por proyecto. | C11: ='TABLA 7 ESTRUCTURA PROGRAMÁTICA'!E10 -> 0 | D11: 0 | E11: =IF(C11=0,"N.A",(D11/C11)*1) -> N.A | F11: No registra meta para el periodo evaluado. | G11: =E11 -> N.A | H11: ='TABLA 7 ESTRUCTURA PROGRAMÁTICA'!I10 -> 2 | I11: =E11 -> N.A | J11: =I11 -> N.A | K11: 0 | L11: =IF(C11=0,E11,(E11*K11)) -> N.A | M11: =IF(L11="N.A","N.A",L11*$K$7*$K$8) -> N.A | N11: =(IF(M11="N.A",0,M11))+N10 -> 0
A12: ='TABLA 7 ESTRUCTURA PROGRAMÁTICA'!D11 -> 1.1.4 Reporte, comunicación y divulgación de la evolución del proceso de REI. | C12: ='TABLA 7 ESTRUCTURA PROGRAMÁTICA'!E11 -> 0 | D12: 0 | E12: =IF(C12=0,"N.A",(D12/C12)*1) -> N.A | F12: No registra meta para el periodo evaluado. | G12: =E12 -> N.A | H12: ='TABLA 7 ESTRUCTURA PROGRAMÁTICA'!I11 -> 2 | I12: =E12 -> N.A | J12: =I12 -> N.A | K12: 0 | L12: =IF(C12=0,E12,(E12*K12)) -> N.A | M12: =IF(L12="N.A","N.A",L12*$K$7*$K$8) -> N.A | N12: =(IF(M12="N.A",0,M12))+N11 -> 0
A13: AVANCE | J13: =I13 -> 0 | L13: =SUM(L9:L12) -> 1 | M13: =IF(L13="N.A","N.A",L13*$K$7*$K$8) -> 0.12
A14: 1. RESTAURACIÓN ECOLÓGICA VERIFICABLE Y SUSTENTABLE | K14: 0.2
A15: ='TABLA 7 ESTRUCTURA PROGRAMÁTICA'!C12 -> 1.2 Coordinación y Desarrollo de portafolios de sistemas sostenibles de conservación - SSC- (conservación, restauración, manejo sostenible, agroforestales, reconversión productiva) en el departamento del Cesar | E15: =E16*$K16+E17*$K17 -> 1 | G15: =G16*$K16+G17*$K17 -> 1 | J15: =J16*$K16+J17*$K17 -> 1 | K15: 0.4
A16: ='TABLA 7 ESTRUCTURA PROGRAMÁTICA'!D12 -> 1.2.1 Coordinación, concienciación de actores entorno al proceso de visión de sistemas sostenibles de conservación -SSC- | B16: ='TABLA 7 ESTRUCTURA PROGRAMÁTICA'!K12 -> Grupos de actores conformados para el desarrollo del SSC | C16: ='TABLA 7 ESTRUCTURA PROGRAMÁTICA'!E12 -> 1 | D16: 1 | E16: =IF(C16=0,"N.A",(D16/C16)*1) -> 1 | F16: De manera conjunta con el programa Riqueza Natural de USAID se avanza en el diseño de un esquema de PSA en la cuenca del río Guatapurí, Manaure, Magiriaimo, Chiriaimo, donde se plantea vincular a los municipios de Valledupar, Manaure, Codazzi, San Diego, a EMDUPAR, entre otros actores. | G16: =E16 -> 1 | H16: ='TABLA 7 ESTRUCTURA PROGRAMÁTICA'!I12 -> 3 | I16: =G16 -> 1 | J16: =I16 -> 1 | K16: 0.5 | L16: =IF(C16=0,G16,(G16*K16)) -> 0.5 | M16: =IF(L16="N.A","N.A",L16*$K$14*$K$15) -> 0.04 | N16: =(IF(M16="N.A",0,M16))+N12 -> 0.04 | O16: 100000000 | P16: 5000000 | Q16: =P16/O16 -> 0.05 | R16: =O16 -> 100000000 | S16: =O16 -> 100000000 | T16: =S16/R16 -> 1 | V16: 3202 – Conservación de la biodiversidad y sus servicios ecosistémicos. | W16: 15. Porcentaje de áreas de ecosistemas en restauración, rehabilitación y reforestación | X16: 15. Promover el uso sostenible de los ecosistemas terrestres, luchar contra la desertificación, detener e invertir la degradación de las tierras y frenar la pérdida de la diversidad biológica
A17: ='TABLA 7 ESTRUCTURA PROGRAMÁTICA'!D13 -> 1.2.2 Diseño conjunto de un modelo y estrategias para la implementación de SSC | B17: ='TABLA 7 ESTRUCTURA PROGRAMÁTICA'!K13 -> Porcentaje de avance del modelo de SSC | C17: ='TABLA 7 ESTRUCTURA PROGRAMÁTICA'!E13 -> 30 | D17: 30 | E17: =IF(C17=0,"N.A",(D17/C17)*1) -> 1 | F17: Se ha avanzado en la identificación de áreas priorizadas en los POMCAS Guatapurí, Chiriaimo-Manaure y Magiriaimo según la zonificación ambiental de dichos instrumentos para la formulacion de proyectos orientados a su restauracion. | G17: =E17 -> 1 | H17: ='TABLA 7 ESTRUCTURA PROGRAMÁTICA'!I13 -> 100 | I17: =E17 -> 1 | J17: =I17 -> 1 | K17: 0.5 | L17: =IF(C17=0,E17,(E17*K17)) -> 0.5 | M17: =IF(L17="N.A","N.A",L17*$K$14*$K$15) -> 0.04 | N17: =(IF(M17="N.A",0,M17))+N16 -> 0.08
A18: ='TABLA 7 ESTRUCTURA PROGRAMÁTICA'!D14 -> 1.2.3 Gestión sinérgica para la promoción y creación de capacidad técnica para la implementación del manejo SSC. | B18: ='TABLA 7 ESTRUCTURA PROGRAMÁTICA'!K14 -> Grupos asistidos técnicamente | C18: ='TABLA 7 ESTRUCTURA PROGRAMÁTICA'!E14 -> 0 | D18: 0 | E18: =IF(C18=0,"N.A",(D18/C18)*1) -> N.A | F18: No registra meta para el periodo evaluado. | G18: =E18 -> N.A | H18: ='TABLA 7 ESTRUCTURA PROGRAMÁTICA'!I14 -> 3 | I18: =E18 -> N.A | J18: =I18 -> N.A | K18: 0 | L18: =IF(C18=0,E18,(E18*K18)) -> N.A | M18: =IF(L18="N.A","N.A",L18*$K$14*$K$15) -> N.A | N18: =(IF(M18="N.A",0,M18))+N17 -> 0.08
A19: ='TABLA 7 ESTRUCTURA PROGRAMÁTICA'!D15 -> 1.2.4 Apoyo a la implementación, seguimiento y evaluación de proyectos pilotos y/o estratégicos de SSC. | B19: ='TABLA 7 ESTRUCTURA PROGRAMÁTICA'!K15 -> Proyectos formulados y apoyados con seguimiento y evaluación. | C19: ='TABLA 7 ESTRUCTURA PROGRAMÁTICA'!E15 -> 0 | D19: 0 | E19: =IF(C19=0,"N.A",(D19/C19)*1) -> N.A | F19: No registra meta para el periodo evaluado. | G19: =E19 -> N.A | H19: ='TABLA 7 ESTRUCTURA PROGRAMÁTICA'!I15 -> 5 | I19: =E19 -> N.A | J19: =I19 -> N.A | K19: 0 | L19: =IF(C19=0,E19,(E19*K19)) -> N.A | M19: =IF(L19="N.A","N.A",L19*$K$14*$K$15) -> N.A | N19: =(IF(M19="N.A",0,M19))+N18 -> 0.08
A20: AVANCE | J20: =I20 -> 0 | L20: =SUM(L16:L19) -> 1
A21: ='TABLA 7 ESTRUCTURA PROGRAMÁTICA'!B17 -> 2. GESTIÓN INTEGRAL DEL RIESGO AMBIENTAL, CLIMÁTICO, Y DEL RECURSO HÍDRICO. | K21: 0.2
A22: ='TABLA 7 ESTRUCTURA PROGRAMÁTICA'!C17 -> 2.1 Implementación y evaluación de acciones del Plan Integral de Gestión de Cambio Climático -PIGCC- Territorial del Cesar | E22: =E23*$K23+E25*$K25 -> 1 | G22: =G23*$K23+G25*$K25 -> 1 | J22: =J23*$K23+J25*$K25 -> 1 | K22: 0.3
A23: ='TABLA 7 ESTRUCTURA PROGRAMÁTICA'!D17 -> 2.1.1 Gestión e implementación de Estrategias y/o Proyectos de mitigación y adaptación al cambio climático, en el marco de los planteamientos del -PIGCC- Territorial del Cesar | B23: ='TABLA 7 ESTRUCTURA PROGRAMÁTICA'!K17 -> No. de estrategias y/o proyectos del PIGCC, implementados o promovidos | C23: ='TABLA 7 ESTRUCTURA PROGRAMÁTICA'!E17 -> 2 | D23: 4 | E23: 1 | F23: En la presente vigencia la entidad adelantó las siguientes actividades: • Adopción de los Planes de Ordenamiento de Cuencas Hidrográficas de las corrientes Guatapurí (2801-01), Chiriaimo – Manaure (2802-03), Magiriaimo (2802-04), Buturama (2321-01) • Ejecución (actualmente) de destaponamiento de los caños Agua Fría (corregimiento de Candelaria y Sempegua), Corozal (corregimiento de El Guamo) y una zona de la ciénaga de Zapatosa en el Puerto La Mata (corregimiento de La Mata), todo ello en el municipio de Chimichagua, en la cuenca del Bajo Río Cesar – Zapatosa (2805-02) • Elaboración de los estudios previos para la formulación de los POMCAS de las cuencas del Río Cesar Medio (2802-02) y de la quebrada Singararé (2321-03) • Asesoría a 25 municipios para la inclusión del componentes de gestión del riesgo de desastres, aspecto asociado a la gestión de posibles cambios en el comportamiento del clima. | G23: =E23 -> 1 | H23: ='TABLA 7 ESTRUCTURA PROGRAMÁTICA'!I17 -> 15 | I23: =E23 -> 1 | J23: =I23 -> 1 | K23: 0.5 | L23: =IF(C23=0,E23,(E23*K23)) -> 0.5 | M23: =IF(L23="N.A","N.A",L23*$K$21*$K$22) -> 0.03 | N23: =(IF(M23="N.A",0,M23))+N19 -> 0.11 | O23: =300000000+10550000+14171666 -> 324721666 | P23: =10550000+150000000+12993333 -> 173543333 | Q23: =P23/O23 -> 0.53443718 | R23: =O23 -> 324721666 | S23: =O23 -> 324721666 | T23: =S23/R23 -> 1 | V23: 3206 – Gestión del cambio climático para un desarrollo bajo en carbono y resiliente al clima. | W23: 7. Porcentaje de entes territoriales asesorados en la incorporación, planificación y ejecución de acciones relacionadas con cambio climático en el marco de los instrumentos de planificación territorial
A24: ='TABLA 7 ESTRUCTURA PROGRAMÁTICA'!D18 -> 2.1.2 Implementación del SIA de cambio climático dptal y apoyo efectivo al sistema de Registro Nacional de Reducción de Emisiones de Gases de Efecto Invernadero - RENARE | B24: ='TABLA 7 ESTRUCTURA PROGRAMÁTICA'!K18 -> Avance del SIA -CC y apoyo a RENARE | C24: ='TABLA 7 ESTRUCTURA PROGRAMÁTICA'!E18 -> 0 | D24: 0 | E24: =IF(C24=0,"N.A",(D24/C24)*1) -> N.A | F24: No registra meta para el periodo evaluado. | G24: =E24 -> N.A | H24: ='TABLA 7 ESTRUCTURA PROGRAMÁTICA'!I18 -> 100 | I24: =E24 -> N.A | J24: =I24 -> N.A | K24: 0 | L24: =IF(C24=0,E24,(E24*K24)) -> N.A | M24: =IF(L24="N.A","N.A",L24*$K$21*$K$22) -> N.A | N24: =(IF(M24="N.A",0,M24))+N23 -> 0.11
A25: ='TABLA 7 ESTRUCTURA PROGRAMÁTICA'!D19 -> 2.1.3 Fortalecimiento de la participación y gestión de Corpocesar, en el nodo Regional de Cambio Climático -NRCC- del Caribe | B25: ='TABLA 7 ESTRUCTURA PROGRAMÁTICA'!K19 -> Agenda intersectorial del NRCC Caribe articulada y apoyada. | C25: ='TABLA 7 ESTRUCTURA PROGRAMÁTICA'!E19 -> 100 | D25: 100 | E25: =IF(C25=0,"N.A",(D25/C25)*1) -> 1 | F25: La Corporación ha participado en todos los eventos que el Nodo Caribe e Insular de Cambio Climático ha organizado a lo largo del presente año, en especial para conocer acerca de los planteamientos de la Contribución Nacionalmente Determinada (NDC), el avance de la ejecución y lo proyectado dentro del Plan Integral de Gestión del cambio Climático Territorial Cesar 2032. Se ha participado activamente, realizando aportes, formulando observaciones y analizando los documentos que se han puesto a consideración de los asistentes a dichas jornadas virtuales. | G25: =E25 -> 1 | H25: ='TABLA 7 ESTRUCTURA PROGRAMÁTICA'!I19 -> 100 | I25: =E25 -> 1 | J25: =I25 -> 1 | K25: 0.5 | L25: =IF(C25=0,E25,(E25*K25)) -> 0.5 | M25: =IF(L25="N.A","N.A",L25*$K$21*$K$22) -> 0.03 | N25: =(IF(M25="N.A",0,M25))+N24 -> 0.14
A26: AVANCE | J26: =I26 -> 0 | L26: =SUM(L23:L25) -> 1
A27: =A21 -> 2. GESTIÓN INTEGRAL DEL RIESGO AMBIENTAL, CLIMÁTICO, Y DEL RECURSO HÍDRICO. | K27: 0.2
A28: ='TABLA 7 ESTRUCTURA PROGRAMÁTICA'!C21 -> 2.2 Implementación de acciones para la operación de la EDANA en el área de jurisdicción de Corpocesar. | E28: =E29*$K29 -> 0.25 | J28: =J29*$K29 -> 0.25 | K28: 0.1
A29: ='TABLA 7 ESTRUCTURA PROGRAMÁTICA'!D21 -> 2.2.1 Gestión para la implementación de la Metodología que permita al sector ambiente realizar una evaluación de daños y necesidades ambientales -EDANA en zonas continentales impactadas por desastres naturales, socionaturales y/o antrópicos | B29: ='TABLA 7 ESTRUCTURA PROGRAMÁTICA'!K21 -> Adopción de la Metodología EDANA | C29: ='TABLA 7 ESTRUCTURA PROGRAMÁTICA'!E21 -> 20 | D29: 5 | E29: =IF(C29=0,"N.A",(D29/C29)*1) -> 0.25 | F29: Al respecto, se ofició al funcionario José Francisco Charry - Director de Cambio Climático y de Gestión del Riesgo del MADS para que se estudiase la posibilidad de dar apoyo a la Corporación para la ejecución de las actividades del proyecto, quien manifestó que se prestaría apoyo, inicialmente, mediante una reunión virtual el día 24 de julio de 2020, en la que la funcionaria Gipsy Arenas encargada del tema en el MADS, expuso la metodología EDANA como un ejercicio que se lleva a cabo sobre una base cartográfica, con la participación de un equipo interdisciplinario. Como producto de dicha reunión, se escogió la evaluación de daño por incendios forestales en la cuenca de los ríos Chiriaimo y Manaure y se solicitó por parte de la funcionaria se le aportara información de la jurisdicción de CORPOCESAR, enviándosele la cartografía del POMCA de los ríos Chiriaimo y Manaure, así como información satelital de la ocurrencia de incendios, como el tema a evaluar con la EDANA. De acuerdo con información facilitada por Néstor Garzón, Coordinador de Gestión de Riesgo de Desastre del MADS, esa entidad ha incluido a CORPOCESAR dentro de las metas institucionales para capacitación, adopción e implementación de la EDANA para 2021, ante el interés manifestado por la Corporación, con lo que se espera avanzar sustancialmente en este tema para la vigencia 2021. | G29: =E29 -> 0.25 | H29: ='TABLA 7 ESTRUCTURA PROGRAMÁTICA'!I21 -> 100 | I29: =E29 -> 0.25 | J29: =I29 -> 0.25 | K29: 1 | L29: =IF(C29=0,E29,(E29*K29)) -> 0.25 | M29: =IF(L29="N.A","N.A",L29*$K$27*$K$28) -> 0.005 | N29: =(IF(M29="N.A",0,M29))+N25 -> 0.145 | O29: 200000000 | P29: 0 | Q29: =P29/O29 -> 0 | R29: =O29 -> 200000000 | S29: =O29 -> 200000000 | T29: =S29/R29 -> 1 | V29: 3206 – Gestión del cambio climático para un desarrollo bajo en carbono y resiliente al clima. | X29: 13. Adoptar medidas urgentes para combatir el cambio climático y sus efectos
A30: ='TABLA 7 ESTRUCTURA PROGRAMÁTICA'!D22 -> 2.2.2 Implementación PILOTO de EDANA en zona priorizada | B30: ='TABLA 7 ESTRUCTURA PROGRAMÁTICA'!K22 -> Avance del piloto EDANA | C30: ='TABLA 7 ESTRUCTURA PROGRAMÁTICA'!E22 -> 0 | D30: 0 | E30: =IF(C30=0,"N.A",(D30/C30)*1) -> N.A | G30: =E30 -> N.A | H30: ='TABLA 7 ESTRUCTURA PROGRAMÁTICA'!I22 -> 100 | I30: =E30 -> N.A | J30: =I30 -> N.A | K30: 0 | L30: =IF(C30=0,E30,(E30*K30)) -> N.A | M30: =IF(L30="N.A","N.A",L30*$K$27*$K$28) -> N.A | N30: =(IF(M30="N.A",0,M30))+N29 -> 0.145
A31: ='TABLA 7 ESTRUCTURA PROGRAMÁTICA'!D23 -> 2.2.3 Diseño, Gestión e institucionalización operativa de EDANA Corpocesar. | B31: ='TABLA 7 ESTRUCTURA PROGRAMÁTICA'!K23 -> EDANA en operación | C31: ='TABLA 7 ESTRUCTURA PROGRAMÁTICA'!E23 -> 0 | D31: 0 | E31: =IF(C31=0,"N.A",(D31/C31)*1) -> N.A | F31: No registra meta para el periodo evaluado. | G31: =E31 -> N.A | H31: ='TABLA 7 ESTRUCTURA PROGRAMÁTICA'!I23 -> 1 | I31: =E31 -> N.A | J31: =I31 -> N.A | K31: 0 | L31: =IF(C31=0,E31,(E31*K31)) -> N.A | M31: =IF(L31="N.A","N.A",L31*$K$27*$K$28) -> N.A | N31: =(IF(M31="N.A",0,M31))+N30 -> 0.145
A32: AVANCE | J32: =I32 -> 0 | L32: =SUM(L29:L31) -> 0.25
A33: =A21 -> 2. GESTIÓN INTEGRAL DEL RIESGO AMBIENTAL, CLIMÁTICO, Y DEL RECURSO HÍDRICO. | K33: 0.2
A34: ='TABLA 7 ESTRUCTURA PROGRAMÁTICA'!C25 -> 2.3 Gestión de conocimiento e implementación de medidas para la reducción del riesgo ambiental en áreas prioritarias del dpto. del Cesar. | E34: =E35*$K35+E36*$K$36 -> 1 | G34: =G35*$K35+G36*$K$36 -> 1 | J34: =J35*$K35 -> 0.5 | K34: 0.3
A35: ='TABLA 7 ESTRUCTURA PROGRAMÁTICA'!D25 -> 2.3.1 Gestión y ejecución de Acciones de conocimiento para la reducción del riesgo asociado al cambio climático, enmarcadas en la GRD. (Estudios de detalle) | B35: ='TABLA 7 ESTRUCTURA PROGRAMÁTICA'!K25 -> Acciones de conocimiento del riesgo ejecutadas | C35: ='TABLA 7 ESTRUCTURA PROGRAMÁTICA'!E25 -> 1 | D35: 1 | E35: =IF(C35=0,"N.A",(D35/C35)*1) -> 1 | F35: Se formuló solicitud de apoyo al MADS para la ejecución de las actividades , enfocadas a la metodología de Adaptación Basada en Ecosistemas (AbE), ya que se tuvo la oportunidad de conocer, de parte de la funcionaria Olga Nieto que el MADS ha avanzado en la definición de metodologías para la evaluación y diseño de medidas de reducción del riesgo de desastres asociados al cambio climático (adaptación basada en ecosistemas, AbE). En respuesta, se tuvo la comunicación 8250-2-20872 del 31 de julio de 2020, en la que el director de GRD y CC del MADS manifestó que sí prestaría el apoyo solicitado, para lo cual señaló que sería a través de reuniones virtuales iniciando el 06 de agosto de 2020. En el ejercicio que se llevó a cabo con la orientación de las funcionarias Olga Nieto y Daniel a Mendoza del MADS, se aprendieron las bases metodológicas de la evaluación de ecorreducción del riesgo de desastres (EcoRRD), para lo cual se requiere del cruce de información cartográfica temática sobre población, ecosistemas y características de los mismos, la zonificación del riesgo a evaluar y del índice de degradación ambiental. En el ejercicio EcoRRD entre el MADS y CORPOCESAR, se tomó la cuenca del río Bajo Cesar – Zapatosa (POMCA) y se analizó el riesgo por inundación, obteniéndose un mapa que muestra las zonas que deben ser atendidas con medidas de mitigación del riesgo por inundación (Mapa 1). | G35: =E35 -> 1 | H35: ='TABLA 7 ESTRUCTURA PROGRAMÁTICA'!I25 -> 3 | I35: =G35 -> 1 | J35: =I35 -> 1 | K35: 0.5 | L35: =IF(C35=0,G35,(G35*K35)) -> 0.5 | M35: =IF(L35="N.A","N.A",L35*$K$33*$K$34) -> 0.03 | N35: =(IF(M35="N.A",0,M35))+N31 -> 0.175 | O35: =1500000000+19792000 -> 1519792000 | P35: =202365800 -> 202365800 | Q35: =P35/O35 -> 0.13315362 | R35: =O35 -> 1519792000 | S35: =O35 -> 1519792000 | T35: =S35/R35 -> 1 | V35: 3206 – Gestión del cambio climático para un desarrollo bajo en carbono y resiliente al clima. | W35: 7. Porcentaje de entes territoriales asesorados en la incorporación, planificación y ejecución de acciones relacionadas con cambio climático en el marco de los instrumentos de planificación territorial | X35: 13. Adoptar medidas urgentes para combatir el cambio climático y sus efectos
A36: ='TABLA 7 ESTRUCTURA PROGRAMÁTICA'!D26 -> 2.3.2 Gestión e implementación de Medidas estructurales y/o proyectos para la REDUCCION del riesgo | B36: ='TABLA 7 ESTRUCTURA PROGRAMÁTICA'!K26 -> Medidas estructurales ejecutadas | C36: ='TABLA 7 ESTRUCTURA PROGRAMÁTICA'!E26 -> 10 | D36: 10 | E36: =IF(C36=0,"N.A",(D36/C36)*1) -> 1 | F36: Se avanzó en la contratación de medidas estructurales para la prevención del riesgo por inundación en la Laguna de Guacoche y control de desbordamiento del Caño El Arroyito en el corregimiento de Guacoche, municipio de Valledupar. | G36: =E36 -> 1 | H36: ='TABLA 7 ESTRUCTURA PROGRAMÁTICA'!I26 -> 100 | I36: =E36 -> 1 | J36: =I36 -> 1 | K36: 0.5 | L36: =IF(C36=0,E36,(E36*K36)) -> 0.5 | M36: =IF(L36="N.A","N.A",L36*$K$33*$K$34) -> 0.03 | N36: =(IF(M36="N.A",0,M36))+N35 -> 0.205
A37: ='TABLA 7 ESTRUCTURA PROGRAMÁTICA'!D27 -> 2.3.3 Gestión, implementación y evaluación de Medidas no estructurales y/o proyectos para la REDUCCION del riesgo | B37: ='TABLA 7 ESTRUCTURA PROGRAMÁTICA'!K27 -> Medidas no estructurales ejecutadas | C37: ='TABLA 7 ESTRUCTURA PROGRAMÁTICA'!E27 -> 0 | D37: 0 | E37: =IF(C37=0,"N.A",(D37/C37)*1) -> N.A | F37: No registra meta para el periodo evaluado. | G37: =E37 -> N.A | H37: ='TABLA 7 ESTRUCTURA PROGRAMÁTICA'!I27 -> 5 | I37: =E37 -> N.A | J37: =I37 -> N.A | K37: 0 | L37: =IF(C37=0,E37,(E37*K37)) -> N.A | M37: =IF(L37="N.A","N.A",L37*$K$33*$K$34) -> N.A | N37: =(IF(M37="N.A",0,M37))+N36 -> 0.205
B38: ='TABLA 7 ESTRUCTURA PROGRAMÁTICA'!K28 -> Medidas no estructurales evaluadas | C38: ='TABLA 7 ESTRUCTURA PROGRAMÁTICA'!E28 -> 0 | D38: 0 | E38: =IF(C38=0,"N.A",(D38/C38)*1) -> N.A | F38: No registra meta para el periodo evaluado. | G38: =E38 -> N.A | H38: ='TABLA 7 ESTRUCTURA PROGRAMÁTICA'!I28 -> 5 | I38: =E38 -> N.A | J38: =I38 -> N.A | K38: =K37 -> 0 | L38: =IF(C38=0,E38,(E38*K38)) -> N.A | M38: =IF(L38="N.A","N.A",L38*$K$33*$K$34) -> N.A | N38: =(IF(M38="N.A",0,M38))+N37 -> 0.205
A39: AVANCE | J39: =I39 -> 0 | L39: =SUM(L33:L36) -> 1
A40: =A21 -> 2. GESTIÓN INTEGRAL DEL RIESGO AMBIENTAL, CLIMÁTICO, Y DEL RECURSO HÍDRICO. | K40: 0.2
A41: ='TABLA 7 ESTRUCTURA PROGRAMÁTICA'!C30 -> 2.4 Gestión integral del recurso hídrico y materialización de la ZOAT en el area de jurisdiccion de Corpocesar. | E41: =E43*$K43+E44*$K44+E47*$K47+E50*$K50+E51*$K51+E52*$K52+E53*$K53+E55*$K55+E56*$K56 -> 0.76 | G41: =G43*$K43+G44*$K44+G47*$K47+G50*$K50+G51*$K51+G52*$K52+G53*$K53+G55*$K55+G56*$K56 -> 0.76 | J41: =J43*$K43+J44*$K44+J47*$K47+J50*$K50+J51*$K51+J52*$K52+J53*$K53+J55*$K55+J56*$K56 -> 0.76 | K41: 0.3
A42: ='TABLA 7 ESTRUCTURA PROGRAMÁTICA'!D30 -> 2.4.1 Desarrollo de instrumentos de planificación y administración del recurso hídrico, y contribución a la ejecución de Plan Hídrico Nacional -PHN- fase III, en el marco de la PNGIRH. | B42: ='TABLA 7 ESTRUCTURA PROGRAMÁTICA'!K30 -> Fases de nuevos POMCAS adelantadas (4 fases) | C42: ='TABLA 7 ESTRUCTURA PROGRAMÁTICA'!E30 -> 0 | D42: 0 | E42: =IF(C42=0,"N.A",(D42/C42)*1) -> N.A | F42: No registra meta para el periodo evaluado. | G42: =E42 -> N.A | H42: ='TABLA 7 ESTRUCTURA PROGRAMÁTICA'!I30 -> 4 | I42: =E42 -> N.A | J42: =I42 -> N.A | K42: 0 | L42: =IF(C42=0,E42,(E42*K42)) -> N.A | M42: =IF(L42="N.A","N.A",L42*$K$40*$K$41) -> N.A | N42: =(IF(M42="N.A",0,M42))+N38 -> 0.205 | O42: =2000000000+534258749 -> 2534258749 | P42: =530279082+1133386091 -> 1663665173 | Q42: =P42/O42 -> 0.65647013 | R42: =O42 -> 2534258749 | S42: =P42 -> 1663665173 | T42: =S42/R42 -> 0.65647013 | V42: 3203 – Gestión integral del recurso hídrico. | W42: 1. Porcentaje de avance en la formulación y/o ajuste de los Planes de Ordenación y Manejo de Cuencas (POMCAS), Planes de Manejo de Acuíferos (PMA) y Planes de Manejo de Microcuencas (PMM) 6. Porcentaje de Planes de Ordenación y Manejo de Cuencas (POMCAS), Planes de Manejo de Acuíferos (PMA) y Planes de Manejo de Microcuencas (PMM) en ejecución | X42: 6. Garantizar la disponibilidad de agua y su gestión sostenible y el saneamiento para todos
B43: ='TABLA 7 ESTRUCTURA PROGRAMÁTICA'!K31 -> Acciones de POMCA implementadas (componentes de la fase 4) | C43: ='TABLA 7 ESTRUCTURA PROGRAMÁTICA'!E31 -> 4 | D43: 4 | E43: =IF(C43=0,"N.A",(D43/C43)*1) -> 1 | F43: Se trabaja en la priorización de acciones contempladas en el componente programático de los POMCAS Guatapurí, Bajo Cesar-Ciénaga de Zapatosa, Calenturitas y se ejecutó proyecto orientado a la recuperación del Caño Paraluz en jurisdicción del POMCA Bajo Cesar-Ciénaga de Zapatosa, se adelantaron acciones de recuperación del cauce y la ronda hídrica del caño Paraluz, acciones de educación ambiental, limpieza y recuperación del Caño Alfaro y Guamalito en el Corregimiento de Zapatosa-Municipio de Tamalameque. Así mismo, en el marco de Convenio con la Fundación natura, se realizó estudio de limnología y modelación hidráulica de la Cienaga de Zapatosa (Macro Cuenca Magdalena-Cauca), restauración ecológica y mantenimiento de zonas restauradas en el Complejo Cenagoso de Zapatosa. | G43: =E43 -> 1 | H43: ='TABLA 7 ESTRUCTURA PROGRAMÁTICA'!I31 -> 28 | I43: =G43 -> 1 | J43: =I43 -> 1 | K43: 0.15 | L43: =IF(C43=0,G43,(G43*K43)) -> 0.15 | M43: =IF(L43="N.A","N.A",L43*$K$40*$K$41) -> 0.009 | N43: =(IF(M43="N.A",0,M43))+N42 -> 0.214
B44: ='TABLA 7 ESTRUCTURA PROGRAMÁTICA'!K32 -> POMCA con seguimiento, coordinación y evaluación/año | C44: ='TABLA 7 ESTRUCTURA PROGRAMÁTICA'!E32 -> 8 | D44: 8 | E44: =IF(C44=0,"N.A",(D44/C44)*1) -> 1 | F44: Con el apoyo de profesionales se avanzó en la consolidación de los Acuerdos protocolizados en el marco del proceso de consulta previa en los POMCAS Guatapurí, Calenturitas, Bajo Cesar - Ciénaga de Zapatosa. Así mismo, se formalizó la adopción del POMCA de la Quebrada Buturama-Guaduas, del POMCA Guatapurí, Chiriaimo - Manaure y Magiriaimo. | G44: =E44 -> 1 | H44: ='TABLA 7 ESTRUCTURA PROGRAMÁTICA'!I32 -> 8 | I44: =E44 -> 1 | J44: =I44 -> 1 | K44: 0.1 | L44: =IF(C44=0,E44,(E44*K44)) -> 0.1 | M44: =IF(L44="N.A","N.A",L44*$K$40*$K$41) -> 0.006 | N44: =(IF(M44="N.A",0,M44))+N43 -> 0.22
B45: ='TABLA 7 ESTRUCTURA PROGRAMÁTICA'!K33 -> Nuevas Fases de los PMA de Microcuenca formulados. | C45: ='TABLA 7 ESTRUCTURA PROGRAMÁTICA'!E33 -> 0 | D45: 0 | E45: =IF(C45=0,"N.A",(D45/C45)*1) -> N.A | F45: No registra meta para el periodo evaluado. | G45: =E45 -> N.A | H45: ='TABLA 7 ESTRUCTURA PROGRAMÁTICA'!I33 -> 3 | I45: =E45 -> N.A | J45: =I45 -> N.A | K45: 0 | L45: =IF(C45=0,E45,(E45*K45)) -> N.A | M45: =IF(L45="N.A","N.A",L45*$K$40*$K$41) -> N.A | N45: =(IF(M45="N.A",0,M45))+N44 -> 0.22
B46: ='TABLA 7 ESTRUCTURA PROGRAMÁTICA'!K34 -> Acciones de PMA de Microcuencas Implementadas/año | C46: ='TABLA 7 ESTRUCTURA PROGRAMÁTICA'!E34 -> 0 | D46: 0 | E46: =IF(C46=0,"N.A",(D46/C46)*1) -> N.A | F46: No registra meta para el periodo evaluado. | G46: =E46 -> N.A | H46: ='TABLA 7 ESTRUCTURA PROGRAMÁTICA'!I34 -> 5 | I46: =E46 -> N.A | J46: =I46 -> N.A | K46: 0 | L46: =IF(C46=0,E46,(E46*K46)) -> N.A | M46: =IF(L46="N.A","N.A",L46*$K$40*$K$41) -> N.A | N46: =(IF(M46="N.A",0,M46))+N45 -> 0.22
B47: ='TABLA 7 ESTRUCTURA PROGRAMÁTICA'!K35 -> Acciones de PMA de Acuíferos Implementadas/año | C47: ='TABLA 7 ESTRUCTURA PROGRAMÁTICA'!E35 -> 1 | D47: 1 | E47: =IF(C47=0,"N.A",(D47/C47)*1) -> 1 | F47: Del 10 al 14 de septiembre de 2020 se llevó a cabo una jornada de monitoreo de puntos de aguas subterráneas, en los municipios de La Paz, Agustín Codazzi, Becerril, La Jagua de Ibirico, Chiriguaná, El Paso y Valledupar, en donde se tiene la presencia del Sistema Acuífero Cesar, en el valle del Río Cesar (que cuenta con el respectivo PMA), y la misma es una de las acciones que se definieron en el componente de proyectos del dicho Plan. De esta manera se levantó información de 18 puntos de agua subterránea, y se midió el nivel y la calidad de sus aguas. La actividad desarrollada es la continuación de las acciones ejecutadas por la Corporación en los últimos cinco años, y que tiene como objetivo conformar la Red Básica de Aguas Subterráneas en el departamento del Cesar, como parte de la Red Nacional que coordina IDEAM. | G47: =E47 -> 1 | H47: ='TABLA 7 ESTRUCTURA PROGRAMÁTICA'!I35 -> 7 | I47: =E47 -> 1 | J47: =I47 -> 1 | K47: 0.15 | L47: =IF(C47=0,E47,(E47*K47)) -> 0.15 | M47: =IF(L47="N.A","N.A",L47*$K$40*$K$41) -> 0.009 | N47: =(IF(M47="N.A",0,M47))+N46 -> 0.229
B48: ='TABLA 7 ESTRUCTURA PROGRAMÁTICA'!K36 -> Otras acciones de planeación y gestión de Acuíferos Implementadas/año | C48: ='TABLA 7 ESTRUCTURA PROGRAMÁTICA'!E36 -> 0 | D48: 0 | E48: =IF(C48=0,"N.A",(D48/C48)*1) -> N.A | F48: No registra meta para el periodo evaluado. | G48: =E48 -> N.A | H48: ='TABLA 7 ESTRUCTURA PROGRAMÁTICA'!I36 -> 3 | I48: =E48 -> N.A | J48: =I48 -> N.A | K48: 0 | L48: =IF(C48=0,E48,(E48*K48)) -> N.A | M48: =IF(L48="N.A","N.A",L48*$K$40*$K$41) -> N.A | N48: =(IF(M48="N.A",0,M48))+N47 -> 0.229
A49: ='TABLA 7 ESTRUCTURA PROGRAMÁTICA'!D37 -> 2.4.2 Gestión, formulación e Implementación de PORH. | B49: ='TABLA 7 ESTRUCTURA PROGRAMÁTICA'!K37 -> Nuevo PORH formulado (S/. Prioridad) | C49: ='TABLA 7 ESTRUCTURA PROGRAMÁTICA'!E37 -> 0 | D49: 0 | E49: =IF(C49=0,"N.A",(D49/C49)*1) -> N.A | F49: No registra meta para el periodo evaluado. | G49: =E49 -> N.A | H49: ='TABLA 7 ESTRUCTURA PROGRAMÁTICA'!I37 -> 1 | I49: =E49 -> N.A | J49: =I49 -> N.A | K49: 0 | L49: =IF(C49=0,E49,(E49*K49)) -> N.A | M49: =IF(L49="N.A","N.A",L49*$K$40*$K$41) -> N.A | N49: =(IF(M49="N.A",0,M49))+N48 -> 0.229 | W49: 2. Porcentaje de cuerpos de agua con planes de ordenamiento del recurso hídrico (PORH) adoptados
B50: ='TABLA 7 ESTRUCTURA PROGRAMÁTICA'!K38 -> Acciones de PORH implementadas/plan (R. Cesar, Calenturitas y Chiriaimo). | C50: ='TABLA 7 ESTRUCTURA PROGRAMÁTICA'!E38 -> 1 | D50: 1 | E50: =IF(C50=0,"N.A",(D50/C50)*1) -> 1 | F50: Monitoreos en aguas superficiales de la corriente Calenturitas | G50: =E50 -> 1 | H50: ='TABLA 7 ESTRUCTURA PROGRAMÁTICA'!I38 -> 10 | I50: =E50 -> 1 | J50: =I50 -> 1 | K50: 0.1 | L50: =IF(C50=0,E50,(E50*K50)) -> 0.1 | M50: =IF(L50="N.A","N.A",L50*$K$40*$K$41) -> 0.006 | N50: =(IF(M50="N.A",0,M50))+N49 -> 0.235
A51: ='TABLA 7 ESTRUCTURA PROGRAMÁTICA'!D39 -> 2.4.3 Control, seguimiento y apoyo a implementación de los PSMV y PUEAA aprobados por la Corporación e implementación de acciones para el uso eficiente y descontaminación del recurso hídrico en el dpto. del Cesar. (armonización con proyecto 4.1) | B51: ='TABLA 7 ESTRUCTURA PROGRAMÁTICA'!K39 -> PSMV´s con seguimiento/año | C51: ='TABLA 7 ESTRUCTURA PROGRAMÁTICA'!E39 -> 25 | D51: 25 | E51: =IF(C51=0,"N.A",(D51/C51)*1) -> 1 | F51: Se realizaron las visitas en el segundo semestre de 2020, para informe de seguimientos, sumado a la revisión documental hecha durante el primer semestre del año. | G51: =E51 -> 1 | H51: ='TABLA 7 ESTRUCTURA PROGRAMÁTICA'!I39 -> 25 | I51: =E51 -> 1 | J51: =I51 -> 1 | K51: 0.1 | L51: =IF(C51=0,E51,(E51*K51)) -> 0.1 | M51: =IF(L51="N.A","N.A",L51*$K$40*$K$41) -> 0.006 | N51: =(IF(M51="N.A",0,M51))+N50 -> 0.241 | W51: 3. Porcentaje de Planes de Saneamiento y Manejo de Vertimientos (PSMV) con seguimiento
B52: ='TABLA 7 ESTRUCTURA PROGRAMÁTICA'!K40 -> STAR apoyados (medida estructural y no estructural para disminuir la contaminación hídrica)/año | C52: ='TABLA 7 ESTRUCTURA PROGRAMÁTICA'!E40 -> 1 | D52: 1 | E52: =IF(C52=0,"N.A",(D52/C52)*1) -> 1 | F52: Se desarrolló proyecto piloto demostrativo de Biorremedacción y Gestión ambiental en el río San Alberto, Municipio San Alberto, Cesar. | G52: =E52 -> 1 | H52: ='TABLA 7 ESTRUCTURA PROGRAMÁTICA'!I40 -> 4 | I52: =G52 -> 1 | J52: =I52 -> 1 | K52: 0.1 | L52: =IF(C52=0,G52,(G52*K52)) -> 0.1 | M52: =IF(L52="N.A","N.A",L52*$K$40*$K$41) -> 0.006 | N52: =(IF(M52="N.A",0,M52))+N51 -> 0.247 | W52: 5. Porcentaje de Programas de Uso Eficiente y Ahorro del Agua (PUEAA) con seguimiento
B53: ='TABLA 7 ESTRUCTURA PROGRAMÁTICA'!K41 -> Cobertura de PUEAA con seguimiento (PUEAA seguimiento/Aprobados) | C53: ='TABLA 7 ESTRUCTURA PROGRAMÁTICA'!E41 -> 100 | D53: 20 | E53: =IF(C53=0,"N.A",(D53/C53)*1) -> 0.2 | F53: Se realizó seguimiento a 4 PUEAA de 21 aprobados dadas las limitaciones en cuanto a movilidad por la pandemia Covid 19. | G53: =E53 -> 0.2 | H53: ='TABLA 7 ESTRUCTURA PROGRAMÁTICA'!I41 -> 100 | I53: =E53 -> 0.2 | J53: =I53 -> 0.2 | K53: 0.1 | L53: =IF(C53=0,E53,(E53*K53)) -> 0.02 | M53: =IF(L53="N.A","N.A",L53*$K$40*$K$41) -> 0.0012 | N53: =(IF(M53="N.A",0,M53))+N52 -> 0.2482
A54: ='TABLA 7 ESTRUCTURA PROGRAMÁTICA'!D42 -> 2.4.4 Acotamiento de rondas hídricas e incorporación a las Determinantes ambientales (Cuerpos de agua priorizados: R. Guatapurí no 1). Armonización con el proyecto 3.1 | B54: ='TABLA 7 ESTRUCTURA PROGRAMÁTICA'!K42 -> Ronda hídrica acotada/año | C54: ='TABLA 7 ESTRUCTURA PROGRAMÁTICA'!E42 -> 0 | D54: 0 | E54: =IF(C54=0,"N.A",(D54/C54)*1) -> N.A | F54: Se formuló y presentó proyecto para su viabilización y priorización ante el Fondo de Compensación Ambiental para la elaboración del estudio para el acotamiento de la ronda hídrica del rio Guatapuri, municipio de Valledupar. Se elaboró el estudio previo para Determinar el acotamiento de la ronda hídrica del río Guatapurí y efectuar la revisión de la priorización disponible sobre acotamiento de cuerpos de aguas superficiales, en el departamento del Cesar y este fue contratado para su ejecución en la vigencia 2021. | G54: =E54 -> N.A | H54: ='TABLA 7 ESTRUCTURA PROGRAMÁTICA'!I42 -> 2 | I54: =G54 -> N.A | J54: =I54 -> N.A | K54: 0 | L54: =IF(C54=0,G54,(G54*K54)) -> N.A | M54: =IF(L54="N.A","N.A",L54*$K$40*$K$41) -> N.A | N54: =(IF(M54="N.A",0,M54))+N53 -> 0.2482
A55: ='TABLA 7 ESTRUCTURA PROGRAMÁTICA'!D43 -> 2.4.5 Estructuración e implementación de una estrategia integral para la recuperación de ecosistemas en la cuenca del río Cesar (tipo APP). En armonía con el programa 5 y la actividad 2.4.2 | B55: ='TABLA 7 ESTRUCTURA PROGRAMÁTICA'!K43 -> Avance de la Estrategia integral estructurada e implementada | C55: ='TABLA 7 ESTRUCTURA PROGRAMÁTICA'!E43 -> 10 | D55: 1 | E55: =IF(C55=0,"N.A",(D55/C55)*1) -> 0.1 | F55: En el marco de convenio suscrito con la Universidad Nacional sede La Paz, se estudia la posibilidad de trabajar de manera conjunta para el diseño, estudios y planteamiento de alternativas para la recuperacion del rio Cesar en torno al mejoramiento del vertimento de aguas residuales del muncipio de Valledupar. | G55: =E55 -> 0.1 | H55: ='TABLA 7 ESTRUCTURA PROGRAMÁTICA'!I43 -> 100 | I55: =E55 -> 0.1 | J55: =I55 -> 0.1 | K55: 0.1 | L55: =IF(C55=0,E55,(E55*K55)) -> 0.01 | M55: =IF(L55="N.A","N.A",L55*$K$40*$K$41) -> 0.0006 | N55: =(IF(M55="N.A",0,M55))+N54 -> 0.2488
A56: ='TABLA 7 ESTRUCTURA PROGRAMÁTICA'!D44 -> 2.4.6 Instalación de las denominadas "plataformas colaborativas" con el MADS, para la articulación de inversiones y acciones para la recuperación de ecosistemas degradados en torno a cuencas hidrográficas. | B56: ='TABLA 7 ESTRUCTURA PROGRAMÁTICA'!K44 -> Plataforma colaborativa CAR-MADS, en operación | C56: ='TABLA 7 ESTRUCTURA PROGRAMÁTICA'!E44 -> 1 | D56: 0.3 | E56: =IF(C56=0,"N.A",(D56/C56)*1) -> 0.3 | F56: En colaboracion con la direccion de Gestion Integral del Recurso Hídrico del MADS, se desarrolla estrategia para la implementacion de una plataforma colaborativa para la implementación de los POMCAS adoptados en la jurisdiccion. Se avanzó en el proceso de priorizacion de la cuenca objeto de implementacion de la plataforma. | G56: =E56 -> 0.3 | H56: ='TABLA 7 ESTRUCTURA PROGRAMÁTICA'!I44 -> 1 | I56: =G56 -> 0.3 | J56: =I56 -> 0.3 | K56: 0.1 | L56: =IF(C56=0,G56,(G56*K56)) -> 0.03 | M56: =IF(L56="N.A","N.A",L56*$K$40*$K$41) -> 0.0018 | N56: =(IF(M56="N.A",0,M56))+N55 -> 0.2506
J57: =I57 -> 0 | L57: =SUM(L42:L56) -> 0.76
A58: ='TABLA 7 ESTRUCTURA PROGRAMÁTICA'!B46 -> 3. OCUPACIÓN TERRITORIAL INTEGRAL | K58: 0.1
A59: ='TABLA 7 ESTRUCTURA PROGRAMÁTICA'!C46 -> 3.1 Fortalecimiento del proceso de Ordenamiento Territorial como estrategia para promover el desarrollo terrirorial sostenible, en el dpto del Cesar. | E59: =E60*$K60+E62*$K62+E63*$K63 -> 1 | G59: =G60*$K60+G62*$K62+G63*$K63 -> 1 | J59: =J60*$K60+J62*$K62+J63*$K63 -> 1 | K59: 0.5
A60: ='TABLA 7 ESTRUCTURA PROGRAMÁTICA'!D46 -> 3.1.1 Actualización de las determinantes ambientales para el Ordenamiento territorial (énfasis en cambio climático, GRD, suelo suburbano, EEP) | B60: ='TABLA 7 ESTRUCTURA PROGRAMÁTICA'!K46 -> Avance de Determinantes Ambientales revisadas, actualizadas y socializadas | C60: ='TABLA 7 ESTRUCTURA PROGRAMÁTICA'!E46 -> 50 | D60: 90 | E60: 1 | F60: Con el apoyo del programa Riqueza Natural de USAID se avanzó en la actualización de las Determinantes Ambientales de la jurisdicción de Corpocesar. | G60: =E60 -> 1 | H60: ='TABLA 7 ESTRUCTURA PROGRAMÁTICA'!I46 -> 100 | I60: =E60 -> 1 | J60: =I60 -> 1 | K60: 0.7 | L60: =IF(C60=0,E60,(E60*K60)) -> 0.7 | M60: =IF(L60="N.A","N.A",L60*$K$58*$K$59) -> 0.035 | N60: =(IF(M60="N.A",0,M60))+N56 -> 0.2856 | O60: =100000000+69994500 -> 169994500 | P60: =20387000+64338500 -> 84725500 | Q60: =P60/O60 -> 0.49840142 | R60: =O60 -> 169994500 | S60: =P60 -> 84725500 | T60: =Q60 -> 0.49840142 | V60: 3205 – Ordenamiento ambiental territorial. | W60: 7. Porcentaje de entes territoriales asesorados en la incorporación, planificación y ejecución de acciones relacionadas con cambio climático en el marco de los instrumentos de planificación territorial 24. Porcentaje de municipios asesorados o asistidos en la inclusión del componente ambiental en los procesos de planificación y ordenamiento territorial, con énfasis en la incorporación de las determinantes ambientales para la revisión y ajuste de los POT
A61: ='TABLA 7 ESTRUCTURA PROGRAMÁTICA'!D47 -> 3.1.2 Socialización y divulgación de las DA para el OT (cartografía temática compartida) | C61: ='TABLA 7 ESTRUCTURA PROGRAMÁTICA'!E47 -> 0 | D61: 0 | E61: =IF(C61=0,"N.A",(D61/C61)*1) -> N.A | F61: No registra meta para el periodo evaluado. | G61: =E61 -> N.A | H61: ='TABLA 7 ESTRUCTURA PROGRAMÁTICA'!I47 -> 100 | I61: =E61 -> N.A | J61: =I61 -> N.A | K61: 0 | L61: =IF(C61=0,E61,(E61*K61)) -> N.A | M61: =IF(L61="N.A","N.A",L61*$K$58*$K$59) -> N.A | N61: =(IF(M61="N.A",0,M61))+N60 -> 0.2856
A62: ='TABLA 7 ESTRUCTURA PROGRAMÁTICA'!D48 -> 3.1.3 Fortalecimiento operativo del proceso de evaluación (verificación de componentes claves del diagnóstico territorial descrito en el DTS del proyecto de revisión y/o ajuste del POT). | B62: ='TABLA 7 ESTRUCTURA PROGRAMÁTICA'!K48 -> Diagnósticos relevantes del DTS de proyectos de ajustes verificados | C62: ='TABLA 7 ESTRUCTURA PROGRAMÁTICA'!E48 -> 100 | D62: 100 | E62: =IF(C62=0,"N.A",(D62/C62)*1) -> 1 | F62: En el marco del proceso de evaluación de los asuntos ambientales del EOT del municipio de Tamalameque, se realizó visita de campo en dicho municipio donde se ientificaron y verificaron algunos aspectos relevantes tales como sitios críticos por riesgo de desbordamiento, ubicación del STAR, punto de reciclaje, entre otros. | G62: =E62 -> 1 | H62: ='TABLA 7 ESTRUCTURA PROGRAMÁTICA'!I48 -> 100 | I62: =E62 -> 1 | J62: =I62 -> 1 | K62: 0.1 | L62: =IF(C62=0,E62,(E62*K62)) -> 0.1 | M62: =IF(L62="N.A","N.A",L62*$K$58*$K$59) -> 0.005 | N62: =(IF(M62="N.A",0,M62))+N61 -> 0.2906
A63: ='TABLA 7 ESTRUCTURA PROGRAMÁTICA'!D49 -> 3.1.4 Control, Seguimiento y evaluación de los asuntos ambientales concertados en el proceso de revisión y/o ajustes de los POT, PBOT y EOT del Cesar | B63: ='TABLA 7 ESTRUCTURA PROGRAMÁTICA'!K49 -> Actos administrativos del proceso, con seguimiento, control y evaluación | C63: ='TABLA 7 ESTRUCTURA PROGRAMÁTICA'!E49 -> 100 | D63: 100 | E63: =IF(C63=0,"N.A",(D63/C63)*1) -> 1 | F63: La Subdireccion de planeacion realizó el seguimiento a los 25 POT del Cesar | G63: =E63 -> 1 | H63: ='TABLA 7 ESTRUCTURA PROGRAMÁTICA'!I49 -> 100 | I63: =E63 -> 1 | J63: =I63 -> 1 | K63: 0.2 | L63: =IF(C63=0,E63,(E63*K63)) -> 0.2 | M63: =IF(L63="N.A","N.A",L63*$K$58*$K$59) -> 0.01 | N63: =(IF(M63="N.A",0,M63))+N62 -> 0.3006
A64: AVANCE | J64: =I64 -> 0 | L64: =SUM(L59:L63) -> 1
A65: =A58 -> 3. OCUPACIÓN TERRITORIAL INTEGRAL | K65: 0.1
A66: ='TABLA 7 ESTRUCTURA PROGRAMÁTICA'!C51 -> 3.2 Asistencia técnica a todos los municipios de la jurisdicción en los procesos de revisión y ajuste de los POT, siguiendo guias del SINA | E66: =E67*$K67+E68*$K68+E69*$K69+E70*$K70 -> 1 | G66: =G67*$K67+G68*$K68+G69*$K69+G70*$K70 -> 1 | J66: =J67*$K67+J68*$K68+J69*$K69+J70*$K70 -> 1 | K66: 0.5
A67: ='TABLA 7 ESTRUCTURA PROGRAMÁTICA'!D51 -> 3.2.1Capacitación o asistencia técnica a los ETM, en todos los temas asociados al proceso de revisión de los POT (incluye perfil climático municipal y gestión del CC, GRD, desarrollo urbano sostenible, Expediente municipal del POT, UPR, planes parciales). | B67: ='TABLA 7 ESTRUCTURA PROGRAMÁTICA'!K51 -> ETM asitidos | C67: ='TABLA 7 ESTRUCTURA PROGRAMÁTICA'!E51 -> 25 | D67: 25 | E67: =IF(C67=0,"N.A",(D67/C67)*1) -> 1 | F67: Fueron convocados los 25 municipios para el desarrollo y acompañamiento a los mismos, en temas asociados al proceso de revisión de los POT a través de jornadas de capacitación virtuales realizadas en el primer semestre de la vigencia 2020. De los 25 municipios convocados, asistieron un total de 18 municipios con los cuales se desarrollaron temas como el procedimiento para la revisión y ajuste de los POT modernos, normatividad relacionada, Determinantes Ambientales, expediente municipal, gestión del riesgo y cambio climático, entre otros temas asociados. | G67: =E67 -> 1 | H67: ='TABLA 7 ESTRUCTURA PROGRAMÁTICA'!I51 -> 25 | I67: =E67 -> 1 | J67: =I67 -> 1 | K67: 0.5 | L67: =IF(C67=0,E67,(E67*K67)) -> 0.5 | M67: =IF(L67="N.A","N.A",L67*$K$65*$K$66) -> 0.025 | N67: =(IF(M67="N.A",0,M67))+N63 -> 0.3256 | O67: =100000000 -> 100000000 | P67: 7086500 | Q67: =P67/O67 -> 0.070865 | R67: =O67 -> 100000000 | S67: =P67 -> 7086500 | T67: =Q67 -> 0.070865 | V67: 3205 – Ordenamiento ambiental territorial. | W67: 7. Porcentaje de entes territoriales asesorados en la incorporación, planificación y ejecución de acciones relacionadas con cambio climático en el marco de los instrumentos de planificación territorial 24. Porcentaje de municipios asesorados o asistidos en la inclusión del componente ambiental en los procesos de planificación y ordenamiento territorial, con énfasis en la incorporación de las determinantes ambientales para la revisión y ajuste de los POT | X67: 11. Lograr que las ciudades y los asentamientos humanos sean inclusivos, seguros, resilientes y sostenibles
A68: ='TABLA 7 ESTRUCTURA PROGRAMÁTICA'!D52 -> 3.2.2 Apoyo y orientación a demás actores del proceso de revisión y ajuste de los POT (CTP, concejales, gremios, IGAC). | B68: ='TABLA 7 ESTRUCTURA PROGRAMÁTICA'!K52 -> Actores asistidos | C68: ='TABLA 7 ESTRUCTURA PROGRAMÁTICA'!E52 -> 100 | D68: 100 | E68: =IF(C68=0,"N.A",(D68/C68)*1) -> 1 | F68: Se realizó capacitación virtual donde fueron convocados Concejales, miembros de los CTP de cada municipio, representantes de los gremios productivos tales como el sector palmicultor, ganadero, cafetero, minero, etc. Con los que se desarrolló una agenda de trabajo orientada a socializar información pertinente del proceso de ordenamiento territorial, su competencia en el mismo, la incidencia del ordenamiento ambiental territorial en el desarrollo sostenible y las determinantes ambientales del área de jurisdicción de Corpocesar. | G68: =E68 -> 1 | H68: ='TABLA 7 ESTRUCTURA PROGRAMÁTICA'!I52 -> 100 | I68: =E68 -> 1 | J68: =I68 -> 1 | K68: 0.2 | L68: =IF(C68=0,E68,(E68*K68)) -> 0.2 | M68: =IF(L68="N.A","N.A",L68*$K$65*$K$66) -> 0.01 | N68: =(IF(M68="N.A",0,M68))+N67 -> 0.3356
A69: ='TABLA 7 ESTRUCTURA PROGRAMÁTICA'!D53 -> 3.2.3 Apoyo a los municipios PDET en la Incorporación de la zonificación ambiental en la planeación del desarrollo territorial (POT y PDM) | B69: ='TABLA 7 ESTRUCTURA PROGRAMÁTICA'!K53 -> Municipios PDET asistidos | C69: ='TABLA 7 ESTRUCTURA PROGRAMÁTICA'!E53 -> 8 | D69: 8 | E69: =IF(C69=0,"N.A",(D69/C69)*1) -> 1 | F69: En el marco del proceso de asistencia técnica, se presentó a los municipios PDET del Cesar (Valledupar, Pueblo Bello, Codazzi, La Paz, Manaure, San Diego, Becerril y La Jagua de Ibirico), la zonificación ambiental realizada por el MADS, así como la planificacion de los POT en municipios PDET. | G69: =E69 -> 1 | H69: ='TABLA 7 ESTRUCTURA PROGRAMÁTICA'!I53 -> 8 | I69: =E69 -> 1 | J69: =I69 -> 1 | K69: 0.1 | L69: =IF(C69=0,E69,(E69*K69)) -> 0.1 | M69: =IF(L69="N.A","N.A",L69*$K$65*$K$66) -> 0.005 | N69: =(IF(M69="N.A",0,M69))+N68 -> 0.3406
A70: ='TABLA 7 ESTRUCTURA PROGRAMÁTICA'!D54 -> 3.2.4 Apoyo al SIG municipal a través del suministro de cartografía temática producida en Corpocesar por ETM. | B70: ='TABLA 7 ESTRUCTURA PROGRAMÁTICA'!K54 -> SIG Municipal con temática de OAT apoyados | C70: ='TABLA 7 ESTRUCTURA PROGRAMÁTICA'!E54 -> 100 | D70: 100 | E70: =IF(C70=0,"N.A",(D70/C70)*1) -> 1 | F70: Asimismo, en el marco de la asistencia técnica a los 25 municipios se les presentó la cartografia temática producida en Corpocesar, así como la oferta de estudios con los que cuenta la entidad aplicables para cada ente territorial. | G70: =E70 -> 1 | H70: ='TABLA 7 ESTRUCTURA PROGRAMÁTICA'!I54 -> 100 | I70: =E70 -> 1 | J70: =I70 -> 1 | K70: 0.2 | L70: =IF(C70=0,E70,(E70*K70)) -> 0.2 | M70: =IF(L70="N.A","N.A",L70*$K$65*$K$66) -> 0.01 | N70: =(IF(M70="N.A",0,M70))+N69 -> 0.3506
A71: AVANCE | J71: =I71 -> 0 | L71: =SUM(L67:L70) -> 1
J72: =I72 -> 0
A73: =A65 -> 3. OCUPACIÓN TERRITORIAL INTEGRAL | J73: =I73 -> 0 | K73: =K65 -> 0.1
A74: ='TABLA 7 ESTRUCTURA PROGRAMÁTICA'!C56 -> 3.3 Implementación de un sistema de relacionamiento interinstitucional en el proceso de planeación del desarrollo y evaluación de los modelos de ocupación adoptados | J74: =I74 -> 0 | K74: 0
A75: ='TABLA 7 ESTRUCTURA PROGRAMÁTICA'!D56 -> 3.3.1 Gestión para la creación de una estrategia de relacionamiento interinstitucional de OT subregional e interregional (Área Metropolitana, Gobernación, RAP, IGAC, CAR vecinas, CEI-COT, MVCT, MADR, cabildos). | B75: ='TABLA 7 ESTRUCTURA PROGRAMÁTICA'!K56 -> Estrategia interinstitucional de OT implementada. | C75: 0 | D75: 0 | E75: =IF(C75=0,"N.A",(D75/C75)*1) -> N.A | F75: No registra meta para el periodo evaluado. | G75: =E75 -> N.A | H75: ='TABLA 7 ESTRUCTURA PROGRAMÁTICA'!I56 -> 1 | J75: =I75 -> 0 | K75: 0 | L75: =IF(C75=0,E75,(E75*K75)) -> N.A | M75: =IF(L75="N.A","N.A",L75*$K$73*$K$74) -> N.A | N75: =(IF(M75="N.A",0,M75))+N70 -> 0.3506 | O75: 0 | P75: 0 | V75: 3205 – Ordenamiento ambiental territorial. | X75: 11. Lograr que las ciudades y los asentamientos humanos sean inclusivos, seguros, resilientes y sostenibles
A76: ='TABLA 7 ESTRUCTURA PROGRAMÁTICA'!D57 -> 3.3.2 Evaluación de modelos de ocupación y valoración de SE arrojados por los procesos de OAT y satisfacción de demandas sociales (Vivienda, SSPD, movilidad, Catastro, etc.) | B76: ='TABLA 7 ESTRUCTURA PROGRAMÁTICA'!K57 -> Sistema de indicadores sociales asociados al OT, estructurado | C76: 0 | D76: 0 | E76: =IF(C76=0,"N.A",(D76/C76)*1) -> N.A | F76: No registra meta para el periodo evaluado. | G76: =E76 -> N.A | H76: ='TABLA 7 ESTRUCTURA PROGRAMÁTICA'!I57 -> 1 | J76: =I76 -> 0 | K76: 0 | L76: =IF(C76=0,E76,(E76*K76)) -> N.A | M76: =IF(L76="N.A","N.A",L76*$K$73*$K$74) -> N.A | N76: =(IF(M76="N.A",0,M76))+N75 -> 0.3506
J77: =I77 -> 0 | L77: =SUM(L75:L76) -> 0
A78: ='TABLA 7 ESTRUCTURA PROGRAMÁTICA'!B59 -> 4. PRODUCTIVIDAD SOSTENIBLE y BIODIVERCIUDAD : integrando lo SECTORIAL y lo URBAno | K78: 0.1
A79: ='TABLA 7 ESTRUCTURA PROGRAMÁTICA'!C59 -> 4.1 Gestión, coordinación, e implementación de políticas locales de resiliencia y sostenibilidad ambiental urbana en el área de jurisdicción de Corpocesar. | E79: =E80*$K80+E81*$K81 -> 1 | G79: =G80*$K80+G81*$K81 -> 1 | J79: =J80*$K80+J81*$K81 -> 1 | K79: 0.2
A80: ='TABLA 7 ESTRUCTURA PROGRAMÁTICA'!D59 -> 4.1.1 Optimización del proceso de construcción y reporte de ICAU/PGAU ((aire, movilidad, SSPD, CC, PGIR, PSMV, PUEAA, Etc) | B80: ='TABLA 7 ESTRUCTURA PROGRAMÁTICA'!K59 -> Reporte de Norma transmitido | C80: ='TABLA 7 ESTRUCTURA PROGRAMÁTICA'!E59 -> 100 | D80: 100 | E80: =IF(C80=0,"N.A",(D80/C80)*1) -> 1 | F80: El 04 de septiembre de 2020 se llevó a cabo una jornada de capacitación con los municipios del departamento del Cesar, en la que se dio a conocer los pormenores del ICAU. En el evento se tuvo la participación de 35 personas, a quienes se entregó la información necesaria para calcular los diversos índices de calidad ambiental urbana, aún cuando sólo aplica a Aguachica, Agustín Codazzi, Bosconia y Valledupar, ya que se considera que, aún en poblaciones pequeñas, es una herramienta que puede permitir valorar o tener una tendencia de la calidad del ambiente a nivel urbano. | G80: =E80 -> 1 | H80: ='TABLA 7 ESTRUCTURA PROGRAMÁTICA'!I59 -> 100 | I80: =E80 -> 1 | J80: =I80 -> 1 | K80: 0.5 | L80: =IF(C80=0,E80,(E80*K80)) -> 0.5 | M80: =IF(L80="N.A","N.A",L80*$K$78*$K$79) -> 0.01 | N80: =(IF(M80="N.A",0,M80))+N76 -> 0.3606 | O80: =100000000+740000 -> 100740000 | P80: =89637923+740000 -> 90377923 | Q80: =P80/O80 -> 0.89714039 | R80: =O80 -> 100740000 | S80: =P80 -> 90377923 | T80: =Q80 -> 0.89714039 | V80: 3201 – Fortalecimiento del desempeño ambiental de los sectores productivos. | W80: 19. Porcentaje de ejecución de acciones en Gestión Ambiental Urbana
A81: ='TABLA 7 ESTRUCTURA PROGRAMÁTICA'!D60 -> 4.1.2 Participación en el proceso de ajuste de la Política de Gestión ambiental urbana y desarrollo de indicadores en conjunto con el MADS- DAASU-. | B81: ='TABLA 7 ESTRUCTURA PROGRAMÁTICA'!K60 -> Participación institucional a convocatorias del MADS-DAASU- | C81: ='TABLA 7 ESTRUCTURA PROGRAMÁTICA'!E60 -> 100 | D81: 100 | E81: =IF(C81=0,"N.A",(D81/C81)*1) -> 1 | F81: Mediante oficio de la Subdirección de Planeación de CORPOCESAR, se ofició al Director de la DAASU del MADS, para solicitar apoyo u orientación para participar en el proceso de ajuste de la PGAU. Se tuvo la oportunidad de participar el día 21 de octubre de 2020 en el Taller de socialización - Ajuste Política de Gestión Ambiental Urbana organizado y liderado por el MADS, y en el cual se dieron instrucciones para revisar y formular observaciones en torno al documento Propuesta preliminar - Documento técnico base para el ajuste a la PGAU (Versión de socialización y consulta), del cual se enviaron los comentarios que el GIT de la Coordinación considero oportuno plantear, el día 11 de noviembre de 2020. En la Imagen 3 se observa una reseña de lo comentado | G81: =E81 -> 1 | H81: ='TABLA 7 ESTRUCTURA PROGRAMÁTICA'!I60 -> 100 | I81: =E81 -> 1 | J81: =I81 -> 1 | K81: 0.5 | L81: =IF(C81=0,E81,(E81*K81)) -> 0.5 | M81: =IF(L81="N.A","N.A",L81*$K$78*$K$79) -> 0.01 | N81: =(IF(M81="N.A",0,M81))+N80 -> 0.3706
A82: ='TABLA 7 ESTRUCTURA PROGRAMÁTICA'!D61 -> 4.1.3 Gestión para la Incorporación de la biodiversidad y servicios ecosistémicos en la planificación urbana a través del ordenamiento ambiental del territorio (GAU). | B82: ='TABLA 7 ESTRUCTURA PROGRAMÁTICA'!K61 -> Política pública de GAU socializada e incorporada a las DA | C82: ='TABLA 7 ESTRUCTURA PROGRAMÁTICA'!E61 -> 0 | D82: 0 | E82: =IF(C82=0,"N.A",(D82/C82)*1) -> N.A | F82: No registra meta para el periodo evaluado. | G82: =E82 -> N.A | H82: ='TABLA 7 ESTRUCTURA PROGRAMÁTICA'!I61 -> 1 | I82: =E82 -> N.A | J82: =I82 -> N.A | K82: 0 | L82: =IF(C82=0,E82,(E82*K82)) -> N.A | M82: =IF(L82="N.A","N.A",L82*$K$78*$K$79) -> N.A | N82: =(IF(M82="N.A",0,M82))+N81 -> 0.3706
A83: AVANCE | J83: =I83 -> 0 | L83: =SUM(L80:L82) -> 1
A84: =A78 -> 4. PRODUCTIVIDAD SOSTENIBLE y BIODIVERCIUDAD : integrando lo SECTORIAL y lo URBAno | K84: 0.1
A85: ='TABLA 7 ESTRUCTURA PROGRAMÁTICA'!C63 -> 4.2 Gestión y apoyo regional a la implementación de la estrategia nacional de Economía circular y economía ambiental para la producción sostenible. | E85: =E86*$K86+E88*$K88+E89*$K89+E92*$K92 -> 1 | G85: =G86*$K86+G88*$K88+G89*$K89+G92*$K92 -> 1 | J85: =J86*$K86+J88*$K88+J89*$K89+J92*$K92 -> 1 | K85: 0.2
A86: ='TABLA 7 ESTRUCTURA PROGRAMÁTICA'!D63 -> 4.2.1 Promoción del aprovechamiento y valorización de residuos sólidos en el marco de los PGIRS. (incluye Socialización de esquemas de posconsumo y campañas conjuntas con los sistemas en el marco de educación para la gestión responsable de los residuos) | B86: ='TABLA 7 ESTRUCTURA PROGRAMÁTICA'!K63 -> Campañas educativas realizadas | C86: ='TABLA 7 ESTRUCTURA PROGRAMÁTICA'!E63 -> 2 | D86: 3 | E86: 1 | F86: REUNIONES VIRTUALES: 1. Reunión con los Coordinadores Ambientales de los Municipios del Departamento del Cesar. 2. Reunión con Integrantes del comité Coordinador del PGIR de Valledupar (interaseo, alcaldía de valledupar, y demás integrantes), para la recuperación puntos críticos de disposición de residuos sólidos. CAMPAÑA PRESENCIAL 3. Campaña hecha por jóvenes en Convenio entre CORPOCESAR y la Red Colombiana de Instituciones de Educación Superior - EDURED- para la gestión integral del suelo para la recuperación de este recurso natural en los Municipios de Valledupar, La Paz, San Diego, Manaure, Agustín Codazzi y Pueblo Bello en el Departamento del Cesar. | G86: =E86 -> 1 | H86: ='TABLA 7 ESTRUCTURA PROGRAMÁTICA'!I63 -> 8 | I86: =E86 -> 1 | J86: =I86 -> 1 | K86: 0.15 | L86: =IF(C86=0,E86,(E86*K86)) -> 0.15 | M86: =IF(L86="N.A","N.A",L86*$K$84*$K$85) -> 0.003 | N86: =(IF(M86="N.A",0,M86))+N82 -> 0.3736 | O86: 300000000 | P86: 250000000 | Q86: =P86/O86 -> 0.83333333 | R86: =O86 -> 300000000 | S86: =P86 -> 250000000 | T86: =Q86 -> 0.83333333 | V86: 3201 – Fortalecimiento del desempeño ambiental de los sectores productivos. | W86: 17. Porcentaje de Planes de Gestión Integral de Residuos Sólidos (PGIRS) con seguimiento a metas de aprovechamiento | X86: 12. Garantizar modalidades de consumo y producción sostenibles
A87: ='TABLA 7 ESTRUCTURA PROGRAMÁTICA'!D64 -> 4.2.2 Apoyo a la implementación de acciones para el desarrollo de la economía circular en el manejo de los residuos sólidos (proyectos pilotos) | B87: ='TABLA 7 ESTRUCTURA PROGRAMÁTICA'!K64 -> Proyectos pilotos apoyados | C87: ='TABLA 7 ESTRUCTURA PROGRAMÁTICA'!E64 -> 0 | D87: 0 | E87: =IF(C87=0,"N.A",(D87/C87)*1) -> N.A | F87: No registra meta para el periodo evaluado. | G87: =E87 -> N.A | H87: ='TABLA 7 ESTRUCTURA PROGRAMÁTICA'!I64 -> 5 | I87: =E87 -> N.A | J87: =I87 -> N.A | K87: 0 | L87: =IF(C87=0,E87,(E87*K87)) -> N.A | M87: =IF(L87="N.A","N.A",L87*$K$84*$K$85) -> N.A | N87: =(IF(M87="N.A",0,M87))+N86 -> 0.3736
A88: ='TABLA 7 ESTRUCTURA PROGRAMÁTICA'!D65 -> 4.2.3 Participación en Mesas Regionales de Economía Circular en el marco de las Comisiones Regionales de Competitividad. | B88: ='TABLA 7 ESTRUCTURA PROGRAMÁTICA'!K65 -> Participación en CRC | C88: ='TABLA 7 ESTRUCTURA PROGRAMÁTICA'!E65 -> 100 | D88: 100 | E88: =IF(C88=0,"N.A",(D88/C88)*1) -> 1 | F88: La Subdireccion de Gestión Ambiental participó en la Firma Pacto Regional Cesar por la Estrategia Nacional de Economía Circular en Colombia 2018-2022. | G88: =E88 -> 1 | H88: ='TABLA 7 ESTRUCTURA PROGRAMÁTICA'!I65 -> 100 | I88: =E88 -> 1 | J88: =I88 -> 1 | K88: 0.1 | L88: =IF(C88=0,E88,(E88*K88)) -> 0.1 | M88: =IF(L88="N.A","N.A",L88*$K$84*$K$85) -> 0.002 | N88: =(IF(M88="N.A",0,M88))+N87 -> 0.3756
A89: ='TABLA 7 ESTRUCTURA PROGRAMÁTICA'!D66 -> 4.2.4 Acompañamiento al proceso de actualización de los PGIRS, para garantizar inclusión de proyectos de aprovechamiento de residuos y seguimiento a la implementación | B89: ='TABLA 7 ESTRUCTURA PROGRAMÁTICA'!K66 -> PGIRS apoyados y con seguimiento | C89: ='TABLA 7 ESTRUCTURA PROGRAMÁTICA'!E66 -> 25 | D89: 25 | E89: =IF(C89=0,"N.A",(D89/C89)*1) -> 1 | F89: Se practicaron 25 visitas de seguimiento, donde se adelantaron los respectivas asesorías a los municipios en torno a la actualización del PGIRS, en concordancia a sus planes de desarrollo. Tambien se dió respuesta a las actualizaciones de los PGIR´S de los municipios de Codazzi, Curumaní. | G89: =E89 -> 1 | H89: ='TABLA 7 ESTRUCTURA PROGRAMÁTICA'!I66 -> 25 | I89: =E89 -> 1 | J89: =I89 -> 1 | K89: 0.25 | L89: =IF(C89=0,E89,(E89*K89)) -> 0.25 | M89: =IF(L89="N.A","N.A",L89*$K$84*$K$85) -> 0.005 | N89: =(IF(M89="N.A",0,M89))+N88 -> 0.3806
B90: ='TABLA 7 ESTRUCTURA PROGRAMÁTICA'!K67 -> PGIRS evaluados | C90: ='TABLA 7 ESTRUCTURA PROGRAMÁTICA'!E67 -> 0 | D90: 0 | E90: =IF(C90=0,"N.A",(D90/C90)*1) -> N.A | F90: No registra meta para el periodo evaluado. | G90: =E90 -> N.A | H90: ='TABLA 7 ESTRUCTURA PROGRAMÁTICA'!I67 -> 100 | I90: =E90 -> N.A | J90: =I90 -> N.A | K90: 0 | L90: =IF(C90=0,E90,(E90*K90)) -> N.A | M90: =IF(L90="N.A","N.A",L90*$K$84*$K$85) -> N.A | N90: =(IF(M90="N.A",0,M90))+N89 -> 0.3806
A91: ='TABLA 7 ESTRUCTURA PROGRAMÁTICA'!D68 -> 4.2.5 Apoyo al desarrollo de Proyectos pilotos de eliminación de plásticos de un solo uso. (hoteles, restaurantes y similares) | B91: ='TABLA 7 ESTRUCTURA PROGRAMÁTICA'!K68 -> Proyectos pilotos apoyados | C91: ='TABLA 7 ESTRUCTURA PROGRAMÁTICA'!E68 -> 0 | D91: 0 | E91: =IF(C91=0,"N.A",(D91/C91)*1) -> N.A | F91: No registra meta para el periodo evaluado. | G91: =E91 -> N.A | H91: ='TABLA 7 ESTRUCTURA PROGRAMÁTICA'!I68 -> 3 | I91: =E91 -> N.A | J91: =I91 -> N.A | K91: 0 | L91: =IF(C91=0,E91,(E91*K91)) -> N.A | M91: =IF(L91="N.A","N.A",L91*$K$84*$K$85) -> N.A | N91: =(IF(M91="N.A",0,M91))+N90 -> 0.3806
A92: ='TABLA 7 ESTRUCTURA PROGRAMÁTICA'!D69 -> 4.2.6 Gestión para la implementación de proyectos pilotos de biocomercio y turismo rural en ecorregiones estratégicas. | B92: ='TABLA 7 ESTRUCTURA PROGRAMÁTICA'!K69 -> Proyectos pilotos apoyados | C92: ='TABLA 7 ESTRUCTURA PROGRAMÁTICA'!E69 -> 1 | D92: 1 | E92: =IF(C92=0,"N.A",(D92/C92)*1) -> 1 | F92: Se realizó proceso de formación de marketing digital y apoyo a negocios verdes del sector turismo rural y biocomercio en el dpto del Cesar en el marco del Convenio suscrito con Asociación Agroambiental de Perijá - ASOAMP | G92: =E92 -> 1 | H92: ='TABLA 7 ESTRUCTURA PROGRAMÁTICA'!I69 -> 4 | I92: =G92 -> 1 | J92: =I92 -> 1 | K92: 0.5 | L92: =IF(C92=0,G92,(G92*K92)) -> 0.5 | M92: =IF(L92="N.A","N.A",L92*$K$84*$K$85) -> 0.01 | N92: =(IF(M92="N.A",0,M92))+N91 -> 0.3906
A93: AVANCE | J93: =I93 -> 0 | L93: =SUM(L86:L92) -> 1
A94: =A78 -> 4. PRODUCTIVIDAD SOSTENIBLE y BIODIVERCIUDAD : integrando lo SECTORIAL y lo URBAno | K94: =K84 -> 0.1
A95: ='TABLA 7 ESTRUCTURA PROGRAMÁTICA'!C71 -> 4.3 Apropiación de la Ciencia ambiental y de la tecnología para promover la producción sostenible en el dpto. del Cesar. | E95: =E99*$K99+E100*$K100 -> 1 | G95: =G99*$K99+G100*$K100 -> 1 | J95: =J99*$K99+J100*$K100 -> 1 | K95: 0.1
A96: ='TABLA 7 ESTRUCTURA PROGRAMÁTICA'!D71 -> 4.3.1 Conocimiento de potencialidad, promoción y apoyo a la implementación de proyectos de Energías renovables | B96: ='TABLA 7 ESTRUCTURA PROGRAMÁTICA'!K71 -> Proyectos de energías renovables promovidos y/o en desarrollo | C96: ='TABLA 7 ESTRUCTURA PROGRAMÁTICA'!E71 -> 0 | D96: 0 | E96: =IF(C96=0,"N.A",(D96/C96)*1) -> N.A | F96: El rol de la Corporación ha sido el de emitir conceptos en torno a la situación ambiental de proyectos de electrificación en zonas no interconectadas, que han sido presentado por parte de los municipios, especialmente, así como sobre consultas iniciales de proyectos presentados por empresas particulares. En lo que va corrido del año se ha conceptuado sobre 12 proyectos de generación de energía eléctrica a partir del aprovechamiento de la energía solar, en los municipios de Agustín Codazzi, Becerril, Chiriguaná, La Gloria, Manaure, Pueblo Bello, Valledupar. | G96: =E96 -> N.A | H96: ='TABLA 7 ESTRUCTURA PROGRAMÁTICA'!I71 -> 3 | I96: =E96 -> N.A | J96: =I96 -> N.A | K96: 0 | L96: =IF(C96=0,E96,(E96*K96)) -> N.A | M96: =IF(L96="N.A","N.A",L96*$K$94*$K$95) -> N.A | N96: =(IF(M96="N.A",0,M96))+N92 -> 0.3906 | O96: 100000000 | P96: 0 | Q96: =P96/O96 -> 0 | R96: =O96 -> 100000000 | S96: =P96 -> 0 | T96: =Q96 -> 0 | V96: 3201 – Fortalecimiento del desempeño ambiental de los sectores productivos. | W96: 18. Porcentaje de sectores con acompañamiento para la reconversión hacia sistemas sostenibles de producción | X96: 12. Garantizar modalidades de consumo y producción sostenibles
A97: ='TABLA 7 ESTRUCTURA PROGRAMÁTICA'!D72 -> 4.3.2 Promoción de procesos de mitigación y adaptación al cambio climático en Sectores productivos (Minería, agropecuario y comercio) | B97: ='TABLA 7 ESTRUCTURA PROGRAMÁTICA'!K72 -> Lineamientos establecidos/ sector | C97: ='TABLA 7 ESTRUCTURA PROGRAMÁTICA'!E72 -> 0 | D97: 0 | E97: =IF(C97=0,"N.A",(D97/C97)*1) -> N.A | F97: No registra meta para el periodo evaluado. | G97: =E97 -> N.A | H97: ='TABLA 7 ESTRUCTURA PROGRAMÁTICA'!I72 -> 3 | I97: =E97 -> N.A | J97: =I97 -> N.A | K97: 0 | L97: =IF(C97=0,E97,(E97*K97)) -> N.A | M97: =IF(L97="N.A","N.A",L97*$K$94*$K$95) -> N.A | N97: =(IF(M97="N.A",0,M97))+N96 -> 0.3906
A98: ='TABLA 7 ESTRUCTURA PROGRAMÁTICA'!D73 -> 4.3.3 Valoración económica ambiental y cuantificación del capital natural en el PIB dptal. | B98: ='TABLA 7 ESTRUCTURA PROGRAMÁTICA'!K73 -> Avance de estudio | C98: ='TABLA 7 ESTRUCTURA PROGRAMÁTICA'!E73 -> 0 | D98: 0 | E98: =IF(C98=0,"N.A",(D98/C98)*1) -> N.A | F98: No registra meta para el periodo evaluado. | G98: =E98 -> N.A | H98: ='TABLA 7 ESTRUCTURA PROGRAMÁTICA'!I73 -> 100 | I98: =E98 -> N.A | J98: =I98 -> N.A | K98: 0 | L98: =IF(C98=0,E98,(E98*K98)) -> N.A | M98: =IF(L98="N.A","N.A",L98*$K$94*$K$95) -> N.A | N98: =(IF(M98="N.A",0,M98))+N97 -> 0.3906
A99: ='TABLA 7 ESTRUCTURA PROGRAMÁTICA'!D74 -> 4.3.4 Participación en procesos intersectoriales de Salud Ambiental de los COTSA, a través de las mesas técnicas conformadas. | B99: ='TABLA 7 ESTRUCTURA PROGRAMÁTICA'!K74 -> Participación en Mesas técnicas | C99: ='TABLA 7 ESTRUCTURA PROGRAMÁTICA'!E74 -> 100 | D99: 100 | E99: =IF(C99=0,"N.A",(D99/C99)*1) -> 1 | F99: Se ha participado en las mesas virtuales convocadas por el COTSA en el primer semestre de 2020. | G99: =E99 -> 1 | H99: ='TABLA 7 ESTRUCTURA PROGRAMÁTICA'!I74 -> 100 | I99: =E99 -> 1 | J99: =I99 -> 1 | K99: 0.5 | L99: =IF(C99=0,E99,(E99*K99)) -> 0.5 | M99: =IF(L99="N.A","N.A",L99*$K$94*$K$95) -> 0.005 | N99: =(IF(M99="N.A",0,M99))+N98 -> 0.3956
A100: ='TABLA 7 ESTRUCTURA PROGRAMÁTICA'!D75 -> 4.3.5 Apoyo a la Implementación la Política Integral de Salud Ambiental a nivel territorial, desde las competencias de las CAR. | B100: ='TABLA 7 ESTRUCTURA PROGRAMÁTICA'!K75 -> Avance de la política territorial de Salud ambiental | C100: ='TABLA 7 ESTRUCTURA PROGRAMÁTICA'!E75 -> 20 | D100: 20 | E100: =IF(C100=0,"N.A",(D100/C100)*1) -> 1 | G100: =E100 -> 1 | H100: ='TABLA 7 ESTRUCTURA PROGRAMÁTICA'!I75 -> 100 | I100: =E100 -> 1 | J100: =I100 -> 1 | K100: 0.5 | L100: =IF(C100=0,E100,(E100*K100)) -> 0.5 | M100: =IF(L100="N.A","N.A",L100*$K$94*$K$95) -> 0.005 | N100: =(IF(M100="N.A",0,M100))+N99 -> 0.4006
J101: =I101 -> 0 | L101: =SUM(L96:L100) -> 1
...

Sheet ANEXO 5-1 INGRESOS
A2: ANEXO No. 5-1. INFORME DE EJECUCIÓN PRESUPUESTAL DE INGRESOS
A3: CORPORACIÓN AUTÓNOMA REGIONAL DEL CESAR >CORPOCESAR<
A4: RECURSOS VIGENCIA: | C4: 2019
B6: NIVEL RENTISTICO | C6: APROPIADO | D6: RECAUDADO | E6: % Ejec
A7: 3000 | B7: INGRESOS PROPIOS | C7: =SUM(C8+C32) -> 2.6518326e+10 | D7: =SUM(D8+D32) -> 2.0812123e+10 | E7: =D7*100/C7 -> 78.482038
A8: 3100 | B8: INGRESOS CORRIENTES | C8: =SUM(C9+C13) -> 2.3438326e+10 | D8: =SUM(D9+D13) -> 1.7732123e+10 | E8: =D8*100/C8 -> 75.654391
A9: 3110 | B9: Tributarios | C9: =SUM(C10+C11+C12) -> 12000000000 | D9: =SUM(D10+D11+D12) -> 1.2252613e+10 | E9: =D9*100/C9 -> 102.10511
B10: Participación Ambiental Municipios | C10: 0 | D10: 0 | E10: 0
B11: Sobretasa Ambiental | C11: 12000000000 | D11: 1.2252613e+10 | E11: =D11*100/C11 -> 102.10511
B12: Otros | C12: 0 | D12: 0 | E12: 0
A13: 3120 | B13: No Tributarios | C13: =SUM(C14+C17+C18+C19+C20+C25) -> 1.1438326e+10 | D13: =SUM(D14+D17+D18+D19+D20+D25) -> 5.4795098e+09 | E13: =D13*100/C13 -> 47.904822
A14: 3121 | B14: Venta de Bienes y Servicios | C14: =SUM(C15:C16) -> 800000000 | D14: =SUM(D15:D16) -> 5.3377891e+08 | E14: =D14*100/C14 -> 66.722364
B15: Licencias, permisos y tramites ambientales | C15: 800000000 | D15: 5.3377891e+08 | E15: =D15*100/C15 -> 66.722364
B16: Otros por Venta de Bienes y Servicios | C16: 0 | D16: 0 | E16: 0
A17: 3123 | B17: Operaciones Comerciales | C17: 0 | D17: 0 | E17: 0
A18: 3124 | B18: Aportes Patronales | C18: 0 | D18: 0 | E18: 0
A19: 3125 | B19: Aportes de Afiliados | C19: 0 | D19: 0 | E19: 0
A20: 3126 | B20: Aportes de otras entidades | C20: =SUM(C21:C24) -> 4.5383262e+09 | D20: =SUM(D21:D24) -> 7.5286118e+08 | E20: =D20*100/C20 -> 16.588961
B21: Transferencias Sector Electrico | C21: 1000000000 | D21: 7.5286118e+08 | E21: =D21*100/C21 -> 75.286118
B22: Compensación Explotación Carbón | C22: 0 | D22: 0 | E22: 0
B23: Convenios | C23: 3.5383262e+09 | D23: 0 | E23: 0
B24: Otros Aportes de Otras Entidades | C24: 0 | D24: 0 | E24: 0
A25: 3128 | B25: Otros Ingresos | C25: =SUM(C26:C31) -> 6100000000 | D25: =SUM(D26:D31) -> 4.1928697e+09 | E25: =D25*100/C25 -> 68.735569
B26: Tasa Retributiva y Compensatoria | C26: 1000000000 | D26: 182223330 | E26: =D26*100/C26 -> 18.222333
B27: Tasa Material de Arrastre | C27: 0 | D27: 0 | E27: 0
B28: Tasa por Uso del Agua | C28: 500000000 | D28: 225360433 | E28: =D28*100/C28 -> 45.072087
B29: Tasa Aprovechamiento Forestal | C29: 1000000000 | D29: 2.8073441e+08 | E29: =D29*100/C29 -> 28.073441
B30: Multas y Sanciones | C30: 400000000 | D30: 3.1507627e+08 | E30: =D30*100/C30 -> 78.769067
B31: Otros Ingresos | C31: 3200000000 | D31: 3189475278 | E31: =D31*100/C31 -> 99.671102
A32: 3200 | B32: RECURSOS DE CAPITAL | C32: 3080000000 | D32: 3080000000 | E32: =D32*100/C32 -> 100
A33: 3210 | B33: Crédito externo | C33: 0 | D33: 0 | E33: 0
A34: 3211 | B34: Perfeccionado | C34: 0 | D34: 0 | E34: 0
A35: 3212 | B35: Autorizado | C35: 0 | D35: 0 | E35: 0
A36: 3220 | B36: Crédito Interno | C36: 0 | D36: 0 | E36: 0
A37: 3221 | B37: Perfeccionado | C37: 0 | D37: 0 | E37: 0
A38: 3222 | B38: Autorizado | C38: 0 | D38: 0 | E38: 0
A39: 3230 | B39: Rendimientos Financieros | C39: 50000000 | D39: 10278023 | E39: =D39*100/C39 -> 20.556046
A40: 3250 | B40: Recursos del Balance | C40: =SUM(C41:C46) -> 3000000000 | D40: =SUM(D41:D46) -> 3.7302923e+09 | E40: =D40*100/C40 -> 124.34308
A41: 3251 | B41: Venta de Activos | C41: 0 | D41: 0 | E41: 0
A42: 3252 | B42: Excedentes Financieros | C42: 0 | D42: 0 | E42: 0
A43: 3253 | B43: Cancelación de Reservas | C43: 0 | D43: 0 | E43: 0
A44: 3254 | B44: Recuperación de Cartera | C44: 3000000000 | D44: 3.7302923e+09 | E44: =D44*100/C44 -> 124.34308
A45: 3255 | B45: Otros Recursos del Balance | C45: 0 | D45: 0 | E45: 0
A46: 3260 | B46: Donaciones | C46: 0 | D46: 0 | E46: 0
A47: 3500 | B47: RENTAS PARAFISCALES | C47: 0 | D47: 0 | E47: 0
A48: 4000 | B48: APORTES DE LA NACION | C48: =SUM(C49:C52) -> 5782050406 | D48: =SUM(D49:D52) -> 2.5094871e+09 | E48: =D48*100/C48 -> 43.401336
A49: 4100 | B49: Funcionamiento CSF | C49: 2775008557 | D49: 2.5094871e+09 | E49: =D49*100/C49 -> 90.43169
A50: 4100 | B50: Funcionamiento SSF | C50: 0 | D50: 0
A51: 4200 | B51: Servicio de la Deuda | C51: 0 | D51: 0 | E51: 0
A52: 4300 | B52: Inversión FONAM | C52: 3007041849 | D52: 0 | E52: 0
B53: TOTAL INGRESOS VIGENCIA | C53: =SUM(C7+C48) -> 3.2300377e+10 | D53: 2.9183473e+10 | E53: =D53*100/C53 -> 90.350255
A55: Elaboro: Armando Villazon | C55: =C53-C48 -> 2.6518326e+10 | D55: =D53-D48 -> 2.6673986e+10
A56: Nota: - Excedentes Financieros corresponden a Compensacion por Explotacion de Carbon - RCC / Recursos Libres de
A57: Compromisos liberados por efectos de liquidacion obligaciones.

Sheet Anexo 5-2 Gastos
A2: ANEXO No.5-2. INFORME DE EJECUCION PRESUPUESTAL DE GASTOS
A3: CORPORACIÓN AUTÓNOMA REGIONAL DEL CESAR
A4: RECURSOS VIGENCIA: | B4: 2018
A5: CONCEPTO | B5: RECURSOS PROPIOS $ | E5: RECURSOS DE LA NACION $ | H5: TOTAL RECURSOS (PROPIOS -NACION) $
B6: APROPIACION DEFINITIVA | C6: EJECUCION (COMPROMISOS) | D6: EJECUCION (PAGOS) | E6: APROPIACION DEFINITIVA | F6: EJECUCION (COMPROMISOS) | G6: EJECUCION (PAGOS) | H6: APROPIACION DEFINITIVA | I6: EJECUCION (COMPROMISOS) | J6: EJECUCION (PAGOS)
A7: GASTOS DE PERSONAL | B7: 2.2073468e+09 | C7: 2.1657929e+09 | D7: 2.1227428e+09 | E7: 2603836000 | F7: 2603836000 | G7: 2603836000 | H7: =SUM(B7+E7) -> 4.8111828e+09 | I7: =C7+F7 -> 4.7696289e+09 | J7: =D7+G7 -> 4.7265788e+09
A8: GASTOS GENERALES | B8: =SUM(B9:B11) -> 1.4487703e+09 | C8: =SUM(C9:C11) -> 1.4109323e+09 | D8: =SUM(D9:D11) -> 1.3710081e+09 | E8: =SUM(E9:E11) -> 46089000 | F8: 39175650 | G8: =F8 -> 39175650 | H8: =SUM(H9:H11) -> 1.4948593e+09 | I8: =SUM(I9:I11) -> 1.450108e+09 | J8: =SUM(J9:J11) -> 1.4101837e+09
A9: Adquisición de Bienes | B9: 12389146 | C9: 12389146 | D9: 12389146 | E9: 0 | F9: 0 | G9: =F9 -> 0 | H9: =+B9+E9 -> 12389146 | I9: =+C9+F9 -> 12389146 | J9: =+D9+G9 -> 12389146
A10: Adquisición de Servicios | B10: 1.4277187e+09 | C10: 1.3898808e+09 | D10: 1.3499565e+09 | E10: 46089000 | F10: 39175650 | G10: =F10 -> 39175650 | H10: =+B10+E10 -> 1.4738077e+09 | I10: =+C10+F10 -> 1.4290564e+09 | J10: =+D10+G10 -> 1.3891322e+09
A11: Impuestos y Multas | B11: 8662420 | C11: 8662420 | D11: 8662420 | E11: 0 | F11: 0 | G11: =F11 -> 0 | H11: =+B11+E11 -> 8662420 | I11: =+C11+F11 -> 8662420 | J11: =+D11+G11 -> 8662420
A12: TRANSFERENCIAS CORRIENTES | B12: =SUM(B14:B15) -> 4.4770889e+08 | C12: =SUM(C14:C15) -> 4.4770889e+08 | D12: =+D13+D17 -> 4.4770889e+08 | E12: =SUM(E14:E15) -> 6186000 | F12: 6186000 | G12: =F12 -> 6186000 | H12: =+H13+H17 -> 4.5389489e+08 | I12: =+I13+I17 -> 4.5389489e+08 | J12: =+J13+J17 -> 4.5389489e+08
A13: ADMINISTRACION PUBLICA CENTRAL | D13: =SUM(D14:D16) -> 4.4770889e+08 | G13: =F13 -> 0 | H13: =SUM(H14:H16) -> 4.5389489e+08 | I13: =SUM(I14:I16) -> 4.5389489e+08 | J13: =SUM(J14:J16) -> 4.5389489e+08
A14: Cuota de Auditaje Contaloria Nacional | B14: 40209577 | C14: 40209577 | D14: 40209577 | E14: 6186000 | F14: 6186000 | G14: =F14 -> 6186000 | H14: =+B14+E14 -> 46395577 | I14: =+C14+F14 -> 46395577 | J14: =+D14+G14 -> 46395577
A15: Fondo de Compensación Ambiental | B15: 4.0749931e+08 | C15: 4.0749931e+08 | D15: 4.0749931e+08 | E15: 0 | F15: 0 | G15: =F15 -> 0 | H15: =+B15+E15 -> 4.0749931e+08 | I15: =+C15+F15 -> 4.0749931e+08 | J15: =+D15+G15 -> 4.0749931e+08
A16: Otros | H16: =+B16+E16 -> 0 | I16: =+C16+F16 -> 0 | J16: =+D16+G16 -> 0
A17: TRANSFERENCIAS PREVISION Y SEGURIDAD SOCIAL | B17: =SUM(B18:B19) -> 0 | C17: =SUM(C18:C19) -> 0 | D17: =SUM(D18:D19) -> 0 | E17: =SUM(E18:E19) -> 0 | F17: =SUM(F18:F19) -> 0 | G17: =SUM(G18:G19) -> 0 | H17: =SUM(H18:H19) -> 0 | I17: =SUM(I18:I19) -> 0 | J17: =SUM(J18:J19) -> 0
A18: Mesadas Pensionales | B18: 0 | C18: 0 | D18: 0 | E18: 0 | F18: 0 | G18: 0 | H18: =+B18+E18 -> 0 | I18: =+C18+F18 -> 0 | J18: =+D18+G18 -> 0
A19: Bonos pensionales | B19: 0 | C19: 0 | D19: 0 | E19: 0 | F19: 0 | G19: 0 | H19: =+B19+E19 -> 0 | I19: =+C19+F19 -> 0 | J19: =+D19+G19 -> 0
A20: OTRAS TRANSFERENCIAS | B20: =+B21+B23 -> 0 | C20: =+C21+C23 -> 0 | D20: =+D21+D23 -> 0 | E20: =+E21+E23 -> 0 | F20: =+F21+F23 -> 0 | G20: =+G21+G23 -> 0 | H20: =+H21+H23 -> 0 | I20: =+I21+I23 -> 0 | J20: =+J21+J23 -> 0
A21: SENTENCIAS Y CONCILIACIONES | B21: =SUM(B22) -> 0 | C21: =SUM(C22) -> 0 | D21: =SUM(D22) -> 0 | E21: =SUM(E22) -> 0 | F21: =SUM(F22) -> 0 | G21: =SUM(G22) -> 0 | H21: =SUM(H22) -> 0 | I21: =SUM(I22) -> 0 | J21: =SUM(J22) -> 0
A22: Sentencias y Conciliaciones | B22: 0 | C22: 0 | D22: 0 | E22: 0 | F22: 0 | G22: 0 | H22: =+B22+E22 -> 0 | I22: =+C22+F22 -> 0 | J22: =+D22+G22 -> 0
A23: OTRAS | B23: 0 | C23: 0 | D23: 0 | E23: 0 | F23: 0 | G23: 0 | H23: =+B23+E23 -> 0 | I23: =+C23+F23 -> 0 | J23: =+D23+G23 -> 0
A24: TOTAL GASTOS DE FUNCIONAMIENTO | B24: =+B7+B8+B12+B20 -> 4103826000 | C24: =+C7+C8+C12+C20 -> 4.0244342e+09 | D24: =+D7+D8+D12+D20 -> 3.9414598e+09 | E24: =+E7+E8+E12+E20 -> 2656111000 | F24: =+F7+F8+F12+F20 -> 2649197650 | G24: =+G7+G8+G12+G20 -> 2649197650 | H24: =+H7+H8+H12+H20 -> 6759937000 | I24: =+I7+I8+I12+I20 -> 6.6736318e+09 | J24: =+J7+J8+J12+J20 -> 6.5906575e+09
A26: TOTAL INVERSION | B26: =SUM(B27:B66) -> 2.0501489e+10 | C26: =SUM(C27:C66) -> 1.9582263e+10 | D26: =SUM(D27:D66) -> 1.5615766e+10 | E26: =SUM(E27:E66) -> 34873054403 | F26: =SUM(F27:F66) -> 3.4838571e+10 | G26: =SUM(G27:G66) -> 0 | H26: =SUM(H27:H66) -> 55374543080 | I26: =SUM(I27:I66) -> 5.4420834e+10 | J26: =SUM(J27:J66) -> 1.5615766e+10
A27: 1.1- FORMULACION Y/O AJUSTE DE POMCAS, IMPLEMENTACION EVALUACION Y SEGUIMIENTO CUENCAS PRIORIZADAS | B27: 1898085525 | C27: 1871260093 | D27: 1.1178487e+09 | E27: 0 | F27: 0 | G27: 0 | H27: =B27+E27 -> 1898085525 | I27: =C27+F27 -> 1871260093 | J27: =D27+G27 -> 1.1178487e+09
A28: 1.2- FORMULACION E IMPLEMENTACION DE PLANES DE MANEJO DE MICROCUENCAS DPTO. CESAR | B28: 25000000 | C28: 24916145 | D28: 24916145 | E28: 0 | F28: 0 | G28: 0 | H28: =B28+E28 -> 25000000 | I28: =C28+F28 -> 24916145 | J28: =D28+G28 -> 24916145
A29: 1.3- FORMULACION E IMPLEMENTACION DE PLANES DE MANEJO AMBIENTAL DE ACUIFEROS EN DPTO. DEL CESAR | B29: 75000000 | C29: 42623777 | D29: 42623777 | E29: 0 | F29: 0 | G29: 0 | H29: =B29+E29 -> 75000000 | I29: =C29+F29 -> 42623777 | J29: =D29+G29 -> 42623777
A30: 1.4- GESTION E IMPLEMENTACION DEL PORH DEL RIO CESAR | B30: 10000000 | C30: 10000000 | D30: 10000000 | E30: 0 | F30: 0 | G30: 0 | H30: =B30+E30 -> 10000000 | I30: =C30+F30 -> 10000000 | J30: =D30+G30 -> 10000000
A31: 1.5- CONTROL SEGUIMIENTO PSMVS y PUEAA APROBADOS E IMPLEMENTACION ACCIONES USOS EFICIENTE DESCONTAMINA | B31: 360000000 | C31: 359708091 | D31: 358828041 | E31: 0 | F31: 0 | G31: 0 | H31: =B31+E31 -> 360000000 | I31: =C31+F31 -> 359708091 | J31: =D31+G31 -> 358828041
A32: 1.6- ACTUALIZACION BASE DATO DE USUARIOS Y REGLAMENTACION DE CORRIENTES ENFOCADA A LA VARIABILIDAD DEL CLIMA | B32: 50000000 | C32: 33881588 | D32: 33881588 | E32: 0 | F32: 0 | G32: 0 | H32: =B32+E32 -> 50000000 | I32: =C32+F32 -> 33881588 | J32: =D32+G32 -> 33881588
A33: 1.7- CONTROL Y SEGUMIENTO AL PROGRAMA DE LA TASA RETRIBUTIVA EN LA JURISDICCION CORPOCESAR | B33: 3.6273255e+08 | C33: 3.5339465e+08 | D33: 3.5339465e+08 | E33: 0 | F33: 0 | G33: 0 | H33: =B33+E33 -> 3.6273255e+08 | I33: =C33+F33 -> 3.5339465e+08 | J33: =D33+G33 -> 3.5339465e+08
A34: 2.1- PROMOCION Y APOYO IMPLEMENTAC POLITICA NACIONAL CAMBIO CLIMATICO GESTION IMPLEMENT MEDIDAS MITIGACIO | B34: 20000000 | C34: 1293000 | D34: 1293000 | E34: 0 | F34: 0 | G34: 0 | H34: =B34+E34 -> 20000000 | I34: =C34+F34 -> 1293000 | J34: =D34+G34 -> 1293000
A35: 2.2- ESTUDIOS INVESTIGAC Y CONOCIMIENT IMPLEMENTAR ACCIONES MITIGACION APROPIAD ADAPTAC CAMBIO CLIMATICO | B35: 115208700 | C35: 1435500 | D35: 1435500 | E35: 0 | F35: 0 | G35: 0 | H35: =B35+E35 -> 115208700 | I35: =C35+F35 -> 1435500 | J35: =D35+G35 -> 1435500
A36: 3.1- IDENTIFICACION, FORMULAC E IMPLEMENTAC MEDIDAS INTEGRALES CONSERVACION Y RECUPERACION RECURSO SUELO | B36: 645000000 | C36: 631401183 | D36: 2.1144492e+08 | E36: 0 | F36: 0 | G36: 0 | H36: =B36+E36 -> 645000000 | I36: =C36+F36 -> 631401183 | J36: =D36+G36 -> 2.1144492e+08
A37: 4.2- DECLARACION AREAS PROTEGIDAS IMPLEMENTAC OTRAS ESTRATEG CONSERVAC BIODIVERSIDAD Y FORMULAC PLANES | B37: 877000000 | C37: 843355280 | D37: 493606050 | E37: 0 | F37: 0 | G37: 0 | H37: =B37+E37 -> 877000000 | I37: =C37+F37 -> 843355280 | J37: =D37+G37 -> 493606050
A38: 4.3- FORMULACION E IMPLEMENTAC ACCIONES PRIORITAR MANEJO ECOSIST ESTRATEG (PARAMOS, BOSQUES SECO, HUMEDA | B38: 680000000 | C38: 678579512 | D38: 388579512 | E38: 0 | F38: 0 | G38: 0 | H38: =B38+E38 -> 680000000 | I38: =C38+F38 -> 678579512 | J38: =D38+G38 -> 388579512
... A61: D-PAGO PASIVOS EXIGIBLES VIGENCIAS ANTERIORES AUDINTERG S.A.S 19-6-0287-0-2014 | B61: 12082560 | C61: 12082560 | D61: 0 | E61: 0 | F61: 0 | G61: 0 | H61: =B61+E61 -> 12082560 | I61: =C61+F61 -> 12082560 | J61: =D61+G61 -> 0
A62: FONAM 3205-0900-2 CONSTRUCCION DE OBRA PARA EL CONTROL INUNDACION SOBRE LA MARGEN IZQUIERDA DEL RIO ARIGUANI | D62: 0 | E62: 9999842135 | F62: 9999578604 | G62: 0 | H62: =B62+E62 -> 9999842135 | I62: =C62+F62 -> 9999578604 | J62: =D62+G62 -> 0
A63: FONAM-C-3202-0900-4 IMPLEMENTACION DE ACCIONES DE MANEJO SOSTENIBLE EN LAS ZONAS SECAS MIGUILLO VARAS BLANCAS | D63: 0 | E63: 4995451401 | F63: 4.9951316e+09 | G63: 0 | H63: =B63+E63 -> 4995451401 | I63: =C63+F63 -> 4.9951316e+09 | J63: =D63+G63 -> 0
A64: FONAM-C-3202-0900-5 IMPLEMENTACION DE ACCIONES PLAN DE MANEJO PARAMOS SUBPARAMOS ALTA MONTAÑA SERRANIA DEL PERIJA | D64: 0 | E64: 5237806308 | F64: 5.2371478e+09 | G64: 0 | H64: =B64+E64 -> 5237806308 | I64: =C64+F64 -> 5.2371478e+09 | J64: =D64+G64 -> 0
A65: FONAM-C-3202-0900-3 RECUPERACION AMBIENTAL CENAGOSO DE ZAPATOSA, CORREGIMIENTO DE SALOA MUNICIPIO DE CHIMICHAGUA | D65: 0 | E65: 14639954559 | F65: 14606712828 | G65: 0 | H65: =B65+E65 -> 14639954559 | I65: =C65+F65 -> 14606712828 | J65: =D65+G65 -> 0
A66: E-PAGO PASIVOS EXIGIBLES VIGENCIAS ANTERIORES FUNDACION UNIVERSIDAD DEL VALLE 19-7-0003-0-2015 | B66: 384791300 | C66: 384791300 | D66: 0 | E66: 0 | F66: 0 | G66: 0 | H66: =B66+E66 -> 384791300 | I66: =C66+F66 -> 384791300 | J66: =D66+G66 -> 0
A67: TOTAL SERVICIO DE LA DEUDA | B67: 0 | C67: 0 | D67: 0 | E67: 0 | F67: 0 | G67: 0 | H67: =+B67+E67 -> 0 | I67: =+C67+F67 -> 0 | J67: =+D67+G67 -> 0
A68: TOTAL PRESUPUESTO | B68: =+B24+B26+B67 -> 2.4605315e+10 | C68: =+C24+C26+C67 -> 2.3606697e+10 | D68: =+D24+D26+D67 -> 1.9557226e+10 | E68: =+E24+E26+E67 -> 37529165403 | F68: =+F24+F26+F67 -> 3.7487769e+10 | G68: =+G24+G26+G67 -> 2649197650 | H68: =+H24+H26+H67 -> 62134480080 | I68: =+I24+I26+I67 -> 6.1094466e+10 | J68: =+J24+J26+J67 -> 2.2206423e+10
A69: 1 En la columna ejecucion "Compromisos" se deben registrar los compromisos que quedaron con Registro Presupuestal
H70: =SUM(H27:H57) -> 1.94069e+10 | I70: =SUM(I27:I57) -> 1.8487674e+10
I71: =I70/H70 -> 0.95263408

Sheet graficos
A3: E Meta Física | B3: 0.979
A4: E Meta Financiera | B4: 0.95
A5: Eficiencia | B5: =SUM(B3*B3/B4) -> 1.0088853

Sheet Hoja2
A3: 1.1 | B3: 0.8 | C3: 0.98
A4: 1.2 | B4: 0.2 | C4: 1
A5: 1.3 | B5: 0.7 | C5: 1
A6: 1.4 | B6: 1 | C6: 0
A7: 1.5 | B7: 0.933 | C7: 0.99
A8: 1.6. | B8: 1 | C8: NA
A9: 1.7 | B9: 1 | C9: 0.9
A23: 2.1 | B23: 1 | C23: 0.15
A24: 2.2 | B24: 1 | C24: 0.98
A35: 7.1 | B35: 0.96 | C35: 0.94
A36: 7.2 | B36: 1 | C36: 0.62
A50: 5.1 | B50: 0.864 | C50: 0.91
A51: 5.2 | B51: 0.075 | C51: 0
B56: Programa | C56: Ponderación
D57: Meta física | E57: Meta financiera | F57: Meta Física | G57: Meta financiera
B58: 1.AGUA | C58: 30
B59: 2. CAMBIO CLIMÁTICO | C59: 30
B60: 3. SUELO | C60: 5
B61: 4. BIODIVERSIDAD | C61: 5
B62: 5. GESTIÓN AMBIENTAL URBANA | C62: 5
B63: 6. TRÁMITES Y AUTORIZACIONES AMBIENTALES | C63: 5
B64: 7. ORDENAMIENTO AMBIENTAL TERRITORIAL | C64: 5
B65: 8.CONOCIMIENTO E INFORMACIÓN AMBIENTAL | C65: 5
B66: 9. EDUCACIÓN AMBIENTAL | C66: 4
B67: 10. MINORÍAS ETNICAS | C67: 3
B68: 11.DESARROLLO INSTITUCIONA | C68: 3
B69: TOTAL
A83: PROYECTO | B83: Meta fis 2016 | C83: Meta fin 2016
A84: 4.1 | B84: 1 | C84: 0.33
A85: 4.2 | B85: 0.986 | C85: 0.87
A86: 4.3 | B86: 0.687 | C86: 0.89
A87: 4.4 | B87: 1 | C87: 1
A96: PROYECTO | B96: Meta fis 2017 | C96: Meta fin 2017
A97: 5.1 | B97: 0.778 | C97: 0.79
A98: 5.2 | B98: 1 | C98: 0.33
B110: AVANCE
A111: PROYECTO | B111: Meta fis 2017 | C111: Meta fin 2017
A112: 6.1 | B112: 0.868 | C112: 0.7
A113: 6.3 | B113: 0.944 | C113: 0.98

Sheet GASTOS RCC
A2: MINISTERIO DE AMBIENTE, VIVIENDA Y DESARROLLO TERRITORIAL
A3: INFORME DE EJECUCION PRESUPUESTAL ACUMULADA DE GASTOS DE INVERSIÓN RCC - JUNIO 30 /2013
A4: CORPORACION AUTONOMA REGIONAL DEL CESAR >CORPOCESAR<
A5: RECURSOS VIGENCIA (2013):
A6: CONCEPTO | B6: APROPIACION | C6: EJECUCION | D6: % EJEC | E6: SALDO PRO EJECUTAR | F6: % POR EJECUTAR | G6: Pagos acumulados RCC | H6: Saldo pro pagar RC
A7: 113.900.1 (7.1) | B7: 5.7093975e+08 | C7: 0 | D7: =C7/B7*100 -> 0 | E7: =B7-C7 -> 5.7093975e+08 | F7: =E7/B7*100 -> 100 | G7: 0 | H7: =C7-G7 -> 0
A8: 123.900.4 (5.6) | B8: 200000000 | C8: 0 | D8: =C8/B8*100 -> 0 | E8: =B8-C8 -> 200000000 | F8: =E8/B8*100 -> 100 | G8: 0 | H8: =C8-G8 -> 0
A9: 123.900.4 (5.3) | B9: 90777500 | C9: 0 | D9: =C9/B9*100 -> 0 | E9: =B9-C9 -> 90777500 | F9: =E9/B9*100 -> 100 | G9: 0 | H9: =C9-G9 -> 0
A10: 310.900.5 (6.1) | B10: 200000000 | C10: 0 | D10: =C10/B10*100 -> 0 | E10: =B10-C10 -> 200000000 | F10: =E10/B10*100 -> 100 | G10: 0 | H10: =C10-G10 -> 0
A11: 410.903.6 (2.2) | B11: 1.2046099e+09 | C11: 115912239 | D11: =C11/B11*100 -> 9.622388 | E11: =B11-C11 -> 1.0886977e+09 | F11: =E11/B11*100 -> 90.377612 | G11: 57956120 | H11: =C11-G11 -> 57956120
A12: 410.903.7 (2.3) | B12: 30000000 | C12: 0 | D12: =C12/B12*100 -> 0 | E12: =B12-C12 -> 30000000 | F12: =E12/B12*100 -> 100 | G12: 0 | H12: =C12-G12 -> 0
A13: 410.903.7 (2.7) | B13: 1.9873191e+08 | C13: 1.9873191e+08 | D13: =C13/B13*100 -> 100 | E13: =B13-C13 -> 0 | F13: =E13/B13*100 -> 0 | G13: 106602560 | H13: =C13-G13 -> 92129349
A14: 410.903.9 (2.9) | B14: 471670000 | C14: 0 | D14: =C14/B14*100 -> 0 | E14: =B14-C14 -> 471670000 | F14: =E14/B14*100 -> 100 | G14: 0 | H14: =C14-G14 -> 0
A15: 410.903.11 (5.5) | B15: 1.2822185e+10 | C15: 0 | D15: =C15/B15*100 -> 0 | E15: =B15-C15 -> 1.2822185e+10 | F15: =E15/B15*100 -> 100 | G15: 0 | H15: =C15-G15 -> 0
A16: 410.903.13 (1.2) | B16: 483200000 | C16: 0 | D16: =C16/B16*100 -> 0 | E16: =B16-C16 -> 483200000 | F16: =E16/B16*100 -> 100 | G16: 0 | H16: =C16-G16 -> 0
A17: 410.903.14 (2.5) | B17: 60000000 | C17: 0 | D17: =C17/B17*100 -> 0 | E17: =B17-C17 -> 60000000 | F17: =E17/B17*100 -> 100 | G17: 0 | H17: =C17-G17 -> 0
A18: 410.903.15 (2.8) | B18: 200000000 | C18: 0 | D18: =C18/B18*100 -> 0 | E18: =B18-C18 -> 200000000 | F18: =E18/B18*100 -> 100 | G18: 0 | H18: =C18-G18 -> 0
... A27: 420.1200.2 (5.7) | B27: 250000000 | C27: 0 | D27: =C27/B27*100 -> 0 | E27: =B27-C27 -> 250000000 | F27: =E27/B27*100 -> 100 | G27: 0 | H27: =C27-G27 -> 0
A28: GRAN TOTAL | B28: =SUM(B7:B27) -> 1.8910465e+10 | C28: =SUM(C7:C27) -> 6.1464415e+08 | D28: =C28/B28*100 -> 3.2502857 | E28: =B28-C28 -> 1.8295821e+10 | F28: =E28/B28*100 -> 96.749714 | G28: =SUM(G7:G27) -> 2.3955868e+08 | H28: =SUM(H7:H27) -> 3.7508547e+08

Sheet Hoja1
A1: Periodo 2013 | D1: Periodo 2014 | F1: Periodo 2015
A2: No Usuarios identificados | B2: No Usuarios legalizados | C2: Porcentaje de legalización | D2: No Usuarios identificados | E2: No Usuarios legalizados | F2: No Usuarios a identificar | G2: No Usuarios por legalizar | R2: 2013-2014
A3: 135 | B3: 65 | C3: 0.48 | D3: 120 | E3: 0.525 | F3: 120 | G3: 0.7 | R3: CLASE | S3: Nº INDIVIDUOS
R4: MAMÍFEROS | S4: =36+S11 -> 59
R5: AVES | S5: =30+S12 -> 56
R6: REPTILES | S6: =768+S13 -> 867
C7: 2013 | E7: 2014 | G7: 2015 | J7: =6/14 -> 0.42857143 | K7: =17/23 -> 0.73913043 | L7: =18/25 -> 0.72 | R7: Total | S7: =SUM(S4:S6) -> 982
L8: =206/340 -> 0.60588235
S11: 23
S12: 26
S13: 99
E14: 3 | G14: 0.3 | H14: =G14/E14 -> 0.1
C17: Avance periodo plan
C18: 2012 | E18: 44 | G18: =E18*0.25 -> 11
C19: 2013 | E19: 82 | G19: =E19*0.25 -> 20.5 | H19: =E19*0.33 -> 27.06 | I19: FÍSICA | J19: 0.57
C20: 2014 | E20: 87 | G20: =E20*0.25 -> 21.75 | H20: =E20*0.34 -> 29.58 | I20: FINANCIERA | J20: 0.58
C21: 2015 | E21: 90 | G21: =E21*0.25 -> 22.5
E23: 86 | G23: =E23*0.33 -> 28.38
E24: 89 | G24: =E24*0.33 -> 29.37
E26: =400/859 -> 0.46565774
E27: 2570000000 | F27: 2297200000
E28: 2297200000
I32: =8/9 -> 0.88888889 | K32: =4/7 -> 0.57142857 | N32: =281/358 -> 0.7849162

Sheet Avance Metas RAE 2014
A1: PROYECTO/ACTIVIDAD | B1: META 2014 | C1: OBSERVACIÓN | D1: RESPONSABLES
A2: ='ANEXO 1. MATRIZ DE SEGUIMIENTO'!A8 -> 1.1. Gestión e implentación de acciones integrales para la restauración ecológica en el departamento del Cesar
A3: ='ANEXO 1. MATRIZ DE SEGUIMIENTO'!A18 -> 1.2.3 Gestión sinérgica para la promoción y creación de capacidad técnica para la implementación del manejo SSC. | B3: 1 Acción | C3: No se ha definido qué acción se va a implementar | D3: Jorge Carpio - Wilson Marquez - Libardo Lascarro
A4: ='ANEXO 1. MATRIZ DE SEGUIMIENTO'!#REF! -> #REF!
A5: ='ANEXO 1. MATRIZ DE SEGUIMIENTO'!#REF! -> #REF! | B5: 1 Línea Base hidrológica y de usuarios levantada | C5: Definir cómo se va a cumplir con la meta | D5: Leuger Cortés
A6: ='ANEXO 1. MATRIZ DE SEGUIMIENTO'!#REF! -> #REF!
A7: ='ANEXO 1. MATRIZ DE SEGUIMIENTO'!#REF! -> #REF! | B7: 250 muestras analizadas | C7: No se han presentado los estudios previos para su contratación | D7: Eduardo López
A8: ='ANEXO 1. MATRIZ DE SEGUIMIENTO'!#REF! -> #REF! | B8: 1 Sistema diseñado e implementado | C8: No se han presentado los estudios previos para su contratación
A9: ='ANEXO 1. MATRIZ DE SEGUIMIENTO'!#REF! -> #REF! | B9: 1 ente territorial o persona prestadora apoyado | C9: No se ha definido la ejecución de esta actividad
A10: ='ANEXO 1. MATRIZ DE SEGUIMIENTO'!#REF! -> #REF!
A11: ='ANEXO 1. MATRIZ DE SEGUIMIENTO'!#REF! -> #REF! | B11: 100% asistencias técnicas | C11: Definir las acciones a desarrollar | D11: =D7 -> Eduardo López
A12: ='ANEXO 1. MATRIZ DE SEGUIMIENTO'!#REF! -> #REF!
A13: ='ANEXO 1. MATRIZ DE SEGUIMIENTO'!#REF! -> #REF! | B13: 1 sistema de AP o SB con apoyo | C13: Definir las acciones a desarrollar con Aguas del Cesar | D13: =D11 -> Eduardo López
A14: ='ANEXO 1. MATRIZ DE SEGUIMIENTO'!#REF! -> #REF!
A15: ='ANEXO 1. MATRIZ DE SEGUIMIENTO'!#REF! -> #REF! | B15: 2 Estudios | C15: Se presentó un borrador del estudio previo. Agilizar la entrega formal para iniciar el proceso de contratación | D15: Jorge Armenta
A16: ='ANEXO 1. MATRIZ DE SEGUIMIENTO'!#REF! -> #REF! | B16: 1 Corriente delimitada | C16: El responsable manifiesta estar adelantando los estudios previos. Agilizar la entrega formal para iniciar el proceso de contratación
A17: ='ANEXO 1. MATRIZ DE SEGUIMIENTO'!#REF! -> #REF! | B17: 1 mapa de amenazas | C17: El responsable manifiesta estar adelantando los estudios previos. Agilizar la entrega formal para iniciar el proceso de contratación | D17: =D15 -> Jorge Armenta
A18: ='ANEXO 1. MATRIZ DE SEGUIMIENTO'!#REF! -> #REF! | B18: 1 Convenio | C18: Definir qué se va a hacer al respecto | D18: Jorge Carpio - Maria Cristina Robayo
A19: ='ANEXO 1. MATRIZ DE SEGUIMIENTO'!#REF! -> #REF! | B19: 3 Convenios | C19: Agilizar la formalización de los convenios con los cuerpos de bomberos | D19: Asdrubal González - Horacio García
A20: ='ANEXO 1. MATRIZ DE SEGUIMIENTO'!#REF! -> #REF! | B20: 1 Convenio | C20: Definir qué tipo de apoyo se va a dar | D20: Asdrubal González - Horacio García
A21: ='ANEXO 1. MATRIZ DE SEGUIMIENTO'!#REF! -> #REF! | B21: 3 Acciones implementadas sobre sitios críticos | C21: Se inició la ejecución del módulo de gestión del riesgo, limpieza de caños. Falta definir la otra acción | D21: Leuger Cortés
A22: ='ANEXO 1. MATRIZ DE SEGUIMIENTO'!#REF! -> #REF!
A23: ='ANEXO 1. MATRIZ DE SEGUIMIENTO'!#REF! -> #REF! | B23: 11 Obras de mitigación realizadas | C23: La ejecución de las obras va atrasada. Se debe definir si se va a posponer la meta y justificar claramente ante la Subdirección de Planeación, para presentar propuesta ante el Consejo Directivo | D23: Leuger Cortés
A24: ='ANEXO 1. MATRIZ DE SEGUIMIENTO'!#REF! -> #REF!
A25: ='ANEXO 1. MATRIZ DE SEGUIMIENTO'!#REF! -> #REF! | B25: 156 Ha mantenidas | C25: Si no se va a realizar el mantenimiento de las hectáreas reforestadas, justificar bien para presentar propuesta ante el Consejo Directivo. | D25: Leuger Cortés
A26: ='ANEXO 1. MATRIZ DE SEGUIMIENTO'!#REF! -> #REF!
A27: ='ANEXO 1. MATRIZ DE SEGUIMIENTO'!#REF! -> #REF! | B27: 100 Ha Reforestadas | C27: Se tenía contemplado la reforestación en la cuenca del río Garupal. Si se decidió no realizar esta reforestación, presentar la justificación completa a la Subdirección de Planeación para presentar propuesta ante el Consejo Directivo. | D27: Leuger Cortés
A28: ='ANEXO 1. MATRIZ DE SEGUIMIENTO'!#REF! -> #REF! | B28: 100 ha Mantenidas
A29: ='ANEXO 1. MATRIZ DE SEGUIMIENTO'!#REF! -> #REF! | B29: 40 Ha Reforestadas
A30: ='ANEXO 1. MATRIZ DE SEGUIMIENTO'!#REF! -> #REF! | B30: 40 Ha Mantenidas
A31: ='ANEXO 1. MATRIZ DE SEGUIMIENTO'!#REF! -> #REF!
A32: ='ANEXO 1. MATRIZ DE SEGUIMIENTO'!#REF! -> #REF! | B32: 100% avance del estudio | C32: Esta actividad es ejecutada con el Convenio con la Fundación Herencia Ambiental Caribe. Lleva un avance del 50% | D32: Wilson Marquez
B33: 1 área declarada | C33: Definir si esta meta se alcanza a cumplir al finalizar el periodo 2014, de lo contrario presentar justificación para postergar la meta para el 2015 ante el CD.
A34: ='ANEXO 1. MATRIZ DE SEGUIMIENTO'!#REF! -> #REF! | B34: 1 ente/sector con apoyo | C34: En los informes presentados, siempre se manifiesta que se tiene previsto suscribir carta de entendimiento con Corpoica para la declaratoria del predio Motilonia. Se requiere avanzar definitivamente, en esta actividad. | D34: =D32 -> Wilson Marquez
A35: ='ANEXO 1. MATRIZ DE SEGUIMIENTO'!#REF! -> #REF!
A36: ='ANEXO 1. MATRIZ DE SEGUIMIENTO'!#REF! -> #REF! | B36: 1 Zona con delimitación | C36: En el informe de avance, se manifiesta que se adelanta con el Instituto Von Humboldt, la definición de los lineamientos o terminos de referencia para la delimitación de páramos en el país. Por lo tanto, se debe definir si al finalizar el periodo 2014 sí se alcanza a cumplir la meta de delimitar 1 zona de páramos. Si no es posible el cumplimiento de la meta, se debe presentar la debida justificación para solicitar ante el CD el aplazamiento de la meta. | D36: Wilson Marquez
A37: ='ANEXO 1. MATRIZ DE SEGUIMIENTO'!#REF! -> #REF! | B37: 2 Acciones | C37: Definir si para el periodo 2014 se cumple la meta, o es necesario su aplazamiento. En este caso, presentar la debida justificación
A38: ='ANEXO 1. MATRIZ DE SEGUIMIENTO'!#REF! -> #REF! | B38: 1 Humedal con procesos de delimitación apoyados por la CAR | C38: Definir la ejecución de esta actividad, si es realizable en el periodo 2014 | D38: Libardo Lascarro
A39: ='ANEXO 1. MATRIZ DE SEGUIMIENTO'!#REF! -> #REF! | B39: 1 Acción | C39: Definir qué se va a realizar, para el cumplimiento de la meta | D39: Leuger Cortés
A40: ='ANEXO 1. MATRIZ DE SEGUIMIENTO'!#REF! -> #REF!
A41: ='ANEXO 1. MATRIZ DE SEGUIMIENTO'!#REF! -> #REF! | B41: 1 Plan de manejo | C41: Fueron presentados los estudios previos y está en proceso de formulación el proyecto | D41: Wilson Marquez
A42: ='ANEXO 1. MATRIZ DE SEGUIMIENTO'!#REF! -> #REF!
A43: ='ANEXO 1. MATRIZ DE SEGUIMIENTO'!#REF! -> #REF! | B43: 1 Diseño STAR | C43: Definir la ejecución de esta actividad | D43: Eduardo López
A44: ='ANEXO 1. MATRIZ DE SEGUIMIENTO'!#REF! -> #REF! | B44: 1 STAR en funcionamiento | C44: Definir la ejecución de esta actividad
A45: ='ANEXO 1. MATRIZ DE SEGUIMIENTO'!#REF! -> #REF! | B45: 10 Ha de espejo de agua | C45: Se inició proceso contractual para la limpieza y destaponamiento de caños, en el área de influencia de la ciénaga. Verificar el cumplimiento de la meta | D45: Libardo Lascarro
A46: ='ANEXO 1. MATRIZ DE SEGUIMIENTO'!#REF! -> #REF!
A47: ='ANEXO 1. MATRIZ DE SEGUIMIENTO'!#REF! -> #REF! | B47: 1 proyecto productivo con apoyo | C47: Fueron presentados los estudios previos a la subdirección de planeación, la cual realizó una serie de observaciones y se está a la espera del ajuste de los mismos para que inicie el proceso de contratación. | D47: Jorge Carpio
A48: ='ANEXO 1. MATRIZ DE SEGUIMIENTO'!#REF! -> #REF! | B48: 1 Sistema de abastecimiento construido | C48: Los estudios previos de esta actividad están bajo la responsabilidad del Ing. Antonio Pastrana, el cual a la fecha no ha presentado los estudios previos respectivos.
B49: 1 sistema de saneamiento construido
A50: ='ANEXO 1. MATRIZ DE SEGUIMIENTO'!#REF! -> #REF! | B50: 1 Acción | C50: No se ha definido qué acción se va a implementar
A51: ='ANEXO 1. MATRIZ DE SEGUIMIENTO'!#REF! -> #REF! | B51: 1 Acción | C51: Fueron presentados los estudios previos a la subdirección de planeación, la cual realizó una serie de observaciones y se está a la espera del ajuste de los mismos para que inicie el proceso de contratación. | D51: =D47 -> Jorge Carpio
A52: ='ANEXO 1. MATRIZ DE SEGUIMIENTO'!#REF! -> #REF!
A53: ='ANEXO 1. MATRIZ DE SEGUIMIENTO'!#REF! -> #REF! | B53: 1200 Vehículos automotores | C53: Agilizar la ejecución de esta actividad, para el cumplimiento de las metas | D53: Alvaro Zuleta
B54: 600 motocicletas
A55: ='ANEXO 1. MATRIZ DE SEGUIMIENTO'!#REF! -> #REF!
A56: ='ANEXO 1. MATRIZ DE SEGUIMIENTO'!#REF! -> #REF! | B56: 1 Sistema implementado y operando | C56: Definir la ejecución de esta actividad | D56: Alvaro Zuleta
A57: ='ANEXO 1. MATRIZ DE SEGUIMIENTO'!#REF! -> #REF! | B57: 365 mediciones automáticas | C57: En el informe de avance, se manifiesta que el equipo TEOM esta por fuera de funcionamiento desde el segundo semestre del año 2012, el equipo fue dado de baja. Definir entonces si no se va a cumplir la meta en el 2014, la justificación respectiva para presentar solicitud ante el CD. | D57: Alvaro Zuleta
A58: ='ANEXO 1. MATRIZ DE SEGUIMIENTO'!#REF! -> #REF! | B58: 1 Estudio | C58: Definir la ejecución de esta actividad. | D58: NO TIENE RESPONSABLE
A59: ='ANEXO 1. MATRIZ DE SEGUIMIENTO'!#REF! -> #REF!
A60: ='ANEXO 1. MATRIZ DE SEGUIMIENTO'!#REF! -> #REF! | B60: 10 Campañas | C60: Ejecutar la actividad para cumplir con la meta del periodo 2014 | D60: Carlos Andrade
A61: ='ANEXO 1. MATRIZ DE SEGUIMIENTO'!#REF! -> #REF! | B61: 1 Equipo | C61: Los estudios previos fueron presentados por el Ing. Jorge Armenta, sin embargo, aún no se ha iniciado el proceso de contratación. | D61: Jorge Armenta
A62: ='ANEXO 1. MATRIZ DE SEGUIMIENTO'!#REF! -> #REF!
A63: ='ANEXO 1. MATRIZ DE SEGUIMIENTO'!#REF! -> #REF! | B63: 5 Proyectos apoyados | C63: Se inició la ejecución de un proyecto para la implementación de acciones para el desarrollo de la protección de la especie de la Abeja Apis mellifera africanizada, sin embargo, falta por apoyar 4 proyectos | D63: Alex Ospino
A64: ='ANEXO 1. MATRIZ DE SEGUIMIENTO'!#REF! -> #REF!
A65: ='ANEXO 1. MATRIZ DE SEGUIMIENTO'!#REF! -> #REF! | B65: 2 generadores de RP regulados | C65: No se han presentado los estudios previos para su contratación | D65: Alex Ospino
A66: ='ANEXO 1. MATRIZ DE SEGUIMIENTO'!#REF! -> #REF! | B66: 10 sistios inventriados | C66: No se ha avanzado en esta actividad
A67: ='ANEXO 1. MATRIZ DE SEGUIMIENTO'!#REF! -> #REF! | B67: 1 sitio recuperado | C67: =C66 -> No se ha avanzado en esta actividad
A68: ='ANEXO 1. MATRIZ DE SEGUIMIENTO'!#REF! -> #REF!
A69: ='ANEXO 1. MATRIZ DE SEGUIMIENTO'!#REF! -> #REF! | B69: 1 Estrategia | C69: Se tiene conocimiento de que se elaboraron los estudios previos, sin embargo, aún no se ha iniciado el proceso de contratación | D69: Alex Ospino
A70: ='ANEXO 1. MATRIZ DE SEGUIMIENTO'!#REF! -> #REF!
A71: ='ANEXO 1. MATRIZ DE SEGUIMIENTO'!#REF! -> #REF! | B71: 25 Bachilleres | C71: No se ha avanzado en esta actividad | D71: Ismael Escorcia
A72: ='ANEXO 1. MATRIZ DE SEGUIMIENTO'!#REF! -> #REF!
A73: ='ANEXO 1. MATRIZ DE SEGUIMIENTO'!#REF! -> #REF! | B73: 50% Fondocumental organizado y sistematizado | C73: En el informe de avance se manifiesta que se realizaron estudios previos, sin embargo, aún no se ha iniciado el proceso de contratación | D73: Erika Mendoza
B74: 1 Dotación de Equipo
B75: 1 Dotación de útiles de oficina

Sheet Avance Metas RCC 2014
A1: ESTADO DE EJECUCIÓN DE PROYECTOS FINANCIADOS CON RECURSOS DE COMPENSACIÓN DEL CARBÓN - RCC
A3: PROYECTO/ACTIVIDAD | B3: META | C3: OBSERVACIÓN | D3: RESPONSABLES | E3: PRESUPUESTO RCC
A4: 1.5.3 Fortalecimiento del Componente ambiental del plan Dptal de Aguas del Cesar a través de la Vinculación CAR procesos ambiental PDA
A5: ='ANEXO 1. MATRIZ DE SEGUIMIENTO'!#REF! -> #REF! | B5: 1 Sistema de Agua potable o saneamiento básico con apoyo | C5: No se ha definido qué acción se va a implementar | D5: Eduardo López | E5: 51647643
A6: 2.2.3 Prevención y Mitigación del riesgo y desastres naturales en la jurisdicción de Corpocesar
A7: No tiene actividad | B7: No tiene meta | C7: Una vez realizados los Convenios con los municipios para la construcción de obras de control de erosión, quedó un saldo de $42.086.600,62. Se debe definir qué se va a ejecutar con este recurso | D7: Leuger Cortés | E7: 42086601
A8: 3.1.2 Implementación del Plan de Ordenación Forestal del Departamento del Cesar
A9: ='Avance Metas RAE 2014'!A27 -> #REF! | B9: 100 Ha Reforestadas | C9: Se tenía contemplado la reforestación en la cuenca del río Garupal. Si se decidió no realizar esta reforestación, presentar la justificación completa a la Subdirección de Planeación para presentar propuesta ante el Consejo Directivo. | D9: =D7 -> Leuger Cortés | E9: 483200000
A10: ='Avance Metas RAE 2014'!A28 -> #REF! | B10: 100 ha Mantenidas
A11: ='Avance Metas RAE 2014'!A29 -> #REF! | B11: 40 Ha Reforestadas
A12: ='Avance Metas RAE 2014'!A30 -> #REF! | B12: 40 Ha Mantenidas
A13: 3.1.3 Implementación de acciones de Revegetalización para la protección Recurso Hídrico
A14: ='TABLA 7 ESTRUCTURA PROGRAMÁTICA'!D143 -> 6.3.1 Apoyo a la estructuración, implementación y evaluación de compromisos en negocios verdes con enfoque cultural y/o diferencial (comunidad étnica, y afrodescendiente). en armonía con la actividad 5.1.4 | B14: 1 Estudio | C14: Meta programada para el 2013, que aún no ha sido ejecutada | D14: =D9 -> Leuger Cortés | E14: 471670000
A15: 3.2.5 Ejecución plan manejo Ambiental y acciones prioritarias de mitigación ERE-CCZ
A16: ='TABLA 7 ESTRUCTURA PROGRAMÁTICA'!D164 -> 8.1.5 Ejecución de las inversiones en preservación, restauración, uso sostenible y generación de conocimiento (art. 11 de la Ley 1955 de 2019 y los artículos 24 y 25 de la Ley 1930 de 2018) y Participación en los espacios de consulta pública de los proyectos de reglamentación de los instrumentos económicos, financieros y de mercado, liderados por el MADS. | B16: 1 Diseño STAR | C16: Definir la ejecución de esta actividad | D16: Eduardo López | E16: 8.8869767e+08
A17: ='TABLA 7 ESTRUCTURA PROGRAMÁTICA'!D165 -> 0 | B17: 1 STAR en funcionamiento | C17: Definir la ejecución de esta actividad
A18: ='TABLA 7 ESTRUCTURA PROGRAMÁTICA'!D167 -> 0 | B18: 10 Ha de espejo de agua | C18: Se inició proceso contractual para la limpieza y destaponamiento de caños, en el área de influencia de la ciénaga. Verificar el cumplimiento de la meta | D18: Libardo Lascarro
A19: ='TABLA 7 ESTRUCTURA PROGRAMÁTICA'!C176 -> 0
A20: ='TABLA 7 ESTRUCTURA PROGRAMÁTICA'!D176 -> 0 | B20: 7,5 km de adecuación de áreas | C20: No se ha iniciado la ejecución de esta actividad. La meta se encuentra rezagada, ya que su cumplimiento era para el 2013 | D20: Asdrúbal Gonzalez | E20: 90000000
A21: ='TABLA 7 ESTRUCTURA PROGRAMÁTICA'!D177 -> 8.2.3 Fortalecimiento del Banco de Programas y Proyectos como soporte a la gestión de inversión ambiental de la entidad | B21: 3 talleres de educación ambiental
A22: ='TABLA 7 ESTRUCTURA PROGRAMÁTICA'!D178 -> 8.2.4 Concertación, gestión e Implementación del programa de bienestar social e incentivos, y de formación y capacitación | B22: 400 cartillas ilustrativas
A23: ='TABLA 7 ESTRUCTURA PROGRAMÁTICA'!C181 -> 0
A24: ='TABLA 7 ESTRUCTURA PROGRAMÁTICA'!D181 -> 0 | B24: 351 m3 de obras de protección y control de erosión | C24: No se ha definido qué acciones se van a implementar. Si estas acciones definitivamente no se van a realizar, presentar propuesta a consideración del Consejo Directivo | D24: Leuger Cortés | E24: 60000000
A25: ='TABLA 7 ESTRUCTURA PROGRAMÁTICA'!D182 -> 0 | B25: 1742 ml de obras de adecuación
A26: ='TABLA 7 ESTRUCTURA PROGRAMÁTICA'!#REF! -> #REF! | B26: 1 interventoría de obras
A27: ='TABLA 7 ESTRUCTURA PROGRAMÁTICA'!#REF! -> #REF!
A28: ='TABLA 7 ESTRUCTURA PROGRAMÁTICA'!#REF! -> #REF! | B28: 72 Ha en reforestación | C28: Definir la ejecución de esta actividad. | D28: Alex Ospino | E28: 136690326
A29: ='TABLA 7 ESTRUCTURA PROGRAMÁTICA'!#REF! -> #REF! | B29: 72 Unidades productivas
A30: ='TABLA 7 ESTRUCTURA PROGRAMÁTICA'!#REF! -> #REF! | B30: 72 sistemas agroforestales en evaluación
A31: ='TABLA 7 ESTRUCTURA PROGRAMÁTICA'!#REF! -> #REF!
A32: 5.1.2 Construcción de una nueva cultura Ambiental Colectiva en el Departamento del Cesar
A33: ='TABLA 7 ESTRUCTURA PROGRAMÁTICA'!#REF! -> #REF! | B33: 1 Proyecto de sostenibilidad ambiental | C33: Definir la ejecución de esta actividad | D33: Ismael Escorcia | E33: 80690000
A34: ='TABLA 7 ESTRUCTURA PROGRAMÁTICA'!#REF! -> #REF! | B34: 1 Estrategia de educación ambiental sostenible fortalecida | C34: Definir la ejecución de esta actividad
A35: ='TABLA 7 ESTRUCTURA PROGRAMÁTICA'!#REF! -> #REF!
A36: ='TABLA 7 ESTRUCTURA PROGRAMÁTICA'!#REF! -> #REF! | B36: 1 Extensión del modelo del sistema hacia usuarios del SINA | C36: Definir la ejecución de esta actividad | D36: Jorge Armenta | E36: 5.7093975e+08
B37: 1 Dotación del componente del Hardware del SIA
B38: 1 Dotación del componente del software para SIG

Sheet Hoja3

Sheet ANEXO 3. SIGOB
B1: ANEXO 3. RELACION DE METAS SIGOB DEL SECTOR DE AMBIENTE, VIVIENDA Y DESARROLLO TERRITORIAL PARA EL PND 2006-2010
B2: Para el Plan 2007-2011 diligenciar las columnas E, F,G,H,I y K
B3: Programa de Acción Gubernamental (PAG) / Indicadores | C3: UNIDAD | D3: META | E3: META | F3: AVANCE REGIONAL 2007 | G3: AVANCE REGIONAL 2008 | H3: META REGIONAL 2009 | I3: AVANCE REGIONAL 2009 | J3: META REGIONAL 2010 | K3: AVANCE REGIONAL 2010 | L3: META REGIONAL 2011 | M3: AVANCE REGIONAL 2011
D4: CUATRIENIO NACIONAL 2006-2010 | E4: REGIONAL PERIODO 2007-2011
B5: Desarrollo Urbano: Ciudades compactas y sostenibles
B6: 1. Municipios capacitados y/o apoyados técnicamente para la revisión de Planes de Ordenamiento Territorial | C6: Municipios | D6: 300
B7: 2. Municipios apoyados con proyectos de atención Integral de Barrios | C7: Número de municipios | D7: 10
B8: Agua para la vida
B9: 1. Departamentos con esquemas regionales estructurados en la prestación de servicios de acueducto y alcantarillado | C9: Número de departamentos | D9: 32
B10: 2. Empresas comunitarias constituidas y/o puestas en funcionamiento para fomentar la capacidad asociativa de los usuarios | C10: Número de Empresas | D10: 120
B11: 3. Nueva población beneficiada con el servicio de acueducto | C11: Número de Habitantes | D11: 3657374
B12: 4. Nueva población beneficiada con el servicio de alcantarillado | C12: Número de Habitantes | D12: 4007338
B13: 5. Municipios con acceso a sitios de disposición final de residuos sólidos técnicamente adecuados (relleno sanitario, celdas transitorias) | C13: Número de Municipios | D13: 135
B14: Planificación ambiental en la gestión territorial
B15: 1. Zonas secas con zonificación y plan de ordenamiento formulado (Hectáreas) | C15: Hectáreas | D15: 500000
B16: Gestión Integrada del Recurso Hídrico
B17: 1. Hectáreas reforestadas y/o en proceso de restauración en cuencas abastecedoras de los acueductos municipales. | C17: Número de Hectáreas | D17: 120000
B18: 2. Planes de manejo ambiental formulados en páramos relacionados con abastecimiento hídrico de asentamientos humanos. | C18: Número de Páramos | D18: 13
B19: 3. Humedales prioritarios con acciones de manejo | C19: Número de Humedales | D19: 8
B20: Conocimiento, conservación y uso sostenible de los recursos naturales renovables y de la Biodiversidad
B21: 1. Nuevas hectáreas declaradas bajo diferentes categorías de manejo para el Sistema Nacional de Áreas Protegidas | C21: Número de Hectáreas | D21: 200000
B22: 2. Número de nuevos esquemas de participación privada o comunitaria en operación para la prestación de servicios ecoturísticos en áreas de Parques Nacionales Naturales | C22: Número de Esquemas | D22: 7
B23: 3. Número de acuerdos con comunidades indígenas para el ordenamiento ambiental de parques nacionales naturales traslapados con resguardos indígenas. | C23: Número de Acuerdos | D23: 10
B24: 4. Número de hectáreas en proceso de restauración concertada, en el marco de una estrategia integral para la atención de asentamientos y usos ilícitos en áreas protegidas del Área de Manejo Especial de la Macarena. | C24: Número de Hectáreas | D24: 5000
B26: Conservación de la Biodiversidad
B27: 1.Manglares zonificados o con planes de ordenación formulados (hectáreas) | C27: Número de Hectáreas | D27: 100000
B28: Promoción de procesos productivos competitivos y sostenibles
B29: 1. Proyectos piloto de producción más limpia para la disminución del consumo de mercurio para la minería de oro | C29: Número de proyectos piloto | D29: 5
B30: Promoción de mecanismos de desarrollo limpio
B31: 1. Opciones de compra de certificados de reducción de gases efecto invernadero | C31: US $ Millones | D31: 56
B32: Bienes y servicios amigables con el medio ambiente
B33: 1. Mipymes y empresas de base comunitaria vinculada a mercados verdes | C33: Número de Mipymes y empresas de base comunitaria | D33: 150
B34: 2. Productos certificados con el Sello Ambiental Colombiano | C34: Número de productos certificados | D34: 40
B35: Ordenamiento y planificación para la conservación del recurso hídrico
B36: 1. Planes de ordenamiento y manejo de las cuenca abastecedoras de agua (POMC) formulados y en implementación, prioritariamente en capitales de departamento y municipios con poblaciones > 50.000 habitantes con índices de escasez entre media y alta | C36: Número de cuencas | D36: 16
B37: Fortalecimiento del SINA para la gobernabilidad ambiental
B38: 1. Tiempo promedio para el trámite de licencias ambientales en los sectores: agroindustrial, infraestructura, minero y eléctrico (Semanas) | C38: Semanas | D38: 18
B39: 2. Tiempo promedio para el trámite de licencias ambientales en el sector hidrocarburos (Semanas) | C39: Semanas | D39: 18
B40: Prevención y control de la contaminación ambiental
B41: 1.Reducción del consumo de Sustancias Agotadoras de Ozono (SAO) que se importan y consumen anualmente en el país | C41: Número de Toneladas SAO eliminadas | D41: 600
B42: 2. Sistema y/o redes de monitoreo de calidad del aire para los centro urbanos y/o corredores industriales definidos como prioritarios implementados y fortalecidos | C42: Número de Sistemas o redes | D42: 15
B43: 3. Estudios piloto realizados para evaluar los efectos de la contaminación atmosférica en la salud | C43: Número de Estudios Piloto | D43: 5

Sheet P1
A1: Programa 1: PLANIFICACION AMBIENTAL DEL TERRITORIO.
F2: POR PROYECTO | I2: POR ACTIVIDAD
A3: PROYECTO | B3: ACTIVIDADES | C3: EJECUCIÓN FÍSICA 2010 | F3: EJECUCIÓN FINANCIERA 2010
C4: META PROGRAMADA | D4: META EJECUTADA | E4: PORCENTAJE EJECUCIÓN | F4: =I4 -> META PROGRAMADA | G4: =J4 -> META EJECUTADA | H4: =K4 -> PORCENTAJE EJECUCIÓN | I4: META PROGRAMADA | J4: META EJECUTADA | K4: PORCENTAJE EJECUCIÓN
A5: =[2]Hoja1!C4 -> 1.1: Declaración de Áreas protegidas y zonas de Reserva Natural en la Jurisdicciòn de CORPOCESAR. | B5: =[2]Hoja1!F4 -> 1.1.1: Declaración de áreas protegidas Serrania de Perija. | C5: ='ANEXO 1. MATRIZ DE SEGUIMIENTO'!C16 -> 1 | D5: ='ANEXO 1. MATRIZ DE SEGUIMIENTO'!D16 -> 1 | F5: ='ANEXO 1. MATRIZ DE SEGUIMIENTO'!O16 -> 100000000 | G5: ='ANEXO 1. MATRIZ DE SEGUIMIENTO'!P16 -> 5000000 | H5: =G5/F5*100 -> 5 | K5: 0 | P5: VALOR REGISTRADO A 30/06/2010
B6: =[2]Hoja1!F5 -> 1.1.2: Ejecuciòn de los Planes de Manejo de las áreas Protegidas de Perijá u otras áreas. | C6: ='ANEXO 1. MATRIZ DE SEGUIMIENTO'!#REF! -> #REF! | D6: ='ANEXO 1. MATRIZ DE SEGUIMIENTO'!#REF! -> #REF! | K6: 0
B7: =[2]Hoja1!F6 -> 1.1.3 Ejecuciòn de acciones del PMA | C7: ='ANEXO 1. MATRIZ DE SEGUIMIENTO'!#REF! -> #REF! | D7: ='ANEXO 1. MATRIZ DE SEGUIMIENTO'!#REF! -> #REF! | E7: 100 | I7: ='ANEXO 1. MATRIZ DE SEGUIMIENTO'!O16 -> 100000000 | J7: ='ANEXO 1. MATRIZ DE SEGUIMIENTO'!P16 -> 5000000 | K7: =J7/I7*100 -> 5 | N7: 1
B8: =[2]Hoja1!F7 -> 1.1.4 Apoyo profesional y técnico | C8: ='ANEXO 1. MATRIZ DE SEGUIMIENTO'!#REF! -> #REF! | D8: ='ANEXO 1. MATRIZ DE SEGUIMIENTO'!#REF! -> #REF! | E8: =D8/C8*100 -> #REF! | I8: ='ANEXO 1. MATRIZ DE SEGUIMIENTO'!#REF! -> #REF! | J8: ='ANEXO 1. MATRIZ DE SEGUIMIENTO'!#REF! -> #REF! | K8: =J8/I8*100 -> #REF! | N8: 3
B9: =[2]Hoja1!F8 -> 1.1.5 Contratación | C9: ='ANEXO 1. MATRIZ DE SEGUIMIENTO'!#REF! -> #REF! | D9: ='ANEXO 1. MATRIZ DE SEGUIMIENTO'!#REF! -> #REF! | E9: 100 | I9: ='ANEXO 1. MATRIZ DE SEGUIMIENTO'!#REF! -> #REF! | J9: ='ANEXO 1. MATRIZ DE SEGUIMIENTO'!#REF! -> #REF! | K9: =J9/I9*100 -> #REF! | N9: 3
A10: =[2]Hoja1!C10 -> 1.2: Implementación del Plan de Ordenación Forestal del Departamento del Cesar. | B10: =[2]Hoja1!F10 -> 1.2.1 Implementación del plan de ordenación forestal en el Departamento del Cesar. (caracterización de ambientes terrestres: bosques secos, bosques semihúmedos, enclaves xerofíticos y urbanos), y otras acciones dentro del marco del Plan | C10: ='ANEXO 1. MATRIZ DE SEGUIMIENTO'!#REF! -> #REF! | D10: ='ANEXO 1. MATRIZ DE SEGUIMIENTO'!#REF! -> #REF! | E10: 100 | F10: ='ANEXO 1. MATRIZ DE SEGUIMIENTO'!#REF! -> #REF! | G10: ='ANEXO 1. MATRIZ DE SEGUIMIENTO'!#REF! -> #REF! | H10: =G10/F10*100 -> #REF! | I10: ='ANEXO 1. MATRIZ DE SEGUIMIENTO'!#REF! -> #REF! | J10: ='ANEXO 1. MATRIZ DE SEGUIMIENTO'!#REF! -> #REF! | K10: =J10/I10*100 -> #REF! | N10: 0
A11: =[2]Hoja1!C12 -> 1.3. Implementación de la Política de Gestión Ambiental Urbana - PGAU- en el área de jurisdicción de Corpocesar | B11: =[2]Hoja1!F12 -> 1.3.1 Consolidación de la línea base ambiental urbano- regional | C11: ='ANEXO 1. MATRIZ DE SEGUIMIENTO'!#REF! -> #REF! | D11: ='ANEXO 1. MATRIZ DE SEGUIMIENTO'!#REF! -> #REF! | E11: 100 | F11: ='ANEXO 1. MATRIZ DE SEGUIMIENTO'!#REF! -> #REF! | G11: ='ANEXO 1. MATRIZ DE SEGUIMIENTO'!#REF! -> #REF! | H11: =G11/F11*100 -> #REF! | I11: ='ANEXO 1. MATRIZ DE SEGUIMIENTO'!#REF! -> #REF! | J11: ='ANEXO 1. MATRIZ DE SEGUIMIENTO'!#REF! -> #REF! | K11: =J11/I11*100 -> #REF! | N11: 0
B12: =[2]Hoja1!F13 -> 1.3.2 Formulación, adopción e implementación de un plan de monitoreo y seguimiento del estado de los recursos naturales renovables urbano-regionales | C12: ='ANEXO 1. MATRIZ DE SEGUIMIENTO'!#REF! -> #REF! | D12: ='ANEXO 1. MATRIZ DE SEGUIMIENTO'!#REF! -> #REF! | E12: 100 | I12: ='ANEXO 1. MATRIZ DE SEGUIMIENTO'!#REF! -> #REF! | J12: ='ANEXO 1. MATRIZ DE SEGUIMIENTO'!#REF! -> #REF! | K12: =J12/I12*100 -> #REF! | N12: 0
C13: ='ANEXO 1. MATRIZ DE SEGUIMIENTO'!#REF! -> #REF! | D13: ='ANEXO 1. MATRIZ DE SEGUIMIENTO'!#REF! -> #REF!
B14: =[2]Hoja1!F15 -> 1.3.3 Promoción y apoyo a proyecto municipales dirigidos a disminuir la generación de residuos de alto impacto en las áreas urbanas | C14: ='ANEXO 1. MATRIZ DE SEGUIMIENTO'!#REF! -> #REF! | D14: ='ANEXO 1. MATRIZ DE SEGUIMIENTO'!#REF! -> #REF! | E14: 100 | I14: ='ANEXO 1. MATRIZ DE SEGUIMIENTO'!#REF! -> #REF! | J14: ='ANEXO 1. MATRIZ DE SEGUIMIENTO'!#REF! -> #REF! | K14: =J14/I14*100 -> #REF! | N14: 0
B15: =[2]Hoja1!F16 -> 1.3.4 Promoción y apoyo técnico a los municipios para la implementación de proyectos pilotos de PML en sectores productivos de áreas urbanas. | C15: ='ANEXO 1. MATRIZ DE SEGUIMIENTO'!#REF! -> #REF! | D15: ='ANEXO 1. MATRIZ DE SEGUIMIENTO'!#REF! -> #REF! | E15: =D15/C15*100 -> #REF! | I15: ='ANEXO 1. MATRIZ DE SEGUIMIENTO'!#REF! -> #REF! | J15: ='ANEXO 1. MATRIZ DE SEGUIMIENTO'!#REF! -> #REF! | K15: =J15/I15*100 -> #REF! | N15: 0
B16: =[2]Hoja1!F17 -> 1.3.5 Promoción de la conservación, preservación y recuperación de los elementos naturales del espacio público a través de la definición de directrices ambientales para el manejo del espacio público. | C16: ='ANEXO 1. MATRIZ DE SEGUIMIENTO'!#REF! -> #REF! | D16: ='ANEXO 1. MATRIZ DE SEGUIMIENTO'!#REF! -> #REF! | E16: =D16/C16*100 -> #REF! | I16: ='ANEXO 1. MATRIZ DE SEGUIMIENTO'!#REF! -> #REF! | J16: ='ANEXO 1. MATRIZ DE SEGUIMIENTO'!#REF! -> #REF! | K16: =J16/I16*100 -> #REF! | N16: 0
B17: =[2]Hoja1!F18 -> 1.3.6 Investigación y estudios sobre dinámicas urbanas regionales para la concertación de estrategias con los E.T | C17: ='ANEXO 1. MATRIZ DE SEGUIMIENTO'!#REF! -> #REF! | D17: ='ANEXO 1. MATRIZ DE SEGUIMIENTO'!#REF! -> #REF! | E17: 100 | I17: ='ANEXO 1. MATRIZ DE SEGUIMIENTO'!#REF! -> #REF! | J17: ='ANEXO 1. MATRIZ DE SEGUIMIENTO'!#REF! -> #REF! | K17: =J17/I17*100 -> #REF! | N17: 0
C18: ='ANEXO 1. MATRIZ DE SEGUIMIENTO'!#REF! -> #REF! | D18: ='ANEXO 1. MATRIZ DE SEGUIMIENTO'!#REF! -> #REF!
A19: TOTALES | C19: =SUM(C7:C18) -> #REF! | D19: =SUM(D5:D18) -> #REF! | E19: =SUM(D19/C19*100) -> #REF! | I19: =SUM(I5:I18) -> #REF! | J19: =SUM(J5:J18) -> #REF! | K19: =SUM(J19/I19*100) -> #REF!

Sheet P2
A1: PROGRAMA 2: CONOCIMIENTO, CONSERVACION Y USO DE LOS RECURSOS NATURALES RENOVABLES Y LA BIODIVERSIDAD.
F2: ='P1'!F2:H2 -> POR PROYECTO | I2: ='P1'!I2:K2 -> POR ACTIVIDAD
A3: PROYECTO | B3: ACTIVIDADES | C3: EJECUCIÓN FÍSICA 2010 | I3: EJECUCIÓN FINANCIERA 2010
C4: META PROGRAMADA | D4: META EJECUTADA | E4: PORCENTAJE EJECUCIÓN | F4: =I4 -> META PROGRAMADA | G4: =J4 -> META EJECUTADA | H4: =K4 -> PORCENTAJE EJECUCIÓN | I4: META PROGRAMADA | J4: META EJECUTADA | K4: PORCENTAJE EJECUCIÓN
A5: =[2]Hoja1!C21 -> 2. 1. Fortalecimiento del conocimiento científico ambiental con visión ancestral indígena y ejecución de acciones prioritarias de mitigación y mejoramiento ambiental en la ecorregión estratégica Sierra Nevada de Santa Marta. | B5: =[2]Hoja1!F22 -> 2.1.1.1 Apoyo a la consolidación del Cordón Ambiental y Saneamiento de resguardos en la SNSM, mediante acciones debidamente concertadas con los indígenas. | C5: ='ANEXO 1. MATRIZ DE SEGUIMIENTO'!#REF! -> #REF! | D5: ='ANEXO 1. MATRIZ DE SEGUIMIENTO'!#REF! -> #REF! | E5: 100 | F5: ='ANEXO 1. MATRIZ DE SEGUIMIENTO'!O29 -> 200000000 | G5: ='ANEXO 1. MATRIZ DE SEGUIMIENTO'!P29 -> 0 | H5: =G5/F5*100 -> 0 | I5: ='ANEXO 1. MATRIZ DE SEGUIMIENTO'!#REF! -> #REF! | J5: ='ANEXO 1. MATRIZ DE SEGUIMIENTO'!#REF! -> #REF! | K5: =J5/I5*100 -> #REF! | N5: 0 | P5: ='P1'!P5 -> VALOR REGISTRADO A 30/06/2010
B6: =[2]Hoja1!F23 -> 2.1.1.2 Apoyo a proyectos productivos sostenibles - agroforestales, agrícolas y/o pecuarios. | C6: ='ANEXO 1. MATRIZ DE SEGUIMIENTO'!#REF! -> #REF! | D6: ='ANEXO 1. MATRIZ DE SEGUIMIENTO'!#REF! -> #REF! | E6: =D6/C6*100 -> #REF! | I6: ='ANEXO 1. MATRIZ DE SEGUIMIENTO'!#REF! -> #REF! | J6: ='ANEXO 1. MATRIZ DE SEGUIMIENTO'!#REF! -> #REF! | K6: 0 | N6: 0
B7: =[2]Hoja1!F24 -> 2.1.1.3 Apoyo a proyectos de producción limpia. | C7: ='ANEXO 1. MATRIZ DE SEGUIMIENTO'!#REF! -> #REF! | D7: ='ANEXO 1. MATRIZ DE SEGUIMIENTO'!#REF! -> #REF! | E7: =D7/C7*100 -> #REF! | I7: ='ANEXO 1. MATRIZ DE SEGUIMIENTO'!#REF! -> #REF! | J7: ='ANEXO 1. MATRIZ DE SEGUIMIENTO'!#REF! -> #REF! | K7: =J7/I7*100 -> #REF! | N7: 0
B8: =[2]Hoja1!F25 -> 2.1.1.4 Conocimiento y conservación de sitios sagrados - Educación ambiental . | C8: ='ANEXO 1. MATRIZ DE SEGUIMIENTO'!#REF! -> #REF! | D8: ='ANEXO 1. MATRIZ DE SEGUIMIENTO'!#REF! -> #REF! | E8: =D8/C8*100 -> #REF! | I8: ='ANEXO 1. MATRIZ DE SEGUIMIENTO'!#REF! -> #REF! | J8: ='ANEXO 1. MATRIZ DE SEGUIMIENTO'!#REF! -> #REF! | K8: =J8/I8*100 -> #REF! | N8: 0
B9: =[2]Hoja1!F26 -> 2.1.2 Ejecución de acciones prioritarias de mitigación y mejoramiento ambiental en la ecorregión Sierra Nevada de Santa Marta. | C9: ='ANEXO 1. MATRIZ DE SEGUIMIENTO'!#REF! -> #REF! | E9: 0 | J9: ='ANEXO 1. MATRIZ DE SEGUIMIENTO'!#REF! -> #REF! | K9: 0
B10: =[2]Hoja1!F27 -> 2.1.2.1 Establecimiento del programa de manejo de residuos solidos en zona indigena. | C10: ='ANEXO 1. MATRIZ DE SEGUIMIENTO'!#REF! -> #REF! | D10: ='ANEXO 1. MATRIZ DE SEGUIMIENTO'!#REF! -> #REF! | E10: =D10/C10*100 -> #REF! | I10: ='ANEXO 1. MATRIZ DE SEGUIMIENTO'!#REF! -> #REF! | J10: ='ANEXO 1. MATRIZ DE SEGUIMIENTO'!#REF! -> #REF! | K10: =J10/I10*100 -> #REF! | N10: 0
B11: =[2]Hoja1!F28 -> 2.1.2.2 Establecimiento del programa de abastecimiento de agua para zona indigena | C11: ='ANEXO 1. MATRIZ DE SEGUIMIENTO'!#REF! -> #REF! | D11: ='ANEXO 1. MATRIZ DE SEGUIMIENTO'!#REF! -> #REF! | E11: =D11/C11*100 -> #REF! | I11: ='ANEXO 1. MATRIZ DE SEGUIMIENTO'!#REF! -> #REF! | J11: ='ANEXO 1. MATRIZ DE SEGUIMIENTO'!#REF! -> #REF! | K11: =J11/I11*100 -> #REF! | N11: 0
B12: =[2]Hoja1!F29 -> 2.1.2.3 Construcción de Sistemas de Tratamiento de Aguas Residuales en zona indígena. | C12: ='ANEXO 1. MATRIZ DE SEGUIMIENTO'!#REF! -> #REF! | D12: ='ANEXO 1. MATRIZ DE SEGUIMIENTO'!#REF! -> #REF! | E12: =D12/C12*100 -> #REF! | I12: ='ANEXO 1. MATRIZ DE SEGUIMIENTO'!#REF! -> #REF! | J12: ='ANEXO 1. MATRIZ DE SEGUIMIENTO'!#REF! -> #REF! | K12: =J12/I12*100 -> #REF! | N12: 0
B13: =[2]Hoja1!F31 -> 2.1.2.5 Programa de Acciones para la mitigación de impactos ambientales en la Cuenca Hidrográfica del río Guatapurí, municipio de Valledupar. | C13: ='ANEXO 1. MATRIZ DE SEGUIMIENTO'!#REF! -> #REF! | D13: ='ANEXO 1. MATRIZ DE SEGUIMIENTO'!#REF! -> #REF! | E13: =D13/C13*100 -> #REF! | I13: ='ANEXO 1. MATRIZ DE SEGUIMIENTO'!#REF! -> #REF! | J13: ='ANEXO 1. MATRIZ DE SEGUIMIENTO'!#REF! -> #REF! | K13: =J13/I13*100 -> #REF! | N13: 0
B14: =[2]Hoja1!F32 -> 2.1.3 Apoyo al trabajo conjunto de la formulación del plan de desarrollo sostenible de la Sierra Nevada de Santa Marta, | C14: ='ANEXO 1. MATRIZ DE SEGUIMIENTO'!#REF! -> #REF! | D14: ='ANEXO 1. MATRIZ DE SEGUIMIENTO'!#REF! -> #REF! | E14: =D14/C14*100 -> #REF! | I14: ='ANEXO 1. MATRIZ DE SEGUIMIENTO'!#REF! -> #REF! | J14: ='ANEXO 1. MATRIZ DE SEGUIMIENTO'!#REF! -> #REF! | K14: =J14/I14*100 -> #REF! | N14: 0
B15: =[2]Hoja1!F33 -> 2.1.4 Delimitación de zonas amortiguadoras del parque Sierra Nevada. | C15: ='ANEXO 1. MATRIZ DE SEGUIMIENTO'!#REF! -> #REF! | D15: ='ANEXO 1. MATRIZ DE SEGUIMIENTO'!#REF! -> #REF! | E15: 0 | I15: ='ANEXO 1. MATRIZ DE SEGUIMIENTO'!#REF! -> #REF! | J15: ='ANEXO 1. MATRIZ DE SEGUIMIENTO'!#REF! -> #REF! | K15: 0 | N15: 0
A16: =[2]Hoja1!C35 -> 2.2 Ejecución del plan de manejo ambiental y acciones prioritarias de mitigación y mejoramiento de la ecorregión estratégica Complejo Cenagoso de Zapatosa y humedales menores. | B16: =[2]Hoja1!F35 -> 2.2.1 Ejecución de seguimiento, control y vigilancia a través de operativos | C16: ='ANEXO 1. MATRIZ DE SEGUIMIENTO'!C75 -> 0 | D16: ='ANEXO 1. MATRIZ DE SEGUIMIENTO'!D75 -> 0 | E16: 100 | F16: ='ANEXO 1. MATRIZ DE SEGUIMIENTO'!O75 -> 0 | G16: ='ANEXO 1. MATRIZ DE SEGUIMIENTO'!#REF! -> #REF! | H16: =G16/F16*100 -> #REF! | I16: ='ANEXO 1. MATRIZ DE SEGUIMIENTO'!O75 -> 0 | J16: ='ANEXO 1. MATRIZ DE SEGUIMIENTO'!#REF! -> #REF! | K16: =J16/I16*100 -> #REF! | N16: 0
B17: =[2]Hoja1!F36 -> 2.2.2 Educación ambiental para la conservación y restauración de la Ciénaga | C17: ='ANEXO 1. MATRIZ DE SEGUIMIENTO'!#REF! -> #REF! | D17: ='ANEXO 1. MATRIZ DE SEGUIMIENTO'!#REF! -> #REF! | E17: =D17/C17*100 -> #REF! | I17: ='ANEXO 1. MATRIZ DE SEGUIMIENTO'!#REF! -> #REF! | J17: ='ANEXO 1. MATRIZ DE SEGUIMIENTO'!#REF! -> #REF! | K17: =J17/I17*100 -> #REF! | N17: 0
B18: =[2]Hoja1!F37 -> 2.2.3 Control de la Contaminación en la ciénaga a través de la implementación de estrategias para mitigación y otras estrategias de manejo y mitigación ambiental. | C18: ='ANEXO 1. MATRIZ DE SEGUIMIENTO'!#REF! -> #REF! | D18: ='ANEXO 1. MATRIZ DE SEGUIMIENTO'!#REF! -> #REF! | E18: 100 | I18: ='ANEXO 1. MATRIZ DE SEGUIMIENTO'!#REF! -> #REF! | J18: ='ANEXO 1. MATRIZ DE SEGUIMIENTO'!#REF! -> #REF! | K18: =J18/I18*100 -> #REF! | N18: 0.3
B19: =[2]Hoja1!F39 -> 2.2.5 Caracterización de ciénagas (bioecológica en áreas seleccionadas) y monitoreo y seguimiento al estado de poblaciones y ambientes cenagosos. | C19: ='ANEXO 1. MATRIZ DE SEGUIMIENTO'!#REF! -> #REF! | D19: ='ANEXO 1. MATRIZ DE SEGUIMIENTO'!#REF! -> #REF! | E19: =D19/C19*100 -> #REF! | I19: ='ANEXO 1. MATRIZ DE SEGUIMIENTO'!#REF! -> #REF! | J19: ='ANEXO 1. MATRIZ DE SEGUIMIENTO'!#REF! -> #REF! | K19: =J19/I19*100 -> #REF! | N19: 0
A20: =[2]Hoja1!C41 -> 2.3: Ejecución del plan de manejo ambiental de páramos, sub-páramo y alta montaña en la Serranía de Perijá. | B20: =[2]Hoja1!F41 -> 2.3.1. Educación ambiental para la conservación y restauración del ecosistema de paramos. | C20: ='ANEXO 1. MATRIZ DE SEGUIMIENTO'!#REF! -> #REF! | D20: ='ANEXO 1. MATRIZ DE SEGUIMIENTO'!#REF! -> #REF! | E20: =D20/C20*100 -> #REF! | F20: ='ANEXO 1. MATRIZ DE SEGUIMIENTO'!#REF! -> #REF! | G20: ='ANEXO 1. MATRIZ DE SEGUIMIENTO'!#REF! -> #REF! | H20: =G20/F20*100 -> #REF! | I20: ='ANEXO 1. MATRIZ DE SEGUIMIENTO'!#REF! -> #REF! | J20: ='ANEXO 1. MATRIZ DE SEGUIMIENTO'!#REF! -> #REF! | K20: =J20/I20*100 -> #REF! | N20: 0
B21: =[2]Hoja1!F42 -> 2.3.2 Aislamiento de áreas. | C21: ='ANEXO 1. MATRIZ DE SEGUIMIENTO'!#REF! -> #REF! | D21: ='ANEXO 1. MATRIZ DE SEGUIMIENTO'!#REF! -> #REF! | E21: =D21/C21*100 -> #REF! | I21: ='ANEXO 1. MATRIZ DE SEGUIMIENTO'!#REF! -> #REF! | J21: ='ANEXO 1. MATRIZ DE SEGUIMIENTO'!#REF! -> #REF! | K21: =J21/I21*100 -> #REF! | N21: 0
B22: =[2]Hoja1!F43 -> 2.3.3 Acciones de Manejo y Mitigación Ambiental en zonas de páramos. | C22: ='ANEXO 1. MATRIZ DE SEGUIMIENTO'!#REF! -> #REF! | D22: ='ANEXO 1. MATRIZ DE SEGUIMIENTO'!#REF! -> #REF! | E22: =D22/C22*100 -> #REF! | I22: ='ANEXO 1. MATRIZ DE SEGUIMIENTO'!#REF! -> #REF! | J22: ='ANEXO 1. MATRIZ DE SEGUIMIENTO'!#REF! -> #REF! | K22: =J22/I22*100 -> #REF! | N22: 0
A23: =[2]Hoja1!C45 -> 2.4 Implementación del Plan de Manejo de la Especie Faunística Oso de Anteojos u Oso Andino, en el Departamento del Cesar, en el marco del Programa Nacional de Conservación del Oso Andino. | B23: =[2]Hoja1!F45 -> 2.4.1 Implementación del Plan de Manejo de la Especie Faunística Oso de Anteojos u Oso Andino, en zonas indígenas de los municipios de Agustín Codazzi, Becerril y La Paz, y en áreas estratégicas del municipio de Manaure, en el Departamento del Cesar, en el marco del Programa Nacional de Conservación del Oso Andino. | C23: ='ANEXO 1. MATRIZ DE SEGUIMIENTO'!#REF! -> #REF! | D23: ='ANEXO 1. MATRIZ DE SEGUIMIENTO'!#REF! -> #REF! | E23: =D23/C23*100 -> #REF! | F23: ='ANEXO 1. MATRIZ DE SEGUIMIENTO'!#REF! -> #REF! | G23: ='ANEXO 1. MATRIZ DE SEGUIMIENTO'!#REF! -> #REF! | H23: =G23/F23*100 -> #REF! | I23: ='ANEXO 1. MATRIZ DE SEGUIMIENTO'!#REF! -> #REF! | J23: ='ANEXO 1. MATRIZ DE SEGUIMIENTO'!#REF! -> #REF! | K23: =J23/I23*100 -> #REF! | N23: 0
A24: =[2]Hoja1!C47 -> 2.5 Ejecución del plan de manejo ambiental Bosque el Aguil en el municipio de Aguachica. | B24: =[2]Hoja1!F47 -> 2.5.1 Educación ambiental para la conservación y restauración del ecosistema del bosque El Aguil.. | C24: ='ANEXO 1. MATRIZ DE SEGUIMIENTO'!#REF! -> #REF! | D24: ='ANEXO 1. MATRIZ DE SEGUIMIENTO'!#REF! -> #REF! | E24: =D24/C24*100 -> #REF! | F24: ='ANEXO 1. MATRIZ DE SEGUIMIENTO'!#REF! -> #REF! | G24: ='ANEXO 1. MATRIZ DE SEGUIMIENTO'!#REF! -> #REF! | H24: =G24/F24*100 -> #REF! | I24: ='ANEXO 1. MATRIZ DE SEGUIMIENTO'!#REF! -> #REF! | J24: ='ANEXO 1. MATRIZ DE SEGUIMIENTO'!#REF! -> #REF! | K24: =J24/I24*100 -> #REF! | N24: 0
B25: =[2]Hoja1!F48 -> 2.5.2 Aislamiento de áreas. | C25: ='ANEXO 1. MATRIZ DE SEGUIMIENTO'!#REF! -> #REF! | D25: ='ANEXO 1. MATRIZ DE SEGUIMIENTO'!#REF! -> #REF! | E25: =D25/C25*100 -> #REF! | I25: ='ANEXO 1. MATRIZ DE SEGUIMIENTO'!#REF! -> #REF! | J25: ='ANEXO 1. MATRIZ DE SEGUIMIENTO'!#REF! -> #REF! | K25: =J25/I25*100 -> #REF! | N25: 0
B26: =[2]Hoja1!F49 -> 2.5.3 Implementación de estrategias para el control y mitigación de la contaminación, y otras estrategias de manejo y mitigación ambiental. | C26: ='ANEXO 1. MATRIZ DE SEGUIMIENTO'!#REF! -> #REF! | D26: ='ANEXO 1. MATRIZ DE SEGUIMIENTO'!#REF! -> #REF! | E26: =D26/C26*100 -> #REF! | I26: ='ANEXO 1. MATRIZ DE SEGUIMIENTO'!#REF! -> #REF! | J26: ='ANEXO 1. MATRIZ DE SEGUIMIENTO'!#REF! -> #REF! | K26: =J26/I26*100 -> #REF! | N26: 0
B27: =[2]Hoja1!F50 -> 2.5.4 Articulación del PMA a la politica de Gestión Ambiental urbana. | C27: ='ANEXO 1. MATRIZ DE SEGUIMIENTO'!#REF! -> #REF! | D27: ='ANEXO 1. MATRIZ DE SEGUIMIENTO'!#REF! -> #REF! | E27: =D27/C27*100 -> #REF! | I27: ='ANEXO 1. MATRIZ DE SEGUIMIENTO'!#REF! -> #REF! | J27: ='ANEXO 1. MATRIZ DE SEGUIMIENTO'!#REF! -> #REF! | K27: =J27/I27*100 -> #REF! | N27: 0
A28: =[2]Hoja1!C52 -> 2.6. Promoción y apoyo a la implementación de proyectos productivos sostenibles en los Valles del Río Cesar y Río Magdalena. | B28: =[2]Hoja1!F52 -> 2.6.1 Apoyo a proyectos de agroforesteria y/o patios productivos | C28: ='ANEXO 1. MATRIZ DE SEGUIMIENTO'!#REF! -> #REF! | D28: ='ANEXO 1. MATRIZ DE SEGUIMIENTO'!#REF! -> #REF! | E28: =D28/C28*100 -> #REF! | F28: ='ANEXO 1. MATRIZ DE SEGUIMIENTO'!#REF! -> #REF! | G28: ='ANEXO 1. MATRIZ DE SEGUIMIENTO'!#REF! -> #REF! | H28: =G28/F28*100 -> #REF! | I28: ='ANEXO 1. MATRIZ DE SEGUIMIENTO'!#REF! -> #REF! | J28: ='ANEXO 1. MATRIZ DE SEGUIMIENTO'!#REF! -> #REF! | K28: =J28/I28*100 -> #REF! | N28: 0
A29: =[2]Hoja1!C54 -> 2.7. Acciones para el uso, manejo y disposición de especimenes de fauna y flora silvestre en el departamento del Cesar | B29: =[2]Hoja1!F54 -> 2.7.1 Control del trafico ilegal de especies | C29: ='ANEXO 1. MATRIZ DE SEGUIMIENTO'!#REF! -> #REF! | D29: ='ANEXO 1. MATRIZ DE SEGUIMIENTO'!#REF! -> #REF! | E29: 100 | F29: ='ANEXO 1. MATRIZ DE SEGUIMIENTO'!#REF! -> #REF! | G29: ='ANEXO 1. MATRIZ DE SEGUIMIENTO'!#REF! -> #REF! | H29: =G29/F29*100 -> #REF! | I29: ='ANEXO 1. MATRIZ DE SEGUIMIENTO'!#REF! -> #REF! | J29: ='ANEXO 1. MATRIZ DE SEGUIMIENTO'!#REF! -> #REF! | K29: =J29/I29*100 -> #REF! | N29: 5
C30: ='ANEXO 1. MATRIZ DE SEGUIMIENTO'!#REF! -> #REF! | D30: ='ANEXO 1. MATRIZ DE SEGUIMIENTO'!#REF! -> #REF! | E30: 100 | N30: 200
B31: =[2]Hoja1!F56 -> 2.7.2 Construcción y puesta en marcha del Centro de Atención, valoración y rehabilitación de fauna silvestre en el Departamento del Cesar. | C31: ='ANEXO 1. MATRIZ DE SEGUIMIENTO'!#REF! -> #REF! | D31: ='ANEXO 1. MATRIZ DE SEGUIMIENTO'!#REF! -> #REF! | E31: =D31/C31*100 -> #REF! | I31: ='ANEXO 1. MATRIZ DE SEGUIMIENTO'!#REF! -> #REF! | J31: ='ANEXO 1. MATRIZ DE SEGUIMIENTO'!#REF! -> #REF! | K31: =J31/I31*100 -> #REF! | N31: 0
C32: ='ANEXO 1. MATRIZ DE SEGUIMIENTO'!#REF! -> #REF! | D32: ='ANEXO 1. MATRIZ DE SEGUIMIENTO'!#REF! -> #REF! | E32: =D32/C32*100 -> #REF! | N32: 0
B33: =[2]Hoja1!F58 -> 2.7.3 Interventoría para la construcción del Centro de Atención, Valoración y Rehabilitación de Fauna Silvestre en el Departamento del Cesar. | C33: ='ANEXO 1. MATRIZ DE SEGUIMIENTO'!#REF! -> #REF! | D33: ='ANEXO 1. MATRIZ DE SEGUIMIENTO'!#REF! -> #REF! | E33: =D33/C33*100 -> #REF! | I33: ='ANEXO 1. MATRIZ DE SEGUIMIENTO'!#REF! -> #REF! | J33: ='ANEXO 1. MATRIZ DE SEGUIMIENTO'!#REF! -> #REF! | K33: =J33/I33*100 -> #REF! | N33: 0
B34: =[2]Hoja1!F59 -> 2.7.4 Formulación e implementación de planes de conservación de especies amenazadas: aves migratorias de la biodiversidad colombiana, cóndor andino, babilla, caimán, mamíferos acuáticos (Manatí y Nutria), icotea, felinos. | C34: ='ANEXO 1. MATRIZ DE SEGUIMIENTO'!#REF! -> #REF! | D34: ='ANEXO 1. MATRIZ DE SEGUIMIENTO'!#REF! -> #REF! | E34: =D34/C34*100 -> #REF! | I34: ='ANEXO 1. MATRIZ DE SEGUIMIENTO'!#REF! -> #REF! | J34: ='ANEXO 1. MATRIZ DE SEGUIMIENTO'!#REF! -> #REF! | K34: =J34/I34*100 -> #REF! | N34: 0
A35: =[2]Hoja1!C61 -> 2.8. Establecimiento del plan de manejo sobre áreas en proceso de desertificación y sequia. | B35: =[2]Hoja1!F61 -> 2.8.1 Formulación e implementación del plan de acción regional de lucha contra la desertificación y sequía en el departamento del cesar con enfasis en la región del Río Cesar.. | C35: ='ANEXO 1. MATRIZ DE SEGUIMIENTO'!#REF! -> #REF! | D35: ='ANEXO 1. MATRIZ DE SEGUIMIENTO'!#REF! -> #REF! | E35: =D35/C35*100 -> #REF! | F35: ='ANEXO 1. MATRIZ DE SEGUIMIENTO'!#REF! -> #REF! | G35: ='ANEXO 1. MATRIZ DE SEGUIMIENTO'!#REF! -> #REF! | H35: =G35/F35*100 -> #REF! | I35: ='ANEXO 1. MATRIZ DE SEGUIMIENTO'!#REF! -> #REF! | J35: ='ANEXO 1. MATRIZ DE SEGUIMIENTO'!#REF! -> #REF! | K35: =J35/I35*100 -> #REF! | N35: 0
B36: =[2]Hoja1!F65 -> 2.9.3 Establecimiento de viveros y producción de arboles. | C36: ='ANEXO 1. MATRIZ DE SEGUIMIENTO'!#REF! -> #REF! | D36: ='ANEXO 1. MATRIZ DE SEGUIMIENTO'!#REF! -> #REF! | E36: 0 | F36: ='ANEXO 1. MATRIZ DE SEGUIMIENTO'!#REF! -> #REF! | G36: ='ANEXO 1. MATRIZ DE SEGUIMIENTO'!#REF! -> #REF! | H36: =G36/F36*100 -> #REF! | I36: ='ANEXO 1. MATRIZ DE SEGUIMIENTO'!#REF! -> #REF! | J36: ='ANEXO 1. MATRIZ DE SEGUIMIENTO'!#REF! -> #REF! | K36: =J36/I36*100 -> #REF! | N36: 0
C37: ='ANEXO 1. MATRIZ DE SEGUIMIENTO'!#REF! -> #REF! | D37: ='ANEXO 1. MATRIZ DE SEGUIMIENTO'!#REF! -> #REF! | E37: 100 | N37: 0
A38: TOTALES | C38: =SUM(C5:C37) -> #REF! | D38: =SUM(D5:D37) -> #REF! | E38: =SUM(D38/C38*100) -> #REF! | I38: =SUM(I5:I37) -> #REF! | J38: =SUM(J5:J37) -> #REF! | K38: =SUM(J38/I38*100) -> #REF!

Sheet P3
A1: PROGRAMA 3: GESTION INTEGRAL DEL RECURSO HIDRICO
F2: ='P2'!F2:H2 -> POR PROYECTO | I2: ='P2'!I2:K2 -> POR ACTIVIDAD
A3: PROYECTO | B3: ACTIVIDADES | C3: EJECUCIÓN FÍSICA 2010 | I3: EJECUCIÓN FINANCIERA 2010
C4: META PROGRAMADA | D4: META EJECUTADA | E4: PORCENTAJE EJECUCIÓN | F4: =I4 -> META PROGRAMADA | G4: =J4 -> META EJECUTADA | H4: =K4 -> PORCENTAJE EJECUCIÓN | I4: META PROGRAMADA | J4: META EJECUTADA | K4: PORCENTAJE EJECUCIÓN
A5: =[2]Hoja1!C68 -> 3.1 Aprovechamiento y protección integral de aguas subterráneas en el Departamento Del Cesar. | B5: =[2]Hoja1!F68 -> 3.1.1 Realizar el inventario de puntos de aprovechamiento de aguas subterráneas, pozos, aljibes y manantiales (incluye adquisición de equipos de monitoreo). | C5: ='ANEXO 1. MATRIZ DE SEGUIMIENTO'!#REF! -> #REF! | D5: ='ANEXO 1. MATRIZ DE SEGUIMIENTO'!#REF! -> #REF! | E5: ='ANEXO 1. MATRIZ DE SEGUIMIENTO'!#REF! -> #REF! | F5: ='ANEXO 1. MATRIZ DE SEGUIMIENTO'!#REF! -> #REF! | G5: ='ANEXO 1. MATRIZ DE SEGUIMIENTO'!#REF! -> #REF! | H5: =G5/F5*100 -> #REF! | I5: ='ANEXO 1. MATRIZ DE SEGUIMIENTO'!#REF! -> #REF! | J5: ='ANEXO 1. MATRIZ DE SEGUIMIENTO'!#REF! -> #REF! | K5: =J5/I5*100 -> #REF! | N5: 95 | O5: VALOR REGISTRADO A 30/06/2010
A6: =[2]Hoja1!C70 -> 3.2 Evaluación de la capacidad de transporte de sedimento y del potencial de explotación de material de arrastre en corrientes de aguas superficiales en el Departamento del Cesar. | B6: =[2]Hoja1!F70 -> 3.2.1 Elaborar los estudios de hidrosedimentología en corrientes de aguas superficiales en el Departamento del Cesar. | C6: ='ANEXO 1. MATRIZ DE SEGUIMIENTO'!#REF! -> #REF! | D6: ='ANEXO 1. MATRIZ DE SEGUIMIENTO'!#REF! -> #REF! | E6: =D6/C6*100 -> #REF! | F6: ='ANEXO 1. MATRIZ DE SEGUIMIENTO'!#REF! -> #REF! | G6: ='ANEXO 1. MATRIZ DE SEGUIMIENTO'!#REF! -> #REF! | H6: =G6/F6*100 -> #REF! | I6: ='ANEXO 1. MATRIZ DE SEGUIMIENTO'!#REF! -> #REF! | J6: ='ANEXO 1. MATRIZ DE SEGUIMIENTO'!#REF! -> #REF! | K6: =J6/I6*100 -> #REF! | N6: 1
A7: =[2]Hoja1!C72 -> 3.3 Elaboración el mapa de riesgo en el Departamento del Cesar | B7: =[2]Hoja1!F72 -> 3.3.1 Elaboración del mapa de riesgo por inundaciones. | C7: ='ANEXO 1. MATRIZ DE SEGUIMIENTO'!#REF! -> #REF! | D7: ='ANEXO 1. MATRIZ DE SEGUIMIENTO'!#REF! -> #REF! | E7: =D7/C7*100 -> #REF! | F7: ='ANEXO 1. MATRIZ DE SEGUIMIENTO'!#REF! -> #REF! | G7: ='ANEXO 1. MATRIZ DE SEGUIMIENTO'!#REF! -> #REF! | H7: =G7/F7*100 -> #REF! | I7: ='ANEXO 1. MATRIZ DE SEGUIMIENTO'!#REF! -> #REF! | J7: ='ANEXO 1. MATRIZ DE SEGUIMIENTO'!#REF! -> #REF! | K7: =J7/I7*100 -> #REF! | N7: 1
B8: =[2]Hoja1!F73 -> 3.3.2 Elaboración del mapa de riesgo por eventos geotécnicos. | C8: ='ANEXO 1. MATRIZ DE SEGUIMIENTO'!#REF! -> #REF! | D8: ='ANEXO 1. MATRIZ DE SEGUIMIENTO'!#REF! -> #REF! | E8: =D8/C8*100 -> #REF! | I8: ='ANEXO 1. MATRIZ DE SEGUIMIENTO'!#REF! -> #REF! | J8: ='ANEXO 1. MATRIZ DE SEGUIMIENTO'!#REF! -> #REF! | K8: =J8/I8*100 -> #REF! | N8: 1
B9: =[2]Hoja1!F74 -> 3.3.3 Socialización del conocimiento del riesgo (Torcoroma, Chiriaimo, Honda, San Alberto, Badillo y Guatapurí) | C9: ='ANEXO 1. MATRIZ DE SEGUIMIENTO'!#REF! -> #REF! | D9: ='ANEXO 1. MATRIZ DE SEGUIMIENTO'!#REF! -> #REF! | E9: =D9/C9*100 -> #REF! | I9: ='ANEXO 1. MATRIZ DE SEGUIMIENTO'!#REF! -> #REF! | J9: ='ANEXO 1. MATRIZ DE SEGUIMIENTO'!#REF! -> #REF! | K9: =J9/I9*100 -> #REF!
B10: =[2]Hoja1!F75 -> 3.3.4 Concertación e Implementación de Acciones de mitigación en el marco de la Gestión integral del riesgo. | C10: ='ANEXO 1. MATRIZ DE SEGUIMIENTO'!#REF! -> #REF! | D10: ='ANEXO 1. MATRIZ DE SEGUIMIENTO'!#REF! -> #REF! | E10: =D10/C10*100 -> #REF! | I10: ='ANEXO 1. MATRIZ DE SEGUIMIENTO'!#REF! -> #REF! | J10: ='ANEXO 1. MATRIZ DE SEGUIMIENTO'!#REF! -> #REF! | K10: =J10/I10*100 -> #REF!
A11: =[2]Hoja1!C77 -> 3.4 Formulación e implementación de planes de ordenación y manejo de cuencas en el Departamento del Cesar. | B11: =[2]Hoja1!F77 -> 3.4.1 Ejecución de Fases para la formulación de los POMCAS priorizados | C11: ='ANEXO 1. MATRIZ DE SEGUIMIENTO'!#REF! -> #REF! | D11: ='ANEXO 1. MATRIZ DE SEGUIMIENTO'!#REF! -> #REF! | E11: =D11/C11*100 -> #REF! | F11: ='ANEXO 1. MATRIZ DE SEGUIMIENTO'!#REF! -> #REF! | G11: ='ANEXO 1. MATRIZ DE SEGUIMIENTO'!#REF! -> #REF! | H11: =G11/F11*100 -> #REF! | I11: ='ANEXO 1. MATRIZ DE SEGUIMIENTO'!#REF! -> #REF! | J11: ='ANEXO 1. MATRIZ DE SEGUIMIENTO'!#REF! -> #REF! | K11: =J11/I11*100 -> #REF! | N11: 0.1
B12: =[2]Hoja1!F78 -> 3.4.2 Gestión para la priorización de nuevas cuencas según caracterización ambIental del PDA | C12: ='ANEXO 1. MATRIZ DE SEGUIMIENTO'!#REF! -> #REF! | D12: ='ANEXO 1. MATRIZ DE SEGUIMIENTO'!#REF! -> #REF! | E12: =D12/C12*100 -> #REF! | I12: ='ANEXO 1. MATRIZ DE SEGUIMIENTO'!#REF! -> #REF! | J12: ='ANEXO 1. MATRIZ DE SEGUIMIENTO'!#REF! -> #REF! | K12: =J12/I12*100 -> #REF! | N12: 0.1
C13: ='ANEXO 1. MATRIZ DE SEGUIMIENTO'!#REF! -> #REF! | D13: ='ANEXO 1. MATRIZ DE SEGUIMIENTO'!#REF! -> #REF! | E13: 100 | N13: 0
B14: =[2]Hoja1!F80 -> 3.4.3 Ejecución del proceso de formulación de POMCAS en cuencas priorizados mendiante Res/2004 y en nuevas cuencas ). | C14: ='ANEXO 1. MATRIZ DE SEGUIMIENTO'!#REF! -> #REF! | D14: ='ANEXO 1. MATRIZ DE SEGUIMIENTO'!#REF! -> #REF! | E14: 100 | I14: ='ANEXO 1. MATRIZ DE SEGUIMIENTO'!#REF! -> #REF! | J14: ='ANEXO 1. MATRIZ DE SEGUIMIENTO'!#REF! -> #REF! | K14: =J14/I14*100 -> #REF! | N14: 0
C15: ='ANEXO 1. MATRIZ DE SEGUIMIENTO'!#REF! -> #REF! | D15: ='ANEXO 1. MATRIZ DE SEGUIMIENTO'!#REF! -> #REF! | E15: =D15/C15*100 -> #REF! | N15: 0
A16: =[2]Hoja1!C84 -> 3.5 Formulación de planes de ordenación de cuencas compartidas. | B16: =[2]Hoja1!F84 -> 3.5.1 Concertación de Acciones para la formulación de POMCAS en cuencas compartidas, previamente priorizadas. | C16: ='ANEXO 1. MATRIZ DE SEGUIMIENTO'!#REF! -> #REF! | D16: ='ANEXO 1. MATRIZ DE SEGUIMIENTO'!#REF! -> #REF! | E16: =D16/C16*100 -> #REF! | F16: ='ANEXO 1. MATRIZ DE SEGUIMIENTO'!#REF! -> #REF! | G16: ='ANEXO 1. MATRIZ DE SEGUIMIENTO'!#REF! -> #REF! | H16: =G16/F16*100 -> #REF! | I16: ='ANEXO 1. MATRIZ DE SEGUIMIENTO'!#REF! -> #REF! | J16: ='ANEXO 1. MATRIZ DE SEGUIMIENTO'!#REF! -> #REF! | K16: =J16/I16*100 -> #REF! | N16: 0
A17: =[2]Hoja1!C86 -> 3.6 Reglamentación del Recurso hídrico en el Departamento del Cesar. | B17: =[2]Hoja1!F86 -> 3.6.1 Reglamentación de las corrientes hídricas priorizadas. | C17: ='ANEXO 1. MATRIZ DE SEGUIMIENTO'!#REF! -> #REF! | D17: ='ANEXO 1. MATRIZ DE SEGUIMIENTO'!#REF! -> #REF! | E17: =D17/C17*100 -> #REF! | F17: ='ANEXO 1. MATRIZ DE SEGUIMIENTO'!#REF! -> #REF! | G17: ='ANEXO 1. MATRIZ DE SEGUIMIENTO'!#REF! -> #REF! | H17: =G17/F17*100 -> #REF! | I17: ='ANEXO 1. MATRIZ DE SEGUIMIENTO'!#REF! -> #REF! | J17: ='ANEXO 1. MATRIZ DE SEGUIMIENTO'!#REF! -> #REF! | K17: =J17/I17*100 -> #REF! | N17: 0
C18: ='ANEXO 1. MATRIZ DE SEGUIMIENTO'!#REF! -> #REF! | D18: ='ANEXO 1. MATRIZ DE SEGUIMIENTO'!#REF! -> #REF! | E18: =D18/C18*100 -> #REF! | N18: 0
B19: =[2]Hoja1!F90 -> 3.6.3 Facturación por concepto de uso del agua. | C19: ='ANEXO 1. MATRIZ DE SEGUIMIENTO'!#REF! -> #REF! | D19: ='ANEXO 1. MATRIZ DE SEGUIMIENTO'!#REF! -> #REF! | E19: 100 | I19: ='ANEXO 1. MATRIZ DE SEGUIMIENTO'!#REF! -> #REF! | J19: ='ANEXO 1. MATRIZ DE SEGUIMIENTO'!#REF! -> #REF! | K19: =J19/I19*100 -> #REF! | N19: 0
C20: ='ANEXO 1. MATRIZ DE SEGUIMIENTO'!#REF! -> #REF! | D20: ='ANEXO 1. MATRIZ DE SEGUIMIENTO'!#REF! -> #REF! | E20: 100 | N20: 0
B21: =[2]Hoja1!F92 -> 3.6.5 Implementación y seguimiento a las tasas de reducción de cargas contaminantes adoptadas por el Consejo Directivo | C21: ='ANEXO 1. MATRIZ DE SEGUIMIENTO'!#REF! -> #REF! | D21: ='ANEXO 1. MATRIZ DE SEGUIMIENTO'!#REF! -> #REF! | E21: 100 | I21: ='ANEXO 1. MATRIZ DE SEGUIMIENTO'!#REF! -> #REF! | J21: ='ANEXO 1. MATRIZ DE SEGUIMIENTO'!#REF! -> #REF! | K21: =J21/I21*100 -> #REF! | N21: 0
B22: =[2]Hoja1!F94 -> 3.6.7 Establecimiento y ejecución de estrategias de Manejo Ambiental en el Arroyo El Salao, municipio de San Diego. | C22: ='ANEXO 1. MATRIZ DE SEGUIMIENTO'!#REF! -> #REF! | D22: ='ANEXO 1. MATRIZ DE SEGUIMIENTO'!#REF! -> #REF! | E22: =D22/C22*100 -> #REF! | I22: ='ANEXO 1. MATRIZ DE SEGUIMIENTO'!#REF! -> #REF! | J22: ='ANEXO 1. MATRIZ DE SEGUIMIENTO'!#REF! -> #REF! | K22: =J22/I22*100 -> #REF! | N22: 0
A23: TOTALES | C23: =SUM(C5:C22) -> #REF! | D23: =SUM(D5:D22) -> #REF! | E23: =SUM(D23/C23*100) -> #REF! | I23: =SUM(I5:I22) -> #REF! | J23: =SUM(J5:J22) -> #REF! | K23: =SUM(J23/I23*100) -> #REF!

Sheet P4
A1: PROGRAMA 4: PROMOCION DE PROCESOS PRODUCTIVOS COMPETITIVOS Y SOSTENIBLES
F2: ='P3'!F2:H2 -> POR PROYECTO | I2: ='P3'!I2:K2 -> POR ACTIVIDAD
A3: PROYECTO | B3: ACTIVIDADES | C3: EJECUCIÓN FÍSICA 2010 | F3: =I3 -> EJECUCIÓN FINANCIERA 2010 | I3: EJECUCIÓN FINANCIERA 2010
C4: META PROGRAMADA | D4: META EJECUTADA | E4: PORCENTAJE EJECUCIÓN | F4: =I4 -> META PROGRAMADA | G4: =J4 -> META EJECUTADA | H4: =K4 -> PORCENTAJE EJECUCIÓN | I4: META PROGRAMADA | J4: META EJECUTADA | K4: PORCENTAJE EJECUCIÓN
A5: =[2]Hoja1!C96 -> 4.1 Promoción de procesos productivos competitivos y sostenibles | B5: =[2]Hoja1!F96 -> 4.1.1 Diseño y Construcción de un proyecto piloto demostrativo de arquitectura bioclimática. | C5: ='ANEXO 1. MATRIZ DE SEGUIMIENTO'!#REF! -> #REF! | D5: ='ANEXO 1. MATRIZ DE SEGUIMIENTO'!#REF! -> #REF! | E5: 100 | F5: ='ANEXO 1. MATRIZ DE SEGUIMIENTO'!#REF! -> #REF! | G5: ='ANEXO 1. MATRIZ DE SEGUIMIENTO'!#REF! -> #REF! | H5: =G5/F5*100 -> #REF! | I5: ='ANEXO 1. MATRIZ DE SEGUIMIENTO'!#REF! -> #REF! | J5: ='ANEXO 1. MATRIZ DE SEGUIMIENTO'!#REF! -> #REF! | K5: =J5/I5*100 -> #REF! | O5: 0.15 | P5: VALOR REGISTRADO A 30/06/2010
B6: =[2]Hoja1!F97 -> 4.1.2 Interventoría para la construcción de un proyecto piloto demostrativo de arquitectura bioclimática. | C6: ='ANEXO 1. MATRIZ DE SEGUIMIENTO'!#REF! -> #REF! | D6: ='ANEXO 1. MATRIZ DE SEGUIMIENTO'!#REF! -> #REF! | E6: 100 | I6: ='ANEXO 1. MATRIZ DE SEGUIMIENTO'!#REF! -> #REF! | J6: ='ANEXO 1. MATRIZ DE SEGUIMIENTO'!#REF! -> #REF! | K6: =J6/I6*100 -> #REF! | O6: 0.15
B7: =[2]Hoja1!F98 -> 4.1.3 Seguimiento y evaluación de resultados alcanzados con los convenios vigentes | C7: ='ANEXO 1. MATRIZ DE SEGUIMIENTO'!#REF! -> #REF! | D7: ='ANEXO 1. MATRIZ DE SEGUIMIENTO'!#REF! -> #REF! | E7: =D7/C7*100 -> #REF! | I7: ='ANEXO 1. MATRIZ DE SEGUIMIENTO'!#REF! -> #REF! | J7: ='ANEXO 1. MATRIZ DE SEGUIMIENTO'!#REF! -> #REF! | K7: =J7/I7*100 -> #REF! | O7: 20
B8: =[2]Hoja1!F99 -> 4.1.4 Establecimiento del programa de protección de la capa de ozono. | C8: ='ANEXO 1. MATRIZ DE SEGUIMIENTO'!#REF! -> #REF! | D8: ='ANEXO 1. MATRIZ DE SEGUIMIENTO'!#REF! -> #REF! | E8: =D8/C8*100 -> #REF! | I8: ='ANEXO 1. MATRIZ DE SEGUIMIENTO'!#REF! -> #REF! | J8: ='ANEXO 1. MATRIZ DE SEGUIMIENTO'!#REF! -> #REF! | K8: =J8/I8*100 -> #REF! | O8: 0
B9: =[2]Hoja1!F100 -> 4.1.5 Establecimiento del programa de Cambio Climático. | C9: ='ANEXO 1. MATRIZ DE SEGUIMIENTO'!#REF! -> #REF! | D9: ='ANEXO 1. MATRIZ DE SEGUIMIENTO'!#REF! -> #REF! | E9: =D9/C9*100 -> #REF! | I9: ='ANEXO 1. MATRIZ DE SEGUIMIENTO'!#REF! -> #REF! | J9: ='ANEXO 1. MATRIZ DE SEGUIMIENTO'!#REF! -> #REF! | K9: =J9/I9*100 -> #REF! | O9: 0
B10: =[2]Hoja1!F101 -> 4.1.6 Establecimiento del programa de Medidas Sanitarias y Fitosanitarias (MSF). | C10: ='ANEXO 1. MATRIZ DE SEGUIMIENTO'!#REF! -> #REF! | D10: ='ANEXO 1. MATRIZ DE SEGUIMIENTO'!#REF! -> #REF! | E10: =D10/C10*100 -> #REF! | I10: ='ANEXO 1. MATRIZ DE SEGUIMIENTO'!#REF! -> #REF! | J10: ='ANEXO 1. MATRIZ DE SEGUIMIENTO'!#REF! -> #REF! | K10: =J10/I10*100 -> #REF! | O10: 0
B11: =[2]Hoja1!F102 -> 4.1.7 Promoción de proyectos de mercados verdes en el Departamento del Cesar. | C11: ='ANEXO 1. MATRIZ DE SEGUIMIENTO'!#REF! -> #REF! | D11: ='ANEXO 1. MATRIZ DE SEGUIMIENTO'!#REF! -> #REF! | E11: =D11/C11*100 -> #REF! | I11: ='ANEXO 1. MATRIZ DE SEGUIMIENTO'!#REF! -> #REF! | J11: ='ANEXO 1. MATRIZ DE SEGUIMIENTO'!#REF! -> #REF! | K11: =J11/I11*100 -> #REF! | O11: 0
B12: =[2]Hoja1!F103 -> 4.1.8 Apoyo al aprovechamiento de residuos solidos bajo los programas de mercados verdes y aplicación de Tecnologías limpias en el municipio de Valledupar y en el resto del Departamento del Cesar | C12: ='ANEXO 1. MATRIZ DE SEGUIMIENTO'!#REF! -> #REF! | D12: ='ANEXO 1. MATRIZ DE SEGUIMIENTO'!#REF! -> #REF! | E12: =D12/C12*100 -> #REF! | I12: ='ANEXO 1. MATRIZ DE SEGUIMIENTO'!#REF! -> #REF! | J12: ='ANEXO 1. MATRIZ DE SEGUIMIENTO'!#REF! -> #REF! | K12: =J12/I12*100 -> #REF! | O12: 0
B13: =[2]Hoja1!F104 -> 4.1.10 Control de Deforestación y captura de CO2 en diferentes áreas bajo la figura de conservación a través de servicios ambientales. | C13: ='ANEXO 1. MATRIZ DE SEGUIMIENTO'!#REF! -> #REF! | D13: ='ANEXO 1. MATRIZ DE SEGUIMIENTO'!#REF! -> #REF! | E13: =D13/C13*100 -> #REF! | I13: ='ANEXO 1. MATRIZ DE SEGUIMIENTO'!#REF! -> #REF! | J13: ='ANEXO 1. MATRIZ DE SEGUIMIENTO'!#REF! -> #REF! | K13: =J13/I13*100 -> #REF! | O13: 0
A14: =[2]Hoja1!C106 -> 4.2 Formulación e implementación de una POLITICA pública REGIONAL de PML. | B14: =[2]Hoja1!F106 -> 4.2.1 Diseño y adopción de la política pública local de PML. (objetivo, estrategias, acciones y metas) | C14: ='ANEXO 1. MATRIZ DE SEGUIMIENTO'!#REF! -> #REF! | D14: ='ANEXO 1. MATRIZ DE SEGUIMIENTO'!#REF! -> #REF! | E14: =D14/C14*100 -> #REF! | F14: ='ANEXO 1. MATRIZ DE SEGUIMIENTO'!#REF! -> #REF! | G14: ='ANEXO 1. MATRIZ DE SEGUIMIENTO'!#REF! -> #REF! | H14: =G14/F14*100 -> #REF! | I14: ='ANEXO 1. MATRIZ DE SEGUIMIENTO'!#REF! -> #REF! | J14: ='ANEXO 1. MATRIZ DE SEGUIMIENTO'!#REF! -> #REF! | K14: =J14/I14*100 -> #REF! | O14: 0
B15: =[2]Hoja1!F107 -> 4.2.2 Conformación de un equipo multidisciplinario de trabajo para el desarrollo de la politica o Programa de PML según sectores productivos y estratégicos vinculados. | C15: ='ANEXO 1. MATRIZ DE SEGUIMIENTO'!#REF! -> #REF! | D15: ='ANEXO 1. MATRIZ DE SEGUIMIENTO'!#REF! -> #REF! | E15: =D15/C15*100 -> #REF! | I15: ='ANEXO 1. MATRIZ DE SEGUIMIENTO'!#REF! -> #REF! | J15: ='ANEXO 1. MATRIZ DE SEGUIMIENTO'!#REF! -> #REF! | K15: =J15/I15*100 -> #REF! | O15: 0
B16: =[2]Hoja1!F108 -> 4.2.3 Formulación e implementación del Proyecto de gestión integral de RESPEL como estrategia de PML | C16: ='ANEXO 1. MATRIZ DE SEGUIMIENTO'!#REF! -> #REF! | D16: ='ANEXO 1. MATRIZ DE SEGUIMIENTO'!#REF! -> #REF! | E16: =D16/C16*100 -> #REF! | I16: ='ANEXO 1. MATRIZ DE SEGUIMIENTO'!#REF! -> #REF! | J16: ='ANEXO 1. MATRIZ DE SEGUIMIENTO'!#REF! -> #REF! | K16: =J16/I16*100 -> #REF! | O16: 0
A17: TOTALES | C17: =SUM(C5:C16) -> #REF! | D17: =SUM(D5:D16) -> #REF! | E17: =SUM(D17/C17*100) -> #REF! | I17: =SUM(I5:I16) -> #REF! | J17: =SUM(J5:J16) -> #REF! | K17: =SUM(J17/I17*100) -> #REF!

Sheet P5
A1: PROGRAMA 5 : CONTROL DEL IMPACTO AMBIENTAL GENERADO POR LAS ACTIVIDADES QUE PRESIONAN LOS RECURSOS NATURALES Y DEL MEDIO AMBIENTE EN EL DEPARTAMENTO DEL CESAR.
F2: ='P4'!F2:H2 -> POR PROYECTO | I2: ='P4'!I2:K2 -> POR ACTIVIDAD
A3: PROYECTO | B3: ACTIVIDADES | C3: EJECUCIÓN FÍSICA 2010 | F3: =I3 -> EJECUCIÓN FINANCIERA 2010 | I3: EJECUCIÓN FINANCIERA 2010
C4: META PROGRAMADA | D4: META EJECUTADA | E4: PORCENTAJE EJECUCIÓN | F4: =I4 -> META PROGRAMADA | G4: =J4 -> META EJECUTADA | H4: =K4 -> PORCENTAJE EJECUCIÓN | I4: META PROGRAMADA | J4: META EJECUTADA | K4: PORCENTAJE EJECUCIÓN
A5: =[2]Hoja1!C111 -> 5.1 Control de la contaminación por emisiones atmosfericas en el Departamento del Cesar. | B5: =[2]Hoja1!F113 -> 5.1.1.3 Adquisición de vehículo y estación móvil para el control de emisiones de gases de automotores. | C5: ='ANEXO 1. MATRIZ DE SEGUIMIENTO'!#REF! -> #REF! | D5: ='ANEXO 1. MATRIZ DE SEGUIMIENTO'!#REF! -> #REF! | E5: 100 | F5: ='ANEXO 1. MATRIZ DE SEGUIMIENTO'!#REF! -> #REF! | G5: ='ANEXO 1. MATRIZ DE SEGUIMIENTO'!#REF! -> #REF! | H5: =G5/F5*100 -> #REF! | I5: ='ANEXO 1. MATRIZ DE SEGUIMIENTO'!#REF! -> #REF! | J5: ='ANEXO 1. MATRIZ DE SEGUIMIENTO'!#REF! -> #REF! | K5: =J5/I5*100 -> #REF! | O5: 0
B6: =[2]Hoja1!F118 -> 5.1.4 Ampliación y operación de la red de monitoreo del aire en la zona minera del Departamento del Cesar. | C6: ='ANEXO 1. MATRIZ DE SEGUIMIENTO'!#REF! -> #REF! | D6: ='ANEXO 1. MATRIZ DE SEGUIMIENTO'!#REF! -> #REF! | E6: =D6/C6*100 -> #REF! | I6: ='ANEXO 1. MATRIZ DE SEGUIMIENTO'!#REF! -> #REF! | J6: ='ANEXO 1. MATRIZ DE SEGUIMIENTO'!#REF! -> #REF! | K6: =J6/I6*100 -> #REF! | O6: 1
B7: =[2]Hoja1!F119 -> 5.1.5 Realización estudio epidemiológico en la zona carbonífera del Cesar. | C7: ='ANEXO 1. MATRIZ DE SEGUIMIENTO'!#REF! -> #REF! | D7: ='ANEXO 1. MATRIZ DE SEGUIMIENTO'!#REF! -> #REF! | E7: =D7/C7*100 -> #REF! | I7: ='ANEXO 1. MATRIZ DE SEGUIMIENTO'!#REF! -> #REF! | J7: ='ANEXO 1. MATRIZ DE SEGUIMIENTO'!#REF! -> #REF! | K7: =J7/I7*100 -> #REF! | O7: 0.1
A8: =[2]Hoja1!C121 -> 5.2. Registro, control ambiental y monitoreo de la calidad del aire en la zona minera del carbón del Departamento del Cesar. | B8: =[2]Hoja1!F121 -> 5.2.1 Acciones de control, monitoreo y manejo ambiental en la zona minera según acuerdos de la Jagua. Operación Red de Monitoreo de la Calidad del Aire en la Zona Carbonífera del Cesar. | C8: ='ANEXO 1. MATRIZ DE SEGUIMIENTO'!#REF! -> #REF! | D8: ='ANEXO 1. MATRIZ DE SEGUIMIENTO'!#REF! -> #REF! | E8: =D8/C8*100 -> #REF! | F8: ='ANEXO 1. MATRIZ DE SEGUIMIENTO'!#REF! -> #REF! | G8: ='ANEXO 1. MATRIZ DE SEGUIMIENTO'!#REF! -> #REF! | H8: =G8/F8*100 -> #REF! | I8: ='ANEXO 1. MATRIZ DE SEGUIMIENTO'!#REF! -> #REF! | J8: ='ANEXO 1. MATRIZ DE SEGUIMIENTO'!#REF! -> #REF! | K8: =J8/I8*100 -> #REF! | O8: 0
C9: ='ANEXO 1. MATRIZ DE SEGUIMIENTO'!#REF! -> #REF! | D9: ='ANEXO 1. MATRIZ DE SEGUIMIENTO'!#REF! -> #REF! | E9: =D9/C9*100 -> #REF! | O9: 0
C10: ='ANEXO 1. MATRIZ DE SEGUIMIENTO'!#REF! -> #REF! | D10: ='ANEXO 1. MATRIZ DE SEGUIMIENTO'!#REF! -> #REF! | E10: =D10/C10*100 -> #REF! | O10: 0
A11: =[2]Hoja1!C125 -> 5.3. Control de la contaminación por vertimientos hacia los cuerpos de agua del Departamento del Cesar. | B11: =[2]Hoja1!F125 -> 5.3.1 Control y seguimiento a los PSMV aprobados | C11: ='ANEXO 1. MATRIZ DE SEGUIMIENTO'!#REF! -> #REF! | D11: ='ANEXO 1. MATRIZ DE SEGUIMIENTO'!#REF! -> #REF! | E11: 100 | F11: ='ANEXO 1. MATRIZ DE SEGUIMIENTO'!#REF! -> #REF! | G11: ='ANEXO 1. MATRIZ DE SEGUIMIENTO'!#REF! -> #REF! | H11: =G11/F11*100 -> #REF! | I11: ='ANEXO 1. MATRIZ DE SEGUIMIENTO'!#REF! -> #REF! | J11: ='ANEXO 1. MATRIZ DE SEGUIMIENTO'!#REF! -> #REF! | K11: =J11/I11*100 -> #REF! | O11: 30
B12: =[2]Hoja1!F126 -> 5.3.2 Formulación, diseño e implementaión de una red de monitoreo de aguas residuales domésticas e industirales | C12: ='ANEXO 1. MATRIZ DE SEGUIMIENTO'!#REF! -> #REF! | D12: ='ANEXO 1. MATRIZ DE SEGUIMIENTO'!#REF! -> #REF! | E12: =D12/C12*100 -> #REF! | I12: ='ANEXO 1. MATRIZ DE SEGUIMIENTO'!#REF! -> #REF! | J12: ='ANEXO 1. MATRIZ DE SEGUIMIENTO'!#REF! -> #REF! | K12: =J12/I12*100 -> #REF! | O12: 0
C13: ='ANEXO 1. MATRIZ DE SEGUIMIENTO'!#REF! -> #REF! | D13: ='ANEXO 1. MATRIZ DE SEGUIMIENTO'!#REF! -> #REF! | E13: 0
B14: =[2]Hoja1!F128 -> 5.3.3 Caracterización e Impacto Ambiental por vertimientos en la cuenca media y baja del Río Cesar. | C14: ='ANEXO 1. MATRIZ DE SEGUIMIENTO'!#REF! -> #REF! | D14: ='ANEXO 1. MATRIZ DE SEGUIMIENTO'!#REF! -> #REF! | E14: =D14/C14*100 -> #REF! | I14: ='ANEXO 1. MATRIZ DE SEGUIMIENTO'!#REF! -> #REF! | J14: ='ANEXO 1. MATRIZ DE SEGUIMIENTO'!#REF! -> #REF! | K14: =J14/I14*100 -> #REF! | O14: 0
B15: =[2]Hoja1!F129 -> 5.3.4 Implementación y operación del laboratorio de aguas | C15: ='ANEXO 1. MATRIZ DE SEGUIMIENTO'!#REF! -> #REF! | D15: ='ANEXO 1. MATRIZ DE SEGUIMIENTO'!#REF! -> #REF! | E15: =D15/C15*100 -> #REF! | I15: ='ANEXO 1. MATRIZ DE SEGUIMIENTO'!#REF! -> #REF! | J15: ='ANEXO 1. MATRIZ DE SEGUIMIENTO'!#REF! -> #REF! | K15: =J15/I15*100 -> #REF! | O15: 0.1
C16: ='ANEXO 1. MATRIZ DE SEGUIMIENTO'!#REF! -> #REF! | D16: ='ANEXO 1. MATRIZ DE SEGUIMIENTO'!#REF! -> #REF! | E16: 0
C17: ='ANEXO 1. MATRIZ DE SEGUIMIENTO'!#REF! -> #REF! | D17: ='ANEXO 1. MATRIZ DE SEGUIMIENTO'!#REF! -> #REF! | E17: 0
A18: =[2]Hoja1!C133 -> 5.4. Apoyo a la gestión de los sistemas de agua potable y saneamiento básico en el Departamento del Cesar. | B18: =[2]Hoja1!F133 -> 5.4.1 Gestión y manejo de residuos solidos en el Departamento del Cesar. | C18: =[2]Hoja1!L133 -> 13 | D18: ='ANEXO 1. MATRIZ DE SEGUIMIENTO'!#REF! -> #REF! | E18: 100 | F18: ='ANEXO 1. MATRIZ DE SEGUIMIENTO'!#REF! -> #REF! | G18: ='ANEXO 1. MATRIZ DE SEGUIMIENTO'!#REF! -> #REF! | H18: =G18/F18*100 -> #REF! | I18: ='ANEXO 1. MATRIZ DE SEGUIMIENTO'!#REF! -> #REF! | J18: ='ANEXO 1. MATRIZ DE SEGUIMIENTO'!#REF! -> #REF! | K18: =J18/I18*100 -> #REF! | O18: 40
C19: ='ANEXO 1. MATRIZ DE SEGUIMIENTO'!#REF! -> #REF! | D19: ='ANEXO 1. MATRIZ DE SEGUIMIENTO'!#REF! -> #REF! | E19: =D19/C19*100 -> #REF! | O19: 60
C20: ='ANEXO 1. MATRIZ DE SEGUIMIENTO'!#REF! -> #REF! | D20: ='ANEXO 1. MATRIZ DE SEGUIMIENTO'!#REF! -> #REF! | E20: 100 | O20: 0
C21: ='ANEXO 1. MATRIZ DE SEGUIMIENTO'!#REF! -> #REF! | D21: ='ANEXO 1. MATRIZ DE SEGUIMIENTO'!#REF! -> #REF! | E21: 100 | O21: 0
B22: =[2]Hoja1!F137 -> 5.4.2. Gestión y manejo de aguas residuales en el Departamento del Cesar | C22: ='ANEXO 1. MATRIZ DE SEGUIMIENTO'!#REF! -> #REF! | D22: ='ANEXO 1. MATRIZ DE SEGUIMIENTO'!#REF! -> #REF! | E22: =D22/C22*100 -> #REF! | I22: ='ANEXO 1. MATRIZ DE SEGUIMIENTO'!#REF! -> #REF! | J22: ='ANEXO 1. MATRIZ DE SEGUIMIENTO'!#REF! -> #REF! | K22: =J22/I22*100 -> #REF! | O22: 0
A23: =[2]Hoja1!C141 -> 5.5. Prevención y mitigación del Riesgo y desastres naturales en la jurisdicción de Corpocesar. | B23: =[2]Hoja1!F141 -> 5.5.1 Prevención y atención de incendios forestales a través de contratos o convenios de cooperación técnica y financiera. | C23: ='ANEXO 1. MATRIZ DE SEGUIMIENTO'!#REF! -> #REF! | D23: ='ANEXO 1. MATRIZ DE SEGUIMIENTO'!#REF! -> #REF! | E23: 100 | F23: ='ANEXO 1. MATRIZ DE SEGUIMIENTO'!#REF! -> #REF! | G23: ='ANEXO 1. MATRIZ DE SEGUIMIENTO'!#REF! -> #REF! | H23: =G23/F23*100 -> #REF! | I23: ='ANEXO 1. MATRIZ DE SEGUIMIENTO'!#REF! -> #REF! | J23: ='ANEXO 1. MATRIZ DE SEGUIMIENTO'!#REF! -> #REF! | K23: =J23/I23*100 -> #REF! | O23: 0
B24: =[2]Hoja1!F142 -> 5.5.2 Formulación y adopción de las determinantes ambientales del área de jurisdicción de Corpocesar, para el Ordenamiento Territorial. | C24: ='ANEXO 1. MATRIZ DE SEGUIMIENTO'!#REF! -> #REF! | D24: ='ANEXO 1. MATRIZ DE SEGUIMIENTO'!#REF! -> #REF! | E24: =D24/C24*100 -> #REF! | I24: ='ANEXO 1. MATRIZ DE SEGUIMIENTO'!#REF! -> #REF! | J24: ='ANEXO 1. MATRIZ DE SEGUIMIENTO'!#REF! -> #REF! | K24: =J24/I24*100 -> #REF! | O24: 0
B25: =[2]Hoja1!F143 -> 5.5.3 Diseño y/o Construcción de obras de control de erosión e inundaciones. | C25: ='ANEXO 1. MATRIZ DE SEGUIMIENTO'!#REF! -> #REF! | D25: ='ANEXO 1. MATRIZ DE SEGUIMIENTO'!#REF! -> #REF! | E25: 100 | I25: ='ANEXO 1. MATRIZ DE SEGUIMIENTO'!#REF! -> #REF! | J25: ='ANEXO 1. MATRIZ DE SEGUIMIENTO'!#REF! -> #REF! | K25: =J25/I25*100 -> #REF! | O25: 0
A26: =A23 -> 5.5. Prevención y mitigación del Riesgo y desastres naturales en la jurisdicción de Corpocesar. | B26: =[2]Hoja1!F146 -> 5.5.6. Formulación e implementación del Plan de Gestión Integral del Riesgo - GIR- | C26: ='ANEXO 1. MATRIZ DE SEGUIMIENTO'!#REF! -> #REF! | D26: ='ANEXO 1. MATRIZ DE SEGUIMIENTO'!#REF! -> #REF! | E26: =D26/C26*100 -> #REF! | I26: ='ANEXO 1. MATRIZ DE SEGUIMIENTO'!#REF! -> #REF! | J26: ='ANEXO 1. MATRIZ DE SEGUIMIENTO'!#REF! -> #REF! | K26: =J26/I26*100 -> #REF! | O26: 0
C27: ='ANEXO 1. MATRIZ DE SEGUIMIENTO'!#REF! -> #REF! | D27: ='ANEXO 1. MATRIZ DE SEGUIMIENTO'!#REF! -> #REF! | E27: =D27/C27*100 -> #REF!
B28: =[2]Hoja1!F148 -> 5.5.7. Estrategia de apoyo para solucionar la problemática del ataque del comején y las hormigas a la Arborización de Valledupar y otras Zonas del Departamento del Cesar. | C28: ='ANEXO 1. MATRIZ DE SEGUIMIENTO'!#REF! -> #REF! | D28: ='ANEXO 1. MATRIZ DE SEGUIMIENTO'!#REF! -> #REF! | E28: =D28/C28*100 -> #REF! | I28: ='ANEXO 1. MATRIZ DE SEGUIMIENTO'!#REF! -> #REF! | J28: ='ANEXO 1. MATRIZ DE SEGUIMIENTO'!#REF! -> #REF! | K28: =J28/I28*100 -> #REF! | O28: 0
A29: =[2]Hoja1!C150 -> 5.6. Fortalecimiento del control ambiental a través de los procesos misionales en la jurisdicción de Corpocesar. | B29: =[2]Hoja1!F150 -> 5.6.1 Evaluación y Seguimiento a los instrumentos ambientales que otorga Corpocesar, y atención de quejas por infracciones ambientales. | C29: ='ANEXO 1. MATRIZ DE SEGUIMIENTO'!#REF! -> #REF! | D29: ='ANEXO 1. MATRIZ DE SEGUIMIENTO'!#REF! -> #REF! | E29: 100 | F29: ='ANEXO 1. MATRIZ DE SEGUIMIENTO'!#REF! -> #REF! | G29: ='ANEXO 1. MATRIZ DE SEGUIMIENTO'!#REF! -> #REF! | H29: =G29/F29*100 -> #REF! | I29: ='ANEXO 1. MATRIZ DE SEGUIMIENTO'!#REF! -> #REF! | J29: ='ANEXO 1. MATRIZ DE SEGUIMIENTO'!#REF! -> #REF! | K29: =J29/I29*100 -> #REF! | O29: 50
B30: =[2]Hoja1!F152 -> 5.6.2 Implementación de la ventanilla integral de trámites ambientales en línea, en el marco de las politicas de GOBIERNO EN LINEA, mediante la ejecución de FASES del proceso. Orientado por el MAVDT. | C30: ='ANEXO 1. MATRIZ DE SEGUIMIENTO'!#REF! -> #REF! | D30: ='ANEXO 1. MATRIZ DE SEGUIMIENTO'!#REF! -> #REF! | E30: =D30/C30*100 -> #REF! | I30: ='ANEXO 1. MATRIZ DE SEGUIMIENTO'!#REF! -> #REF! | J30: ='ANEXO 1. MATRIZ DE SEGUIMIENTO'!#REF! -> #REF! | K30: =J30/I30*100 -> #REF! | O30: 0.2
C31: ='ANEXO 1. MATRIZ DE SEGUIMIENTO'!#REF! -> #REF! | D31: ='ANEXO 1. MATRIZ DE SEGUIMIENTO'!#REF! -> #REF!
C32: ='ANEXO 1. MATRIZ DE SEGUIMIENTO'!#REF! -> #REF! | D32: ='ANEXO 1. MATRIZ DE SEGUIMIENTO'!#REF! -> #REF!
A33: =[2]Hoja1!C156 -> 5.7. Fortalecimiento del componente ambiental del Plan Departamental de Agua del Cesar a través de la vinculación de la CAR a todos los procesos ambientales del PDA. | B33: =[2]Hoja1!F156 -> 5.7.1 Gestión de vinculación y operación de acciones interinsitucionales. | C33: ='ANEXO 1. MATRIZ DE SEGUIMIENTO'!#REF! -> #REF! | D33: ='ANEXO 1. MATRIZ DE SEGUIMIENTO'!#REF! -> #REF! | E33: =D33/C33*100 -> #REF! | F33: ='ANEXO 1. MATRIZ DE SEGUIMIENTO'!#REF! -> #REF! | G33: ='ANEXO 1. MATRIZ DE SEGUIMIENTO'!#REF! -> #REF! | H33: =G33/F33*100 -> #REF! | I33: ='ANEXO 1. MATRIZ DE SEGUIMIENTO'!#REF! -> #REF! | J33: ='ANEXO 1. MATRIZ DE SEGUIMIENTO'!#REF! -> #REF! | O33: 0
C34: ='ANEXO 1. MATRIZ DE SEGUIMIENTO'!#REF! -> #REF! | D34: ='ANEXO 1. MATRIZ DE SEGUIMIENTO'!#REF! -> #REF! | E34: 100 | O34: 0
C35: ='ANEXO 1. MATRIZ DE SEGUIMIENTO'!#REF! -> #REF! | D35: ='ANEXO 1. MATRIZ DE SEGUIMIENTO'!#REF! -> #REF! | E35: 100 | O35: 0
C36: ='ANEXO 1. MATRIZ DE SEGUIMIENTO'!#REF! -> #REF! | D36: ='ANEXO 1. MATRIZ DE SEGUIMIENTO'!#REF! -> #REF! | E36: 0
C37: ='ANEXO 1. MATRIZ DE SEGUIMIENTO'!#REF! -> #REF! | D37: ='ANEXO 1. MATRIZ DE SEGUIMIENTO'!#REF! -> #REF! | E37: 0
A38: TOTALES | C38: =SUM(C5:C37) -> #REF! | D38: =SUM(D5:D37) -> #REF! | E38: =SUM(D38/C38*100) -> #REF! | I38: =SUM(I5:I37) -> #REF! | J38: =SUM(J5:J37) -> #REF! | K38: =SUM(J38/I38*100) -> #REF!

Sheet P6
A1: PROGRAMA 6 : CONSTRUCCIÓN DE UNA NUEVA CULTURA AMBIENTAL COLECTIVA.
F2: ='P5'!F2:H2 -> POR PROYECTO | I2: ='P5'!I2:K2 -> POR ACTIVIDAD
A3: PROYECTO | B3: ACTIVIDADES | C3: EJECUCIÓN FÍSICA 2010 | F3: EJECUCIÓN FINANCIERA 2011
C4: META PROGRAMADA | D4: META EJECUTADA | E4: PORCENTAJE EJECUCIÓN | F4: =I4 -> META PROGRAMADA | G4: =J4 -> META EJECUTADA | H4: =K4 -> PORCENTAJE EJECUCIÓN | I4: META PROGRAMADA | J4: META EJECUTADA | K4: PORCENTAJE EJECUCIÓN
A5: =[2]Hoja1!C162 -> 6.1. Construcción de una nueva cultura ambiental colectiva en el Departamento del Cesar. | B5: =[2]Hoja1!F162 -> 6.1.1 Establecimiento y operación de la Red Interna de Multiplicadores Ambientales. | C5: ='ANEXO 1. MATRIZ DE SEGUIMIENTO'!#REF! -> #REF! | D5: ='ANEXO 1. MATRIZ DE SEGUIMIENTO'!#REF! -> #REF! | E5: =D5/C5*100 -> #REF! | F5: ='ANEXO 1. MATRIZ DE SEGUIMIENTO'!#REF! -> #REF! | G5: ='ANEXO 1. MATRIZ DE SEGUIMIENTO'!#REF! -> #REF! | H5: =G5/F5*100 -> #REF! | I5: ='ANEXO 1. MATRIZ DE SEGUIMIENTO'!#REF! -> #REF! | J5: ='ANEXO 1. MATRIZ DE SEGUIMIENTO'!#REF! -> #REF! | K5: =J5/I5*100 -> #REF! | O5: 0 | P5: META REGISTRADA A 30/06/2010
B6: =[2]Hoja1!F163 -> 6.1.2 Desarrollo y fortalecimiento de las comunicaciones (periodico ambiental, programa mision revive, programa en radio, revistas, boletín oficial, divulgación y pautas) como estratégia de formación de cultura ambiental en la región. | C6: ='ANEXO 1. MATRIZ DE SEGUIMIENTO'!#REF! -> #REF! | D6: ='ANEXO 1. MATRIZ DE SEGUIMIENTO'!#REF! -> #REF! | E6: =D6/C6*100 -> #REF! | I6: ='ANEXO 1. MATRIZ DE SEGUIMIENTO'!#REF! -> #REF! | J6: ='ANEXO 1. MATRIZ DE SEGUIMIENTO'!#REF! -> #REF! | K6: =J6/I6*100 -> #REF! | O6: 0
C7: ='ANEXO 1. MATRIZ DE SEGUIMIENTO'!#REF! -> #REF! | D7: ='ANEXO 1. MATRIZ DE SEGUIMIENTO'!#REF! -> #REF! | E7: =D7/C7*100 -> #REF! | O7: 0
C8: ='ANEXO 1. MATRIZ DE SEGUIMIENTO'!#REF! -> #REF! | D8: ='ANEXO 1. MATRIZ DE SEGUIMIENTO'!#REF! -> #REF! | E8: =D8/C8*100 -> #REF! | O8: 0
C9: ='ANEXO 1. MATRIZ DE SEGUIMIENTO'!#REF! -> #REF! | D9: ='ANEXO 1. MATRIZ DE SEGUIMIENTO'!#REF! -> #REF! | E9: =D9/C9*100 -> #REF! | O9: 0
C10: ='ANEXO 1. MATRIZ DE SEGUIMIENTO'!#REF! -> #REF! | D10: ='ANEXO 1. MATRIZ DE SEGUIMIENTO'!#REF! -> #REF! | E10: =D10/C10*100 -> #REF! | O10: 0
C11: ='ANEXO 1. MATRIZ DE SEGUIMIENTO'!#REF! -> #REF! | D11: ='ANEXO 1. MATRIZ DE SEGUIMIENTO'!#REF! -> #REF! | E11: 100 | O11: 1
C12: ='ANEXO 1. MATRIZ DE SEGUIMIENTO'!#REF! -> #REF! | D12: ='ANEXO 1. MATRIZ DE SEGUIMIENTO'!#REF! -> #REF! | E12: =D12/C12*100 -> #REF! | O12: 1
C13: ='ANEXO 1. MATRIZ DE SEGUIMIENTO'!#REF! -> #REF! | D13: ='ANEXO 1. MATRIZ DE SEGUIMIENTO'!#REF! -> #REF! | E13: =D13/C13*100 -> #REF! | O13: 0
C14: ='ANEXO 1. MATRIZ DE SEGUIMIENTO'!#REF! -> #REF! | D14: ='ANEXO 1. MATRIZ DE SEGUIMIENTO'!#REF! -> #REF! | E14: =D14/C14*100 -> #REF! | O14: 0
B15: =[2]Hoja1!F172 -> 6.1.3 Implementación del programa pedagógico a los proyectos corporativos PROCEDAS Y PRAES. | C15: ='ANEXO 1. MATRIZ DE SEGUIMIENTO'!#REF! -> #REF! | D15: ='ANEXO 1. MATRIZ DE SEGUIMIENTO'!#REF! -> #REF! | E15: 100 | I15: ='ANEXO 1. MATRIZ DE SEGUIMIENTO'!#REF! -> #REF! | J15: ='ANEXO 1. MATRIZ DE SEGUIMIENTO'!#REF! -> #REF! | K15: =J15/I15*100 -> #REF! | O15: 0
B16: =[2]Hoja1!F173 -> 6.1.4 Impulso a la formación y dinamización de promotores ambientales | C16: ='ANEXO 1. MATRIZ DE SEGUIMIENTO'!#REF! -> #REF! | D16: ='ANEXO 1. MATRIZ DE SEGUIMIENTO'!#REF! -> #REF! | E16: =D16/C16*100 -> #REF! | I16: ='ANEXO 1. MATRIZ DE SEGUIMIENTO'!#REF! -> #REF! | J16: ='ANEXO 1. MATRIZ DE SEGUIMIENTO'!#REF! -> #REF! | K16: =J16/I16*100 -> #REF! | O16: 0
B17: =[2]Hoja1!F174 -> 6.1.5 Impulso a la formación de veedores ambientales para forlatecer los sistemas de veedurias. | C17: ='ANEXO 1. MATRIZ DE SEGUIMIENTO'!#REF! -> #REF! | D17: ='ANEXO 1. MATRIZ DE SEGUIMIENTO'!#REF! -> #REF! | E17: =D17/C17*100 -> #REF! | I17: ='ANEXO 1. MATRIZ DE SEGUIMIENTO'!#REF! -> #REF! | J17: ='ANEXO 1. MATRIZ DE SEGUIMIENTO'!#REF! -> #REF! | K17: =J17/I17*100 -> #REF! | O17: 0
B18: =[2]Hoja1!F175 -> 6.1.6 Conmemoraciones, exaltaciones ambientales y formación de periodistas y comunicadores regionales para el fortalecimiento de la cultura ambiental. | C18: ='ANEXO 1. MATRIZ DE SEGUIMIENTO'!#REF! -> #REF! | D18: ='ANEXO 1. MATRIZ DE SEGUIMIENTO'!#REF! -> #REF! | E18: =D18/C18*100 -> #REF! | I18: ='ANEXO 1. MATRIZ DE SEGUIMIENTO'!#REF! -> #REF! | J18: ='ANEXO 1. MATRIZ DE SEGUIMIENTO'!#REF! -> #REF! | K18: =J18/I18*100 -> #REF! | O18: 0
B19: =[2]Hoja1!F176 -> 6.1.7 Fortalecimiento del proceso de educación y comunicación del riesgo | C19: ='ANEXO 1. MATRIZ DE SEGUIMIENTO'!#REF! -> #REF! | D19: ='ANEXO 1. MATRIZ DE SEGUIMIENTO'!#REF! -> #REF! | E19: =D19/C19*100 -> #REF! | I19: ='ANEXO 1. MATRIZ DE SEGUIMIENTO'!#REF! -> #REF! | J19: ='ANEXO 1. MATRIZ DE SEGUIMIENTO'!#REF! -> #REF! | K19: =J19/I19*100 -> #REF! | O19: 0
C20: ='ANEXO 1. MATRIZ DE SEGUIMIENTO'!#REF! -> #REF! | D20: ='ANEXO 1. MATRIZ DE SEGUIMIENTO'!#REF! -> #REF! | E20: =D20/C20*100 -> #REF! | O20: 0
C21: ='ANEXO 1. MATRIZ DE SEGUIMIENTO'!#REF! -> #REF! | D21: ='ANEXO 1. MATRIZ DE SEGUIMIENTO'!#REF! -> #REF! | E21: =D21/C21*100 -> #REF! | O21: 0
B22: =[2]Hoja1!F179 -> 6.1.8 Educación ambiental para la conservación de sitios turísticos o ecosistemas sensibles. | C22: ='ANEXO 1. MATRIZ DE SEGUIMIENTO'!#REF! -> #REF! | D22: ='ANEXO 1. MATRIZ DE SEGUIMIENTO'!#REF! -> #REF! | E22: =D22/C22*100 -> #REF! | I22: ='ANEXO 1. MATRIZ DE SEGUIMIENTO'!#REF! -> #REF! | J22: ='ANEXO 1. MATRIZ DE SEGUIMIENTO'!#REF! -> #REF! | K22: =J22/I22*100 -> #REF! | O22: 0
A23: TOTALES | C23: =SUM(C5:C22) -> #REF! | D23: =SUM(D5:D22) -> #REF! | E23: =SUM(D23/C23*100) -> #REF! | I23: =SUM(I5:I22) -> #REF! | J23: =SUM(J5:J22) -> #REF! | K23: =SUM(J23/I23*100) -> #REF!

Sheet P7
A1: 7 : MEJORAMIENTO Y FORTALECIMIENTO INSTITUCIONAL DE LA CORPORACIÓN AUTONOMA REGIONAL DEL CESAR.
F2: ='P6'!F2:H2 -> POR PROYECTO | I2: ='P6'!I2:K2 -> POR ACTIVIDAD
A3: PROYECTO | B3: ACTIVIDADES | C3: EJECUCIÓN FÍSICA 2010 | I3: EJECUCIÓN FINANCIERA 2010
C4: META PROGRAMADA | D4: META EJECUTADA | E4: PORCENTAJE EJECUCIÓN | F4: =I4 -> META PROGRAMADA | G4: =J4 -> META EJECUTADA | H4: =K4 -> PORCENTAJE EJECUCIÓN | I4: META PROGRAMADA | J4: META EJECUTADA | K4: PORCENTAJE EJECUCIÓN
A5: =[2]Hoja1!C181 -> 7.1. Mejoramiento institucional a través de acciones de fortalecimiento que permitan aumentar la productividad y la prestación de servicios. | B5: =[2]Hoja1!F182 -> 7.1.2 Apoyo profesional y técnico para la gestión misional de la Oficina de Control Interno | C5: ='ANEXO 1. MATRIZ DE SEGUIMIENTO'!#REF! -> #REF! | D5: ='ANEXO 1. MATRIZ DE SEGUIMIENTO'!#REF! -> #REF! | E5: =D5/C5*100 -> #REF! | F5: ='ANEXO 1. MATRIZ DE SEGUIMIENTO'!#REF! -> #REF! | G5: ='ANEXO 1. MATRIZ DE SEGUIMIENTO'!#REF! -> #REF! | H5: =G5/F5*100 -> #REF! | I5: ='ANEXO 1. MATRIZ DE SEGUIMIENTO'!#REF! -> #REF! | J5: ='ANEXO 1. MATRIZ DE SEGUIMIENTO'!#REF! -> #REF! | K5: =J5/I5*100 -> #REF! | O5: 2
B6: =[2]Hoja1!F186 -> 7.1.6 Bienestar social de los funcionarios, capacitación, recreación y salud ocupacional | C6: ='ANEXO 1. MATRIZ DE SEGUIMIENTO'!#REF! -> #REF! | D6: ='ANEXO 1. MATRIZ DE SEGUIMIENTO'!#REF! -> #REF! | E6: =D6/C6*100 -> #REF! | I6: ='ANEXO 1. MATRIZ DE SEGUIMIENTO'!#REF! -> #REF! | J6: ='ANEXO 1. MATRIZ DE SEGUIMIENTO'!#REF! -> #REF! | K6: =J6/I6*100 -> #REF! | O6: 0
C7: ='ANEXO 1. MATRIZ DE SEGUIMIENTO'!#REF! -> #REF! | D7: ='ANEXO 1. MATRIZ DE SEGUIMIENTO'!#REF! -> #REF! | E7: =D7/C7*100 -> #REF! | O7: 1
C8: ='ANEXO 1. MATRIZ DE SEGUIMIENTO'!#REF! -> #REF! | D8: ='ANEXO 1. MATRIZ DE SEGUIMIENTO'!#REF! -> #REF! | E8: =D8/C8*100 -> #REF! | O8: 0
C9: ='ANEXO 1. MATRIZ DE SEGUIMIENTO'!#REF! -> #REF! | D9: ='ANEXO 1. MATRIZ DE SEGUIMIENTO'!#REF! -> #REF! | E9: =D9/C9*100 -> #REF! | O9: 0
B10: =[2]Hoja1!F190 -> 7.1.7 Adecuación, construcción, adquisición y/o mejoramiento de la infraestructura de la entidad. | C10: ='ANEXO 1. MATRIZ DE SEGUIMIENTO'!#REF! -> #REF! | D10: ='ANEXO 1. MATRIZ DE SEGUIMIENTO'!#REF! -> #REF! | E10: =D10/C10*100 -> #REF! | I10: ='ANEXO 1. MATRIZ DE SEGUIMIENTO'!#REF! -> #REF! | J10: ='ANEXO 1. MATRIZ DE SEGUIMIENTO'!#REF! -> #REF! | K10: =J10/I10*100 -> #REF! | O10: 1
B11: =[2]Hoja1!F193 -> 7.1.8 Dotación y modernización de elementos y soportes fisicos de los espacios de trabajo según requerimientos y recursos disponibles. | C11: ='ANEXO 1. MATRIZ DE SEGUIMIENTO'!#REF! -> #REF! | D11: ='ANEXO 1. MATRIZ DE SEGUIMIENTO'!#REF! -> #REF! | E11: 100 | I11: ='ANEXO 1. MATRIZ DE SEGUIMIENTO'!#REF! -> #REF! | J11: ='ANEXO 1. MATRIZ DE SEGUIMIENTO'!#REF! -> #REF! | K11: =J11/I11*100 -> #REF! | O11: 0
C12: ='ANEXO 1. MATRIZ DE SEGUIMIENTO'!#REF! -> #REF! | D12: ='ANEXO 1. MATRIZ DE SEGUIMIENTO'!#REF! -> #REF! | E12: 100 | O12: 0
B13: =[2]Hoja1!F195 -> 7.1.9 Fortalecimiento del SINA a través de la cooperación institucional con ASOCARS, Unidad de Enlace SNSM y SIRAP Caribe. | C13: ='ANEXO 1. MATRIZ DE SEGUIMIENTO'!#REF! -> #REF! | D13: ='ANEXO 1. MATRIZ DE SEGUIMIENTO'!#REF! -> #REF! | E13: =D13/C13*100 -> #REF! | I13: ='ANEXO 1. MATRIZ DE SEGUIMIENTO'!#REF! -> #REF! | J13: ='ANEXO 1. MATRIZ DE SEGUIMIENTO'!#REF! -> #REF! | K13: =J13/I13*100 -> #REF! | O13: 0.5
B14: =[2]Hoja1!F196 -> 7.1.10 Fortalecimiento de la gestión mediante el apoyo asistencial, técnico, profesional y especializado. | C14: ='ANEXO 1. MATRIZ DE SEGUIMIENTO'!#REF! -> #REF! | D14: ='ANEXO 1. MATRIZ DE SEGUIMIENTO'!#REF! -> #REF! | E14: =D14/C14*100 -> #REF! | I14: ='ANEXO 1. MATRIZ DE SEGUIMIENTO'!#REF! -> #REF! | J14: ='ANEXO 1. MATRIZ DE SEGUIMIENTO'!#REF! -> #REF! | K14: =J14/I14*100 -> #REF! | O14: 12
O15: 1
O16: 7
O17: 2
O18: 7
A19: =A5 -> 7.1. Mejoramiento institucional a través de acciones de fortalecimiento que permitan aumentar la productividad y la prestación de servicios. | B19: =[2]Hoja1!F201 -> 7.1.11 Implementación, operación e interporalización con otras entidades del SINA y el SIPGA del SIA_SIG. | C19: ='ANEXO 1. MATRIZ DE SEGUIMIENTO'!#REF! -> #REF! | D19: ='ANEXO 1. MATRIZ DE SEGUIMIENTO'!#REF! -> #REF! | E19: =D19/C19*100 -> #REF! | I19: ='ANEXO 1. MATRIZ DE SEGUIMIENTO'!#REF! -> #REF! | J19: ='ANEXO 1. MATRIZ DE SEGUIMIENTO'!#REF! -> #REF! | K19: =J19/I19*100 -> #REF! | O19: 0
B20: =[2]Hoja1!F202 -> 7.1.12 Operación del Gestor integral del banco de proyectos Implementado para fortalecer el proceso de formulación, seguimiento informes internos y a entes de Control (auditorías, plan de mejoramiento, otros) con todos los involucrados. | C20: ='ANEXO 1. MATRIZ DE SEGUIMIENTO'!#REF! -> #REF! | D20: ='ANEXO 1. MATRIZ DE SEGUIMIENTO'!#REF! -> #REF! | E20: =D20/C20*100 -> #REF! | I20: ='ANEXO 1. MATRIZ DE SEGUIMIENTO'!#REF! -> #REF! | J20: ='ANEXO 1. MATRIZ DE SEGUIMIENTO'!#REF! -> #REF! | K20: =J20/I20*100 -> #REF! | O20: 0.4
B21: =[2]Hoja1!F203 -> 7.1.13 Fortalecimiento de la gestión ambiental mediante la adquisición de equipos, instalación, construcción y/u operación de equipos, elementos e infraestructuras para el desarrollo de la investigación, monitoreo, control, seguimiento, mejoramiento y rehabilitación de los recursos naturales y el medio ambiente. | C21: ='ANEXO 1. MATRIZ DE SEGUIMIENTO'!#REF! -> #REF! | D21: ='ANEXO 1. MATRIZ DE SEGUIMIENTO'!#REF! -> #REF! | E21: =D21/C21*100 -> #REF! | I21: ='ANEXO 1. MATRIZ DE SEGUIMIENTO'!#REF! -> #REF! | J21: ='ANEXO 1. MATRIZ DE SEGUIMIENTO'!#REF! -> #REF! | K21: =J21/I21*100 -> #REF! | O21: 0
B22: =[2]Hoja1!F205 -> 7.1.15 Implementación o apoyo a la conformación del centro de documentación y archivo. | C22: ='ANEXO 1. MATRIZ DE SEGUIMIENTO'!#REF! -> #REF! | D22: ='ANEXO 1. MATRIZ DE SEGUIMIENTO'!#REF! -> #REF! | E22: =D22/C22*100 -> #REF! | I22: ='ANEXO 1. MATRIZ DE SEGUIMIENTO'!#REF! -> #REF! | J22: ='ANEXO 1. MATRIZ DE SEGUIMIENTO'!#REF! -> #REF! | K22: =J22/I22*100 -> #REF! | O22: 0
C23: ='ANEXO 1. MATRIZ DE SEGUIMIENTO'!#REF! -> #REF! | D23: ='ANEXO 1. MATRIZ DE SEGUIMIENTO'!#REF! -> #REF! | E23: =D23/C23*100 -> #REF! | O23: 1
